 Dungeon Crawl Stone Soup version 0.30-a0-161-gdd60e06945 (webtiles) character file.

Game seed: 2374010446632385922

754106 qw the Bringer of Light (level 27, -18/193 HPs)
             Began as a Gargoyle Fighter on Sept 27, 2022.
             Was the Champion of the Shining One.
             Killed from afar by Lom Lobon (56 damage)
             ... with a great icy blast
             ... in Pandemonium.
             The game lasted 00:39:42 (71585 turns).

qw the Bringer of Light (Gargoyle Fighter)         Turns: 71585, Time: 00:39:43

Health: -18/193    AC: 75    Str: 42      XL:     27
Magic:  16/36      EV: 15    Int: 11      God:    the Shining One [******]
Gold:   7389       SH: 31    Dex: 18 (19) Spells: 26/26 levels left

rFire   + + .      SeeInvis +    K - +12 war axe of Bodily Humours {holy, Str+7}
rCold   + . .      Faith    .    N - +2 tower shield {rC+ rF+}
rNeg    + + +      Spirit   .    O - +10 crystal plate armour "Riptoh" {rPois}
rPois   inf        Reflect  +    (helmet restricted)
rElec   +          Harm     .    C - +0 cloak "Bumem" {Will+ Slay+3}
rCorr   +          Rampage  .    g - +2 pair of gloves
Will    +++..                    p - +1 pair of boots of the Onion {rPois Regen+}
Stlth   ..........               J - amulet of reflection
HPRegen 1.22/turn                P - ring of Fanaticism {Drain rCorr AC+4 Dex+10 Stlth+}
MPRegen 0.25/turn                B - ring "Enoupeag" {rF+ Str+5 SInv}

@: mighty, about to teleport, frozen, flying, hasted, glowing, unable to read,
unable to drink, quick
A: sickness immunity, AC +20, big wings, negative energy resistance 1,
electricity resistance, torment resistance 1, petrification resistance, antennae
1, deterioration 2, low MP 1, weak 1, subdued magic 1, inability to drink after
injury 1, inability to read after injury 1, MP-powered wands
}: 6/15 runes: decaying, serpentine, silver, golden, glowing, dark
a: Renounce Religion, Divine Shield, Cleansing Flame, Summon Divine Warrior


You were in Pandemonium.
You worshipped the Shining One.
The Shining One was exalted by your worship.
You visited 11 branches of the dungeon, and saw 50 of its levels.
You visited Pandemonium 1 time, and saw 10 of its levels.
You visited the Abyss 1 time.
You also visited: Gauntlet.

You collected 11799 gold pieces.
You spent 4410 gold pieces at shops.


Innate Abilities, Weirdness & Mutations

You are immune to sickness and miasma.
Your stone body is resilient. (AC +20)
You are immune to poison.
Your large and strong wings let you fly.
You resist negative energy. (rN+)
You are resistant to electric shocks. (rElec)
You are resistant to unholy torment.
You are immune to petrification.
You have a pair of small antennae on your head.
Your body often deteriorates upon taking damage.
Your magical capacity is low. (-10% MP)
You are weak. (Str -2)
Your spells are a little easier to cast, but a little less powerful.
You occasionally lose the ability to drink potions when taking damage.
You occasionally lose the ability to read scrolls when taking damage.
You expend magic power (3 MP) to strengthen your wands.


   Skills:
 - Level 25.1 Fighting
 - Level 18.0 Axes
 - Level 13.9 Throwing
 O Level 27 Armour
 - Level 13.0 Dodging
 + Level 22.4 Shields
 O Level 27 Invocations


You had 26 spell levels left.
You didn't know any spells.
Your spell library was empty.

Inventory:

Hand Weapons
 D - the +8 mithril axe "Arga" {speed, Will+}
   (You found it on level 3 of the Tomb of the Ancients)

   Attacks with this weapon are significantly faster.
   Will:      It increases your willpower.
 K - the +12 war axe of Bodily Humours (weapon) {holy, Str+7}
   (Okawaru gifted it to you on level 14 of the Dungeon)

   It has been blessed by the Shining One to cause great damage to the undead
   and demons.
   Str:       It affects your strength (+7).
Missiles
 i - 5 silver boomerangs
 t - 8 boomerangs of dispersal
 v - 40 boomerangs
 H - 8 javelins (quivered)
Armour
 b - a +2 tower shield of protection
 c - the +0 crystal plate armour of the Lair of Beasts {rC++ Str+5 Dex-3}
   (Okawaru gifted it to you on level 4 of the Snake Pit)

   Str:       It affects your strength (+5).
   Dex:       It affects your dexterity (-3).
   rC:        It greatly protects you from cold.
 f - the +1 cloak of Starlight {*Dazzle EV+4 Stlth--}
   (You found it on level 5 of the Vaults)

   It may blind those who miss an attack against the wearer in melee combat.
   EV:        It affects your evasion (+4).
   Stlth:     It makes you much less stealthy.
 g - a +2 pair of gloves (worn)
 p - the +1 pair of boots of the Onion (worn) {rPois Regen+}
   (You found it in a Gauntlet)

   rPois:     It protects you from poison.
   Regen:     It increases your rate of health regeneration.
 z - the +15 Maxwell's patent armour {-Cast -Tele rElec Will+ rCorr}
   (Okawaru gifted it to you in a Gauntlet)

   rElec:     It insulates you from electricity.
   -Cast:     It prevents spellcasting.
   -Tele:     It prevents most forms of teleportation.
   rCorr:     It protects you from acid and corrosion.
   Will:      It increases your willpower.
 C - the +0 cloak "Bumem" (worn) {Will+ Slay+3}
   (Okawaru gifted it to you on level 4 of the Vaults)

   Slay:      It affects your accuracy & damage with ranged weapons and melee
   (+3).
   Will:      It increases your willpower.
 N - a +2 tower shield of resistance (worn)
 O - the +10 crystal plate armour "Riptoh" (worn) {rPois}
   (Okawaru gifted it to you on level 2 of the Vaults)

   rPois:     It protects you from poison.
Jewellery
 u - the ring of Soinuhou {rC+ rCorr Str+2}
   (You bought it in a shop on level 13 of the Dungeon)

   [ring of protection from cold]

   Str:       It affects your strength (+2).
   rC:        It protects you from cold.
   rCorr:     It protects you from acid and corrosion.
 B - the ring "Enoupeag" (right hand) {rF+ Str+5 SInv}
   (You found it in a Gauntlet)

   [ring of see invisible]

   Str:       It affects your strength (+5).
   rF:        It protects you from fire.
   SInv:      It lets you see invisible.
 F - the ring "Usuo" {Will- rCorr Str+6 Dex+3}
   (You found it on level 3 of the Tomb of the Ancients)

   [ring of strength]

   Str:       It affects your strength (+6).
   Dex:       It affects your dexterity (+3).
   rCorr:     It protects you from acid and corrosion.
   Will:      It decreases your willpower.
 J - an amulet of reflection (around neck)
 P - the ring of Fanaticism (left hand) {Drain rCorr AC+4 Dex+10 Stlth+}
   (You found it on level 5 of the Vaults)

   [ring of protection]

   AC:        It affects your AC (+4).
   Dex:       It affects your dexterity (+10).
   rCorr:     It protects you from acid and corrosion.
   Drain:     It drains your maximum health when unequipped.
   Stlth:     It makes you more stealthy.
 Y - a +4 ring of evasion
Wands
 y - a wand of digging (26)
Scrolls
 j - 42 scrolls of identify
 l - 10 scrolls of enchant armour
 s - 2 scrolls of brand weapon
 x - 15 scrolls of teleportation
 L - 9 scrolls of enchant weapon
Potions
 a - 24 potions of curing
 d - 16 potions of might
 e - 3 potions of magic
 h - 5 potions of haste
 m - 5 potions of resistance
 n - 8 potions of cancellation
 o - 13 potions of attraction
 r - 15 potions of lignification
 E - 6 potions of heal wounds

Dungeon Overview and Level Annotations

Branches:
Dungeon (15/15)            Temple (1/1) D:5            Lair (5/5) D:8
  Swamp (4/4) Lair:2        Snake (4/4) Lair:3        Slime (0/5) Lair:4
    Orc (2/2) D:10            Elf (0/3) Orc:2        Vaults (5/5) D:13
  Crypt (3/3) Vaults:2       Tomb (3/3) Crypt:3      Depths (4/4) D:15
    Zot (4/5) Depths:4    Gauntlet (visited)

Altars:
Ashenzari
Cheibriados
Dithmenos
Elyvilon
Fedhas
Gozag
Hepliaklqana
Kikubaaqudgha
Makhleb
Nemelex Xobeh
Okawaru
Qazlal
Ru
Sif Muna
Trog
Uskayaw
Vehumet
Wu Jian
Xom
Yredelemnul
Zin
The Shining One
Jiyva

Shops:
D:1 ?   D:4 (   D:6 =   D:9 ?   D:13 =   Orc:1 (   Orc:2 ([:*   Snake:2 *[==:
Vaults:2 [   Vaults:3 [   Vaults:5 ?=!   Depths:2 =:

Portals:
Hell: Depths:1 Depths:2 Depths:3 Depths:4
Abyss: Depths:3*
Pandemonium: Depths:2 Depths:3
Ziggurat: Depths:4

Annotations:
D:5 2 runed translucent doors, qw's ghost, novice GrFi
Lair:5 2 runed translucent doors
Depths:3 2 runed translucent doors
Pan Lom Lobon


Message History

The blast of lightning engulfs the wind drake!
You block Lom Lobon's attack.
The wind drake hisses angrily.
71581 ||| INVOKING Summon Divine Warrior.
You are momentarily dazzled by a brilliant light.
You are engulfed in whirling frost.
The ice encasing you melts away.
You slice Lom Lobon!!
Lom Lobon convulses!!
Lom Lobon is heavily wounded.
You are engulfed in whirling frost.
The wind drake dies!
The winds around Lom Lobon start to calm down.
Lom Lobon gestures at you.
Lom Lobon conjures a mighty blast of ice!
The great icy blast engulfs you!!! You partially resist.
You feel threatened and lose the ability to drink potions!
You are encased in ice.
71583 ||| READING 16 scrolls of teleportation.
As you read the scroll of teleportation, it crumbles to dust.
You feel strangely unstable.
You are engulfed in whirling frost.
The wind drake exhales a fierce blast of wind!
You are blown backwards!
Your angel is blown away by the wind.
71584 ||| INVOKING Cleansing Flame.
The golden flame engulfs you but does no damage.
You resist. The golden flame engulfs your angel.
Your angel completely resists.
Your angel is lightly wounded.
The golden flame engulfs Lom Lobon!!!!
Lom Lobon writhes in agony!
Lom Lobon is severely wounded.
You are engulfed in whirling frost.
You hear an angry hiss.
You miss Lom Lobon.
Lom Lobon is severely wounded.
You are engulfed in whirling frost.
Lom Lobon gestures at you.
Lom Lobon conjures a mighty blast of ice!
The great icy blast engulfs you!!! You partially resist.
You feel threatened and lose the ability to read scrolls!
You die...

#~.~.[~..~#
###~~~~~~###
#~.~..~..~#
##¤¤¤¤¤..~~~##
#~.~..~..~#
##¤¤¤¤¤¤....~~##
#¤¤¤¤¤¤¤.....~~#
##¤¤¤¤¤¤¤......~##
#¤¤e¤¤¤¤¤......~~#
#¤¤¤¤.¤¤¤~......~#
#¤&¤¤k¤¤¤~~.....~#
#@A¤¤.¤¤¤.~~....~#
#¤¤¤¤¤¤¤¤.~~.....#
#¤¤¤¤¤¤¤¤~~......#
#¤¤¤¤¤¤¤¤~.......#
#.¤¤0¤0¤¤¤.......#
#0¤0.............#
#................#
.......#..#....).[
##.....%


You could see Lom Lobon (gusty, ally target), a deep elf annihilator, a wind
drake (repels missiles, catching breath) and a friendly angel (summoned).

Vanquished Creatures
  Gloorx Vloq (Pan)
  Mnoleg (Pan)
  Tiamat (Zot:2)
  4 dread liches (Vaults:5)
  3 orbs of fire
  3 ancient liches
  Khufu (Tomb:1)
  2 juggernauts (Depths:4)
  25 royal mummies
  4 pandemonium lords (Pan)
  the Lernaean hydra (Swamp:4)
  Saint Roka (Depths:3)
  5 caustic shrikes (Depths:4)
  7 golden dragons
  2 Tzitzimimeh (Pan)
  A Brimstone Fiend (Pan)
  A hellephant (Pan)
  2 electric golems
  20 tentacled monstrosities
  4 Ice Fiends (Pan)
  8 liches
  A Hell Sentinel (Pan)
  Zenata (Vaults:1)
  2 walking earthen tomes (Depths:4)
  2 walking divine tomes (Depths:4)
  A walking frostbound tome (Depths:4)
  16 titans
  Grunn (Crypt:3)
  3 deep elf blademasters
  10 sphinxes
  6 deep elf master archers
  11 death cobs
  11 quicksilver dragons
  9 ancient champions
  15 Executioners (Pan)
  8 tengu reavers
  3 revenants
  18 storm dragons
  8 shadow dragons
  7 draconian monks
  4 nagarajas (Snake:4)
  8 draconian knights
  A fenstrider witch (Swamp:3)
  23 frost giants
  16 fire giants
  5 demonspawn warmongers (Pan)
  17 cacodemons (Pan)
  2 draconian scorchers
  Louise (D:15)
  4 iron dragons
  A deep elf sorcerer (Vaults:5)
  14 vault wardens
  3 spectral caustic shrikes (Depths:1)
  A caustic shrike zombie (Tomb:2)
  7 balrugs (Pan)
  10 ghouls
  3 spriggan defenders
  4 curse skulls
  5 orc warlords
  20 very ugly things
  5 draconian shifters
  4 demonspawn blood saints (Pan)
  10 draconian annihilators
  6 demonspawn corrupters (Pan)
  A broodmother (shapeshifter) (Vaults:5)
  4 war gargoyles
  A caustic shrike skeleton (Pan)
  18 ironbound preservers
  24 stone giants
  2 reapers
  11 ironbound thunderhulks
  Nessos (D:13)
  7 eleionomae
  8 vampire knights
  8 black draconians
  A deep elf demonologist (Vaults:5)
  15 bennus
  5 green draconians
  A bunyip (Swamp:1)
  10 yellow draconians
  4 demonspawn black suns (Pan)
  9 white draconians
  2 deep elf annihilators
  4 red draconians
  11 lorocyprocas (Pan)
  9 dire elephants
  A minotaur (Gauntlet)
  12 spark wasps
  11 purple draconians
  2 crystal guardians (Vaults:4)
  6 blizzard demons
  3 deep elf death magi
  An acid blob zombie (Crypt:2)
  5 eidola
  26 mummy priests
  14 ettins
  Josephine (Lair:3)
  Fannar (Lair:3)
  18 green deaths (Pan)
  14 yaktaur captains
  A shambling mangrove (Swamp:3)
  9 jiangshi
  A fenstrider witch zombie (Crypt:1)
  2 great orbs of eyes
  A deep elf high priest (Vaults:5)
  An entropy weaver (Vaults:1)
  10 fire dragons
  4 spriggan zombies
  4 hell beasts (Pan)
  6 rakshasas
  14 ice dragons
  42 vault guards
  8 spriggan air magi
  3 ogre magi (Vaults:5)
  2 ghost crabs (Swamp:3)
  2 peacekeepers (Vaults:4)
  2 salamander tyrants (Snake:4)
  11 centaur warriors
  19 hydras
  13 ironbound frosthearts
  A death knight (Crypt:1)
  5 alligators
  13 two-headed ogres
  7 boulder beetles
  8 anacondas
  18 death yaks
  14 naga warriors
  3 tengu warriors
  40 death scarabs
  4 deep troll earth magi (Depths:4)
  A thrashing horror (Abyss:3)
  3 orc high priests
  2 deep troll shamans
  10 vampire magi
  A titan zombie (D:15)
  11 spriggan berserkers
  7 shock serpents
  A shock serpent (shapeshifter) (Depths:2)
  11 hell knights
  5 naga sharpshooters
  31 sun demons (Pan)
  3 iron trolls
  8 deep elf knights
  13 soul eaters
  A fire crab (Lair:5)
  12 spriggans
  A fire crab (shapeshifter) (Vaults:5)
  A salamander mystic (Snake:3)
  21 sixfirhies
  5 shadow wraiths
  A titan skeleton (Crypt:1)
  4 goliath frogs
  A wretched star (D:14)
  2 sea snakes (Snake:3)
  A death drake (Swamp:4)
  9 shadow demons (Pan)
  29 skeletal warriors
  A spriggan druid (Swamp:4)
  A tengu zombie (D:15)
  3 flayed ghosts
  A bunyip zombie (Crypt:1)
  A storm dragon skeleton (Crypt:2)
  42 deep trolls
  7 bog bodies
  15 swamp dragons
  Pikel (D:7)
  A swamp dragon (shapeshifter) (Depths:4)
  8 naga ritualists
  2 anaconda skeletons
  10 deep elf archers
  3 glowing orange brains
  9 lindwurms
  6 wizards
  2 shadow dragon zombies
  21 orc knights
  An iron giant skeleton (Pan)
  A sphinx zombie (Depths:1)
  A golden dragon skeleton (Tomb:1)
  11 phantasmal warriors
  22 ironbound convokers
  12 deep elf zephyrmancers
  24 mana vipers
  8 harpies
  9 necromancers
  32 ugly things
  A broodmother zombie (Crypt:3)
  11 deep elf pyromancers
  4 will-o-the-wisps
  4 orc sorcerers (Orc:2)
  2 cyclopes (D:14)
  A moth of wrath (shapeshifter) (Depths:4)
  2 cyclopes (shapeshifter)
  2 stone giant skeletons
  2 wolf spiders
  5 manticores
  25 moths of wrath
  16 elephants
  2 human skeletons
  17 salamanders
  7 guardian serpents
  3 rust devils (Pan)
  A shining eye (shapeshifter) (Vaults:1)
  45 black mambas
  A dire elephant zombie (Crypt:1)
  18 vault sentinels
  4 molten gargoyles
  2 apocalypse crabs
  2 titan simulacra
  A water nymph (shapeshifter) (D:15)
  A torpor snail (Lair:5)
  28 smoke demons
  12 naga magi
  A gargoyle (D:13)
  15 cane toads
  An elf skeleton (Vaults:2)
  An unseen horror zombie (Crypt:2)
  21 orange demons
  Maggie (D:8)
  2 yaktaur zombies
  3 unseen horrors
  7 hellions (Pan)
  11 komodo dragons
  17 demonic crawlers (Pan)
  3 kobold demonologists
  A grey draconian zombie (Crypt:1)
  10 tormentors
  38 yaktaurs
  An alligator snapping turtle skeleton (Pan)
  An efreet (Pan)
  A black draconian skeleton (Crypt:2)
  4 freezing wraiths
  16 hellwings (Pan)
  A pale draconian skeleton (Crypt:1)
  4 ice devils (Pan)
  A tengu conjurer (D:14)
  2 yaktaur skeletons
  60 guardian mummies
  3 red devils (Pan)
  A white draconian skeleton (Crypt:1)
  3 spriggan skeletons
  7 trolls
  A hydra zombie (Crypt:3)
  A meliai (shapeshifter) (D:14)
  4 polar bears
  A bloated husk (Swamp:3)
  3 harpy skeletons (Pan)
  14 hornets
  6 tyrant leeches
  9 wind drakes (Pan)
  A polar bear (shapeshifter) (Vaults:5)
  12 raiju
  A slime creature (shapeshifter) (Depths:4)
  A tengu simulacrum (Vaults:2)
  29 slime creatures
  11 dream sheep
  36 blink frogs
  2 stone giant simulacra
  2 ettin zombies
  Sigmund (D:5)
  2 shadows
  A centaur simulacrum (Abyss:3)
  2 ettin skeletons
  A satyr skeleton (Crypt:3)
  8 flying skulls
  9 starcursed masses
  2 vampires
  2 water elementals (Depths:3)
  6 wyverns
  66 yaks
  7 wraiths
  A yak (shapeshifter) (D:13)
  30 ynoxinuls
  A fire elemental (Abyss:3)
  9 basilisks
  17 ushabtiu
  6 golden eyes (Pan)
  19 vampire mosquitoes
  6 wargs
  33 neqoxecs
  29 large abominations
  3 steam dragons
  A catoblepas simulacrum (Crypt:1)
  14 chaos spawn
  A harpy simulacrum (D:14)
  49 nagas
  A glowing shapeshifter zombie (D:15)
  Edmund (D:6)
  15 swamp worms
  Menkaure (D:5)
  4 acid dragons
  4 hell hounds (Lair:5)
  A naga zombie (Tomb:2)
  A small abomination (Abyss:3)
  A deep troll skeleton (Crypt:3)
  17 water moccasins
  A floating eye (Depths:4)
  50 orc warriors
  6 swamp drakes (Swamp:4)
  A fire bat skeleton (Crypt:3)
  4 black bears (Lair:1)
  A hog zombie (Crypt:2)
  A black bear (shapeshifter) (D:14)
  5 ogres
  A boggart (D:14)
  2 ice beasts
  3 human zombies
  14 wolves
  16 centaurs
  An elephant skeleton (Crypt:2)
  2 phantoms
  A lemure (D:7)
  Blork the orc (D:5)
  5 kobold brigands
  12 bullfrogs
  3 necrophages (Crypt:1)
  A glowing shapeshifter simulacrum (Vaults:3)
  3 scorpions
  5 wights (D:9)
  A hornet simulacrum (D:14)
  A warg skeleton (Crypt:1)
  6 killer bees (D:8)
  5 electric eels
  2 yak skeletons (Crypt:2)
  A polar bear skeleton (Crypt:3)
  3 howler monkeys
  4 crimson imps (D:10)
  5 lava snakes (Lair:5)
  21 orc priests
  6 hounds
  3 jellies
  5 iguanas
  28 orc wizards
  2 lightning spires (Gauntlet)
  A tengu skeleton (Crypt:2)
  53 mummies
  Robin (D:3)
  4 gnolls (D:4)
  A steam dragon zombie (Crypt:1)
  4 adders
  3 white imps
  2 ufetubi
  An iguana zombie (Crypt:1)
  A lava snake skeleton (Crypt:2)
  5 dart slugs
  105 orcs
  4 bats
  A bat skeleton (Crypt:1)
  7 endoplasms
  4 giant cockroaches
  14 goblins
  8 hobgoblins
  3 jackals (D:2)
  4 quokkas
  12 ball pythons
  3 frilled lizards
  22 kobolds
  6 rats
  3 butterflies (Lair:4)
2859 creatures vanquished.

Vanquished Creatures (collateral kills)
  Ignacio (Pan)
  8 royal mummies
  2 pandemonium lords (Pan)
  2 doom hounds (Crypt:3)
  A lich (Pan)
  4 titans
  A deep elf master archer (Tomb:2)
  3 Executioners (Pan)
  A storm dragon (Pan)
  3 fire giants
  A cacodemon (Pan)
  A curse skull (Pan)
  2 ghouls (Crypt:3)
  2 draconian annihilators (Pan)
  4 stone giants
  A very ugly thing (Pan)
  A bennu (Tomb:3)
  2 lorocyprocas (Pan)
  A red draconian (Tomb:1)
  5 blizzard demons (Pan)
  8 mummy priests
  3 green deaths (Pan)
  2 rakshasas (Pan)
  2 spriggan skeletons (Pan)
  4 death scarabs (Tomb:1)
  2 vampire magi (Crypt:2)
  3 deep elf knights
  4 soul eaters (Pan)
  A shadow wraith (Pan)
  3 sun demons (Pan)
  A sixfirhy (Pan)
  5 deep elf archers
  4 glowing orange brains (Pan)
  2 bog bodies (Crypt:3)
  A shadow demon (Pan)
  A phantasmal warrior (Crypt:2)
  A wizard (Pan)
  A deep elf zephyrmancer (Tomb:1)
  A deep elf pyromancer (Crypt:3)
  An iron dragon skeleton (Tomb:3)
  A goliath frog skeleton (Crypt:3)
  A centaur zombie (Tomb:3)
  A dire elephant zombie (Tomb:3)
  6 smoke demons (Pan)
  3 orange demons (Pan)
  A dire elephant skeleton (Pan)
  A hellion (Pan)
  2 hellwings (Pan)
  11 guardian mummies
  3 wind drakes (Pan)
  A fire dragon zombie (Crypt:3)
  An ettin skeleton (Pan)
  4 flying skulls
  6 ynoxinuls (Pan)
  8 ushabtiu
  2 large abominations (Pan)
  4 neqoxecs (Pan)
  A necrophage (Crypt:3)
  7 mummies
  A howler monkey skeleton (Crypt:3)
  A bat zombie (Crypt:3)
162 creatures vanquished.

Vanquished Creatures (others)
  An Executioner (Pan)
  2 fire giants (Tomb:1)
  A mummy priest (Tomb:1)
  A naga warrior (Snake:2)
  A salamander mystic (Snake:4)
  A swamp dragon (Swamp:4)
  2 wizards
  An ironbound convoker (Vaults:4)
  A deep elf zephyrmancer (Crypt:3)
  A hellion (Pan)
  An ancient zyme (Abyss:3)
  A bloated husk (Swamp:4)
  A wind drake (Pan)
  2 water elementals (Abyss:3)
  A small abomination (Abyss:3)
  A shadow imp (Gauntlet)
  6 ball lightnings (Pan)
  24 demonic plants (Gauntlet)
  17 foxfires
  14 fungi
  A lurking horror (Abyss:3)
  45 plants
  2 starspawn tentacles (Abyss:3)
  20 toadstools (Lair:5)
  2 withered plants (D:15)
150 creatures vanquished.

Grand Total: 3171 creatures vanquished

Notes
Turn   | Place    | Note
-------+----------+-------------------------------------------
     0 | D:1      | qw the Gargoyle Fighter began the quest for the Orb.
     0 | D:1      | Reached XP level 1. HP: 14/14 MP: 1/1
     0 | D:1      | 0 ||| qw: Version: 0.2-a-10-g37ed214
     0 | D:1      | 0 ||| qw: Game counter: 695
     0 | D:1      | 0 ||| qw: Always use a shield: true
     0 | D:1      | 0 ||| qw: God list: Okawaru
     0 | D:1      | 0 ||| qw: Allow faded altars: false
     0 | D:1      | 0 ||| qw: Do Orc after D:15 true
     0 | D:1      | 0 ||| qw: Do second Lair branch before Depths: true
     0 | D:1      | 0 ||| qw: Lair rune preference: random
     0 | D:1      | 0 ||| qw: Plans: Normal, Zot:1-4, God:TSO, Crypt, Tomb,
                  | Pan, Slime:5, Hells, Abyss, Orb
     0 | D:1      | 0 ||| PLANNING D:1-11
    15 | D:1      | 15 ||| Stepping ~*~*~tactically~*~*~ (stealth).
   106 | D:1      | Reached XP level 2. HP: 12/19 MP: 2/2
   567 | D:1      | Found Tatulagh's Magic Scroll Shoppe.
   580 | D:1      | 580 ||| SHOPLISTING 2 scrolls of teleportation (78 gold,
                  | have 16).
   580 | D:1      | 580 ||| SHOPLISTING scroll of enchant weapon (97 gold, have
                  | 16).
   580 | D:1      | 580 ||| SHOPLISTING scroll of identify (26 gold, have 16).
   944 | D:1      | Reached skill level 3 in Axes
   955 | D:1      | Reached XP level 3. HP: 18/23 MP: 3/3
  1337 | D:1      | Found a faded altar of an unknown god.
  1340 | D:1      | 1340 ||| UPGRADING to +0 pair of gloves.
  1345 | D:1      | 1345 ||| UPGRADING to +6 ring of strength.
  1346 | D:1      | 1346 ||| READING scroll labelled MYSYOM PONN.
  1347 | D:1      | 1347 ||| READING scroll labelled UFEELAORUGH.
  1348 | D:1      | 1348 ||| READING scroll labelled FEGULA AMERUI.
  1349 | D:1      | 1349 ||| DRINKING 2 grey potions.
  1450 | D:1      | 1450 ||| DROPPING potion of ambrosia.
  1480 | D:2      | 1480 ||| Stepping ~*~*~tactically~*~*~ (stealth).
  1576 | D:2      | 1576 ||| Stepping ~*~*~tactically~*~*~ (hiding).
  1681 | D:2      | 1681 ||| Stepping ~*~*~tactically~*~*~ (stealth).
  1682 | D:2      | 1682 ||| Stepping ~*~*~tactically~*~*~ (stealth).
  1958 | D:2      | Reached XP level 4. HP: 28/28 MP: 4/4
  1966 | D:2      | 1966 ||| READING scroll of enchant armour.
  1966 | D:2      | 1966 ||| ENCHANTING +0 pair of gloves.
  2020 | D:2      | 2020 ||| Stepping ~*~*~tactically~*~*~ (hiding).
  2229 | D:2      | 2229 ||| Stepping ~*~*~tactically~*~*~ (hiding).
  2352 | D:2      | 2352 ||| READING scroll of enchant armour.
  2352 | D:2      | 2352 ||| ENCHANTING +1 pair of gloves.
  2382 | D:2      | 2382 ||| Stepping ~*~*~tactically~*~*~ (hiding).
  2397 | D:2      | 2397 ||| Stepping ~*~*~tactically~*~*~ (stealth).
  2782 | D:2      | 2782 ||| DROPPING +2 pair of gloves.
  2783 | D:2      | 2783 ||| READING 3 scrolls labelled WOAXYI WIUDADD.
  2787 | D:2      | 2787 ||| READING scroll labelled HIAM EBACIRCH.
  2834 | D:2      | 2834 ||| READING 2 scrolls of identify.
  2834 | D:2      | 2834 ||| IDENTIFYING sapphire potion
  3077 | D:3      | 3077 ||| Stepping ~*~*~tactically~*~*~ (stealth).
  3088 | D:3      | 3088 ||| Stepping ~*~*~tactically~*~*~ (stealth).
  3090 | D:3      | 3090 ||| Stepping ~*~*~tactically~*~*~ (stealth).
  3091 | D:3      | Noticed Robin
  3092 | D:3      | 3092 ||| Stepping ~*~*~tactically~*~*~ (stealth).
  3096 | D:3      | 3096 ||| Stepping ~*~*~tactically~*~*~ (stealth).
  3118 | D:3      | Killed Robin
  3286 | D:3      | Paralysed by a kobold for 2 turns
  3291 | D:3      | Reached XP level 5. HP: 30/32 MP: 5/5
  3373 | D:3      | Found a broken altar of Ashenzari.
  3440 | D:3      | Identified the +1 helmet "Qodur" {Harm Will+}
  3535 | D:3      | 3535 ||| Stepping ~*~*~tactically~*~*~ (stealth).
  3536 | D:3      | 3536 ||| Stepping ~*~*~tactically~*~*~ (stealth).
  3571 | D:3      | 3571 ||| UPGRADING to +0 helmet.
  3576 | D:3      | 3576 ||| READING 2 scrolls labelled KIWUNIURGHO.
  3577 | D:3      | 3577 ||| READING scroll labelled LAOCHU ELUNG.
  3578 | D:3      | 3578 ||| READING scroll labelled WYAMMIG QOMI.
  3579 | D:3      | 3579 ||| DROPPING scroll of magic mapping.
  3746 | D:4      | 3746 ||| Stepping ~*~*~tactically~*~*~ (stealth).
  3747 | D:4      | 3747 ||| Stepping ~*~*~tactically~*~*~ (stealth).
  3793 | D:4      | Found a white marble altar of Elyvilon.
  3799 | D:4      | Noticed a water moccasin
  3810 | D:4      | Killed a water moccasin
  3811 | D:4      | Reached XP level 6. HP: 24/37 MP: 6/6
  4110 | D:4      | Reached skill level 1 in Throwing
  4110 | D:4      | HP: 4/37 [gnoll/+2 whip of electrocution (6)]
  4111 | D:4      | 4111 ||| READING 2 scrolls of teleportation.
  4112 | D:4      | 4112 ||| DRINKING potion of heal wounds.
  4225 | D:4      | Reached skill level 1 in Dodging
  4230 | D:4      | Found Daqil's Antique Weapon Emporium.
  4315 | D:4      | 4315 ||| Stepping ~*~*~tactically~*~*~ (stealth).
  4325 | D:4      | 4325 ||| DROPPING +0 whip.
  4390 | D:4      | 4390 ||| BUYING glowing mace (168 gold).
  4390 | D:4      | Bought a glowing mace for 168 gold pieces
  4390 | D:4      | 4390 ||| DROPPING +2 mace of venom.
  4646 | D:4      | 4646 ||| Stepping ~*~*~tactically~*~*~ (stealth).
  4815 | D:4      | 4815 ||| DRINKING 2 bubbling golden potions.
  4815 | D:4      | Gained mutation: You have a pair of small horns on your
                  | head. [potion of mutation]
  4815 | D:4      | Gained mutation: You are frail. (-10% HP) [potion of
                  | mutation]
  4816 | D:4      | 4816 ||| DRINKING potion of mutation.
  4816 | D:4      | Lost mutation: You are frail. (-10% HP) [potion of
                  | mutation]
  4816 | D:4      | Lost mutation: You have a pair of small horns on your head.
                  | [potion of mutation]
  4816 | D:4      | Gained mutation: Your mind is acute. (Int +4, Str/Dex -1)
                  | [potion of mutation]
  4816 | D:4      | Gained mutation: You have sharp toenails. [potion of
                  | mutation]
  4846 | D:4      | 4846 ||| UPGRADING to +0 helmet.
  4893 | D:5      | Entered Level 5 of the Dungeon
  4908 | D:5      | Reached XP level 7. HP: 36/44 MP: 7/7
  4972 | D:5      | Noticed Blork the orc
  4973 | D:5      | 4973 ||| Stepping ~*~*~tactically~*~*~ (hiding).
  4988 | D:5      | Killed Blork the orc
  4989 | D:5      | Reached skill level 6 in Axes
  5062 | D:5      | 5062 ||| Stepping ~*~*~tactically~*~*~ (stealth).
  5158 | D:5      | Found a staircase to the Ecumenical Temple.
  5159 | D:5      | 5159 ||| PLANNING TEMPLE
  5164 | D:5      | 5164 ||| FLEEEEING.
  5165 | D:5      | 5165 ||| FLEEEEING.
  5166 | D:5      | 5166 ||| FLEEEEING.
  5169 | D:5      | 5169 ||| FLEEEEING.
  5170 | D:5      | 5170 ||| FLEEEEING.
  5171 | D:5      | 5171 ||| FLEEEEING.
  5173 | D:5      | 5173 ||| FLEEEEING.
  5174 | D:5      | 5174 ||| STAIRDANCE
  5183 | D:5      | 5183 ||| STAIRDANCE
  5267 | Temple   | Entered the Ecumenical Temple
  5267 | Temple   | Found a transporter.
  5267 | Temple   | Found a transporter.
  5269 | Temple   | Found a transporter.
  5269 | Temple   | Found a transporter.
  5279 | Temple   | 5279 ||| PLANNING D:1-11
  5349 | Temple   | 5349 ||| PLANNING OKAWARU WORSHIP
  5349 | Temple   | Became a worshipper of Warmaster Okawaru
  5350 | Temple   | 5350 ||| PLANNING D:1-11
  5431 | D:5      | 5431 ||| READING scroll of enchant armour.
  5431 | D:5      | 5431 ||| ENCHANTING +0 helmet.
  5506 | D:5      | Noticed Menkaure
  5507 | D:5      | 5507 ||| Stepping ~*~*~tactically~*~*~ (hiding).
  5509 | D:5      | 5509 ||| Stepping ~*~*~tactically~*~*~ (hiding).
  5514 | D:5      | Killed Menkaure
  5524 | D:5      | Noticed Sigmund
  5525 | D:5      | 5525 ||| Stepping ~*~*~tactically~*~*~ (stealth).
  5537 | D:5      | 5537 ||| Stepping ~*~*~tactically~*~*~ (hiding).
  5542 | D:5      | Killed Sigmund
  5543 | D:5      | Reached XP level 8. HP: 50/51 MP: 8/8
  5619 | D:5      | 5619 ||| SWAPPING to +0 broad axe.
  5620 | D:5      | 5620 ||| DROPPING +0 war axe.
  5656 | D:5      | 5656 ||| Stepping ~*~*~tactically~*~*~ (stealth).
  5661 | D:5      | Reached * piety under Okawaru
  5684 | D:5      | Found a large runed translucent door.
  5684 | D:5      | Found a large runed translucent door.
  5686 | D:5      | Noticed qw's ghost (novice GrFi)
  5714 | D:5      | Reached skill level 1 in Invocations
  5863 | D:5      | 5863 ||| UPGRADING to ring of willpower.
  5864 | D:5      | 5864 ||| READING 2 scrolls of identify.
  5864 | D:5      | 5864 ||| IDENTIFYING murky silvery potion
  5865 | D:5      | 5865 ||| DROPPING potion of degeneration.
  5967 | D:6      | Noticed Edmund
  5968 | D:6      | 5968 ||| INVOKING Heroism.
  5984 | D:6      | 5984 ||| INVOKING Heroism.
  5986 | D:6      | Killed Edmund
  6377 | D:6      | Found a basalt altar of Yredelemnul.
  6501 | D:6      | Found Fude's Jewellery Emporium.
  6510 | D:6      | 6510 ||| SHOPLISTING +6 ring of dexterity (432 gold, have
                  | 167).
  6510 | D:6      | 6510 ||| SHOPLISTING +6 ring of strength (432 gold, have
                  | 167).
  6510 | D:6      | 6510 ||| SHOPLISTING ring of positive energy (240 gold,
                  | have 167).
  6510 | D:6      | 6510 ||| SHOPLISTING ring of protection from fire (300
                  | gold, have 167).
  6510 | D:6      | 6510 ||| SHOPLISTING ring of see invisible (180 gold, have
                  | 167).
  6584 | D:6      | Reached skill level 6 in Fighting
  6584 | D:6      | Reached skill level 3 in Invocations
  6698 | D:6      | 6698 ||| UPGRADING to +0 chain mail.
  6708 | D:6      | 6708 ||| DROPPING +0 scale mail.
  6709 | D:6      | 6709 ||| READING 6 scrolls of identify.
  6709 | D:6      | 6709 ||| IDENTIFYING lumpy blue potion
  6710 | D:6      | 6710 ||| READING 5 scrolls of identify.
  6710 | D:6      | 6710 ||| IDENTIFYING lumpy cyan potion
  6747 | D:7      | 6747 ||| INVOKING Heroism.
  6768 | D:7      | 6768 ||| DROPPING +2 whip of electrocution.
  6794 | D:7      | Reached XP level 9. HP: 55/55 MP: 10/12
  6857 | D:7      | 6857 ||| READING scroll of enchant armour.
  6857 | D:7      | 6857 ||| ENCHANTING +1 helmet.
  6932 | D:7      | 6932 ||| Stepping ~*~*~tactically~*~*~ (stealth).
  6942 | D:7      | Noticed Pikel
  6956 | D:7      | 6956 ||| FLEEEEING.
  6957 | D:7      | 6957 ||| FLEEEEING.
  6958 | D:7      | 6958 ||| FLEEEEING.
  6959 | D:7      | 6959 ||| FLEEEEING.
  6960 | D:7      | 6960 ||| FLEEEEING.
  6961 | D:7      | 6961 ||| FLEEEEING.
  6962 | D:7      | 6962 ||| FLEEEEING.
  6963 | D:7      | 6963 ||| FLEEEEING.
  6964 | D:7      | 6964 ||| FLEEEEING.
  6966 | D:7      | 6966 ||| FLEEEEING.
  6969 | D:7      | 6969 ||| FLEEEEING.
  6970 | D:7      | 6970 ||| STAIRDANCE
  7015 | D:6      | 7015 ||| UPGRADING to +0 plate armour of fire resistance.
  7025 | D:6      | 7025 ||| DROPPING +0 chain mail.
  7026 | D:6      | 7026 ||| READING scroll labelled KOIZIP MAMEU.
  7027 | D:6      | 7027 ||| READING scroll labelled YNAUST LOTOIQUZXAO.
  7030 | D:7      | 7030 ||| INVOKING Heroism.
  7036 | D:7      | Killed Pikel
  7036 | D:7      | Reached ** piety under Okawaru
  7037 | D:7      | Reached skill level 6 in Armour
  7128 | D:7      | Found an opulent altar of Gozag.
  7256 | D:7      | Found a bloodstained altar of Trog.
  7277 | D:7      | Found a stormy altar of Qazlal.
  7277 | D:7      | Found an ancient bone altar of Kikubaaqudgha.
  7294 | D:7      | 7294 ||| DROPPING scarf of shadows.
  7295 | D:7      | 7295 ||| DRINKING 2 viscous clear potions.
  7465 | D:8      | 7465 ||| INVOKING Heroism.
  7466 | D:8      | Noticed a troll
  7467 | D:8      | Found a staircase to the Lair.
  7473 | D:8      | Killed a troll
  7474 | D:8      | Reached skill level 9 in Axes
  7474 | D:8      | Reached *** piety under Okawaru
  7482 | D:8      | 7482 ||| Stepping ~*~*~tactically~*~*~ (water).
  7488 | D:8      | Reached XP level 10. HP: 40/64 MP: 13/13
  7491 | D:8      | 7491 ||| INVOKING Heroism.
  7494 | D:8      | HP: 10/64 [yak (11)]
  7495 | D:8      | 7495 ||| READING scroll of teleportation.
  7498 | D:8      | Reached **** piety under Okawaru
  7547 | D:8      | 7547 ||| Stepping ~*~*~tactically~*~*~ (stealth).
  7549 | D:8      | 7549 ||| Stepping ~*~*~tactically~*~*~ (stealth).
  7550 | D:8      | 7550 ||| INVOKING Heroism.
  7829 | D:8      | 7829 ||| Stepping ~*~*~tactically~*~*~ (hiding).
  7830 | D:8      | 7830 ||| Stepping ~*~*~tactically~*~*~ (hiding).
  7922 | D:8      | 7922 ||| INVOKING Heroism.
  8063 | D:8      | 8063 ||| INVOKING Heroism.
  8122 | D:8      | Noticed Maggie
  8123 | D:8      | 8123 ||| Stepping ~*~*~tactically~*~*~ (hiding).
  8130 | D:8      | 8130 ||| INVOKING Heroism.
  8133 | D:8      | Killed Maggie
  8333 | D:8      | 8333 ||| Stepping ~*~*~tactically~*~*~ (stealth).
  8335 | D:8      | 8335 ||| Stepping ~*~*~tactically~*~*~ (stealth).
  8349 | D:8      | 8349 ||| INVOKING Heroism.
  8434 | D:8      | 8434 ||| Stepping ~*~*~tactically~*~*~ (stealth).
  8485 | D:8      | 8485 ||| Stepping ~*~*~tactically~*~*~ (stealth).
  8486 | D:8      | 8486 ||| Stepping ~*~*~tactically~*~*~ (stealth).
  8651 | D:8      | 8651 ||| PLANNING LAIR
  8651 | D:8      | 8651 ||| UPGRADING to +2 cloak.
  8656 | D:8      | 8656 ||| DROPPING amulet of guardian spirit.
  8657 | D:8      | 8657 ||| READING 6 scrolls of identify.
  8657 | D:8      | 8657 ||| IDENTIFYING viscous cyan potion
  8658 | D:8      | 8658 ||| DROPPING potion of berserk rage.
  8698 | Lair:1   | Entered Level 1 of the Lair of Beasts
  8824 | Lair:1   | Noticed a black mamba
  8825 | Lair:1   | 8825 ||| INVOKING Heroism.
  8829 | Lair:1   | Killed a black mamba
  8830 | Lair:1   | Reached skill level 6 in Invocations
  8917 | Lair:1   | Reached ***** piety under Okawaru
  8951 | Lair:1   | You fall into a shaft and drop 1 floor!
  8976 | Lair:2   | Noticed a boulder beetle
  8977 | Lair:2   | 8977 ||| INVOKING Heroism.
  8978 | Lair:2   | 8978 ||| INVOKING Finesse.
  9007 | Lair:2   | Killed a boulder beetle
  9091 | Lair:2   | Noticed a cane toad
  9092 | Lair:2   | 9092 ||| INVOKING Heroism.
  9100 | Lair:2   | Killed a cane toad
  9109 | Lair:2   | 9109 ||| INVOKING Heroism.
  9120 | Lair:2   | Reached XP level 11. HP: 57/68 MP: 14/16
  9171 | Lair:2   | 9171 ||| INVOKING Heroism.
  9281 | Lair:2   | 9281 ||| DROPPING amulet of faith.
  9308 | Lair:1   | 9308 ||| INVOKING Heroism.
  9312 | Lair:1   | 9312 ||| Stepping ~*~*~tactically~*~*~ (stealth).
  9756 | Lair:1   | 9756 ||| Stepping ~*~*~tactically~*~*~ (stealth).
  9880 | Lair:1   | Reached skill level 9 in Invocations
  9911 | Lair:1   | 9911 ||| Stepping ~*~*~tactically~*~*~ (stealth).
  9912 | Lair:1   | 9912 ||| INVOKING Heroism.
  9926 | Lair:1   | 9926 ||| Stepping ~*~*~tactically~*~*~ (stealth).
 10152 | Lair:1   | 10152 ||| INVOKING Heroism.
 10159 | Lair:1   | Received a gift from Okawaru
 10277 | Lair:1   | 10277 ||| READING 9 scrolls of identify.
 10277 | Lair:1   | 10277 ||| IDENTIFYING white potion
 10371 | Lair:2   | 10371 ||| Stepping ~*~*~tactically~*~*~ (stealth).
 10372 | Lair:2   | 10372 ||| INVOKING Heroism.
 10383 | Lair:2   | Noticed a swamp dragon
 10406 | Lair:2   | 10406 ||| INVOKING Heroism.
 10407 | Lair:2   | Received a gift from Okawaru
 10408 | Lair:2   | HP: 17/68 [iguana (1)]
 10409 | Lair:2   | 10409 ||| DRINKING potion of heal wounds.
 10411 | Lair:2   | Killed a swamp dragon
 10507 | Lair:2   | 10507 ||| INVOKING Heroism.
 10658 | Lair:2   | Found a staircase to the Swamp.
 10727 | Lair:2   | 10727 ||| INVOKING Heroism.
 10733 | Lair:2   | Reached skill level 9 in Fighting
 10922 | Lair:2   | 10922 ||| INVOKING Heroism.
 10933 | Lair:2   | HP: 16/71 [cane toad (12)]
 10935 | Lair:2   | Reached skill level 3 in Throwing
 10937 | Lair:2   | Reached XP level 12. HP: 18/76 MP: 19/19
 10976 | Lair:2   | 10976 ||| INVOKING Heroism.
 11358 | Lair:2   | Noticed a death yak
 11359 | Lair:2   | 11359 ||| INVOKING Heroism.
 11360 | Lair:2   | 11360 ||| INVOKING Finesse.
 11361 | Lair:2   | Noticed a death yak
 11362 | Lair:2   | 11362 ||| Stepping ~*~*~tactically~*~*~ (stealth).
 11365 | Lair:2   | Noticed a death yak
 11375 | Lair:2   | Noticed a death yak
 11376 | Lair:2   | Killed a death yak
 11379 | Lair:2   | Noticed a death yak
 11384 | Lair:2   | Killed a death yak
 11389 | Lair:2   | Killed a death yak
 11391 | Lair:2   | Noticed a death yak
 11397 | Lair:2   | Killed a death yak
 11398 | Lair:2   | Reached skill level 12 in Axes
 11403 | Lair:2   | Killed a death yak
 11404 | Lair:2   | Reached skill level 6 in Shields
 11407 | Lair:2   | Killed a death yak
 11615 | Lair:2   | 11615 ||| Stepping ~*~*~tactically~*~*~ (stealth).
 11619 | Lair:2   | 11619 ||| INVOKING Heroism.
 11632 | Lair:2   | 11632 ||| Stepping ~*~*~tactically~*~*~ (stealth).
 11636 | Lair:2   | Reached skill level 9 in Armour
 11693 | Lair:2   | 11693 ||| INVOKING Heroism.
 11711 | Lair:2   | Received a gift from Okawaru
 11884 | Lair:2   | 11884 ||| DROPPING +3 chain mail of poison resistance.
 11885 | Lair:2   | 11885 ||| DROPPING ring of flight.
 11886 | Lair:2   | 11886 ||| READING scroll labelled BOJIOM SE OMIE.
 11938 | Lair:3   | 11938 ||| PLANNING GAUNTLET
 11938 | Lair:3   | 11938 ||| INVOKING Heroism.
 11984 | Lair:3   | Found a gate leading to a gauntlet.
 11992 | Gauntlet | Entered a Gauntlet
 11992 | Gauntlet | Found a transporter.
 11992 | Gauntlet | Found a transporter.
 11992 | Gauntlet | Found a transporter.
 11993 | Gauntlet | Found a transporter.
 11996 | Gauntlet | Found a transporter.
 11996 | Gauntlet | Found a transporter.
 12010 | Gauntlet | Found a transporter.
 12010 | Gauntlet | Found a transporter.
 12012 | Gauntlet | Noticed a balrug
 12020 | Gauntlet | Found a transporter.
 12025 | Gauntlet | Found a transporter.
 12044 | Gauntlet | Found a transporter.
 12048 | Gauntlet | Found a transporter.
 12370 | Gauntlet | Identified the +1 pair of boots of the Onion {rPois Regen+}
 12372 | Gauntlet | 12372 ||| UPGRADING to +1 pair of boots of the Onion {rPois
                  | Regen+}.
 12440 | Gauntlet | 12440 ||| DRINKING 2 bubbling blue potions.
 12441 | Gauntlet | 12441 ||| DROPPING potion of invisibility.
 12481 | Gauntlet | 12481 ||| INVOKING Heroism.
 12517 | Gauntlet | Identified the ring "Enoupeag" {rF+ Str+5 SInv}
 12519 | Gauntlet | 12519 ||| UPGRADING to ring "Enoupeag" {rF+ Str+5 SInv}.
 12521 | Gauntlet | 12521 ||| UPGRADING to +6 ring of strength.
 12523 | Gauntlet | 12523 ||| DROPPING ring of willpower.
 12549 | Gauntlet | Noticed a minotaur
 12550 | Gauntlet | 12550 ||| INVOKING Heroism.
 12552 | Gauntlet | 12552 ||| INVOKING Finesse.
 12575 | Gauntlet | Killed a minotaur
 12575 | Gauntlet | Received a gift from Okawaru
 12575 | Gauntlet | Found the +15 Maxwell's patent armour {-Cast -Tele rElec
                  | Will+ rCorr}
 12610 | Gauntlet | Found the +7 Spriggan's Knife {stab, EV+4 Stlth+}
 12621 | Gauntlet | 12621 ||| DROPPING +3 scale mail of cold resistance.
 12622 | Gauntlet | 12622 ||| UPGRADING to +2 pearl dragon scales.
 12632 | Gauntlet | 12632 ||| DROPPING +1 hat.
 12633 | Gauntlet | 12633 ||| DROPPING scarf of harm.
 12634 | Gauntlet | 12634 ||| UPGRADING to +4 ring of evasion.
 12639 | Lair:3   | 12639 ||| PLANNING LAIR
 12643 | Lair:3   | Noticed a death yak
 12643 | Lair:3   | Noticed a death yak
 12644 | Lair:3   | 12644 ||| Stepping ~*~*~tactically~*~*~ (stealth).
 12645 | Lair:3   | Noticed a death yak
 12645 | Lair:3   | Noticed a death yak
 12646 | Lair:3   | 12646 ||| Stepping ~*~*~tactically~*~*~ (stealth).
 12648 | Lair:3   | 12648 ||| INVOKING Heroism.
 12649 | Lair:3   | 12649 ||| INVOKING Finesse.
 12655 | Lair:3   | Killed a death yak
 12656 | Lair:3   | Reached XP level 13. HP: 80/82 MP: 12/20
 12739 | Lair:3   | 12739 ||| INVOKING Heroism.
 12844 | Lair:3   | 12844 ||| Stepping ~*~*~tactically~*~*~ (stealth).
 12845 | Lair:3   | 12845 ||| Stepping ~*~*~tactically~*~*~ (stealth).
 12847 | Lair:3   | 12847 ||| INVOKING Heroism.
 12937 | Lair:3   | 12937 ||| INVOKING Heroism.
 12987 | Lair:3   | 12987 ||| Stepping ~*~*~tactically~*~*~ (hiding).
 13071 | Lair:3   | Noticed Fannar
 13083 | Lair:3   | 13083 ||| INVOKING Heroism.
 13102 | Lair:3   | HP: 20/82 [Fannar/staff of cold (9)]
 13103 | Lair:3   | 13103 ||| READING 4 scrolls of teleportation.
 13103 | Lair:3   | HP: 4/82 [Fannar/staff of cold (17)]
 13105 | Lair:3   | Killed Fannar
 13229 | Lair:3   | 13229 ||| Stepping ~*~*~tactically~*~*~ (stealth).
 13249 | Lair:3   | 13249 ||| INVOKING Heroism.
 13250 | Lair:3   | 13250 ||| Stepping ~*~*~tactically~*~*~ (hiding).
 13257 | Lair:3   | Noticed Josephine
 13269 | Lair:3   | Killed Josephine
 13272 | Lair:3   | 13272 ||| Stepping ~*~*~tactically~*~*~ (hiding).
 13291 | Lair:3   | 13291 ||| Stepping ~*~*~tactically~*~*~ (hiding).
 13306 | Lair:3   | Identified the +5 scale mail "Yfodo Wawo" {Str+5 Int-4}
                  | (Okawaru gifted it to you on level 3 of the Lair of Beasts)
 13306 | Lair:3   | Received a gift from Okawaru
 13379 | Lair:3   | 13379 ||| INVOKING Heroism.
 13506 | Lair:3   | Found a staircase to the Snake Pit.
 13619 | Lair:3   | 13619 ||| INVOKING Heroism.
 13851 | Lair:3   | 13851 ||| READING 10 scrolls of identify.
 13851 | Lair:3   | 13851 ||| IDENTIFYING purple potion
 14100 | Lair:4   | Found a staircase to the Slime Pits.
 14107 | Lair:4   | Found a viscous altar of Jiyva.
 14187 | Lair:4   | 14187 ||| INVOKING Heroism.
 14273 | Lair:4   | 14273 ||| Stepping ~*~*~tactically~*~*~ (stealth).
 14284 | Lair:4   | 14284 ||| FLEEEEING.
 14285 | Lair:4   | 14285 ||| FLEEEEING.
 14286 | Lair:4   | 14286 ||| FLEEEEING.
 14287 | Lair:4   | 14287 ||| FLEEEEING.
 14288 | Lair:4   | 14288 ||| FLEEEEING.
 14291 | Lair:4   | 14291 ||| FLEEEEING.
 14292 | Lair:4   | 14292 ||| FLEEEEING.
 14293 | Lair:4   | 14293 ||| FLEEEEING.
 14294 | Lair:4   | 14294 ||| FLEEEEING.
 14295 | Lair:4   | 14295 ||| FLEEEEING.
 14523 | Lair:4   | 14523 ||| INVOKING Heroism.
 14537 | Lair:4   | Gained mutation: Your large and strong wings let you fly.
                  | [Gargoyle growth]
 14537 | Lair:4   | Reached XP level 14. HP: 84/90 MP: 19/21
 14996 | Lair:4   | 14996 ||| READING scroll labelled VUWNA VETHRETH.
 15039 | Lair:5   | Entered Level 5 of the Lair of Beasts
 15042 | Lair:5   | 15042 ||| Stepping ~*~*~tactically~*~*~ (stealth).
 15051 | Lair:5   | 15051 ||| FLEEEEING.
 15094 | Lair:5   | 15094 ||| INVOKING Heroism.
 15095 | Lair:5   | 15095 ||| INVOKING Finesse.
 15106 | Lair:5   | Reached skill level 15 in Axes
 15149 | Lair:5   | 15149 ||| Stepping ~*~*~tactically~*~*~ (stealth).
 15151 | Lair:5   | 15151 ||| INVOKING Heroism.
 15152 | Lair:5   | 15152 ||| INVOKING Finesse.
 15153 | Lair:5   | 15153 ||| Stepping ~*~*~tactically~*~*~ (stealth).
 15157 | Lair:5   | Reached skill level 6 in Throwing
 15158 | Lair:5   | 15158 ||| SWAPPING to +0 flail.
 15182 | Lair:5   | Received a gift from Okawaru
 15183 | Lair:5   | Reached skill level 3 in Dodging
 15183 | Lair:5   | 15183 ||| SWAPPING to +0 spectral broad axe.
 15233 | Lair:5   | 15233 ||| INVOKING Heroism.
 15256 | Lair:5   | Reached skill level 12 in Fighting
 15258 | Lair:5   | 15258 ||| INVOKING Finesse.
 15330 | Lair:5   | 15330 ||| INVOKING Heroism.
 15374 | Lair:5   | 15374 ||| Stepping ~*~*~tactically~*~*~ (stealth).
 15376 | Lair:5   | 15376 ||| Stepping ~*~*~tactically~*~*~ (stealth).
 15422 | Lair:5   | 15422 ||| INVOKING Heroism.
 15429 | Lair:5   | Received a gift from Okawaru
 15543 | Lair:5   | Received a gift from Okawaru
 15647 | Lair:5   | Found a blossoming altar of Fedhas.
 15673 | Lair:5   | 15673 ||| INVOKING Heroism.
 15674 | Lair:5   | 15674 ||| INVOKING Finesse.
 15843 | Lair:5   | 15843 ||| Stepping ~*~*~tactically~*~*~ (stealth).
 15846 | Lair:5   | 15846 ||| INVOKING Heroism.
 15847 | Lair:5   | 15847 ||| SWAPPING to +0 flail.
 15848 | Lair:5   | 15848 ||| INVOKING Finesse.
 15850 | Lair:5   | 15850 ||| Stepping ~*~*~tactically~*~*~ (outnumbered).
 15851 | Lair:5   | 15851 ||| Stepping ~*~*~tactically~*~*~ (outnumbered).
 15853 | Lair:5   | 15853 ||| Stepping ~*~*~tactically~*~*~ (outnumbered).
 15856 | Lair:5   | 15856 ||| Stepping ~*~*~tactically~*~*~ (outnumbered).
 15857 | Lair:5   | 15857 ||| Stepping ~*~*~tactically~*~*~ (outnumbered).
 15858 | Lair:5   | 15858 ||| Stepping ~*~*~tactically~*~*~ (outnumbered).
 15863 | Lair:5   | 15863 ||| SWAPPING to +0 spectral broad axe.
 15905 | Lair:5   | 15905 ||| DROPPING +0 flail.
 15907 | Lair:5   | 15907 ||| INVOKING Finesse.
 15910 | Lair:5   | 15910 ||| SWAPPING to +0 morningstar.
 15912 | Lair:5   | 15912 ||| SWAPPING to +0 spectral broad axe.
 15923 | Lair:5   | 15923 ||| INVOKING Heroism.
 15969 | Lair:5   | 15969 ||| Stepping ~*~*~tactically~*~*~ (stealth).
 15971 | Lair:5   | 15971 ||| Stepping ~*~*~tactically~*~*~ (hiding).
 15972 | Lair:5   | 15972 ||| Stepping ~*~*~tactically~*~*~ (hiding).
 15981 | Lair:5   | 15981 ||| Stepping ~*~*~tactically~*~*~ (cloud).
 16047 | Lair:5   | Found a large runed translucent door.
 16047 | Lair:5   | Found a large runed translucent door.
 16048 | Lair:5   | 16048 ||| INVOKING Heroism.
 16102 | Lair:5   | 16102 ||| Stepping ~*~*~tactically~*~*~ (stealth).
 16103 | Lair:5   | 16103 ||| Stepping ~*~*~tactically~*~*~ (stealth).
 16107 | Lair:5   | 16107 ||| INVOKING Heroism.
 16120 | Lair:5   | 16120 ||| Stepping ~*~*~tactically~*~*~ (hiding).
 16129 | Lair:5   | Identified the +3 broad axe of Okawaru's Approval {venom,
                  | rN+} (Okawaru gifted it to you on level 5 of the Lair of
                  | Beasts)
 16129 | Lair:5   | Received a gift from Okawaru
 16137 | Lair:5   | 16137 ||| DROPPING +3 broad axe of Okawaru's Approval
                  | {venom, rN+}.
 16626 | Lair:5   | 16626 ||| PLANNING D:1-11
 16626 | Lair:5   | 16626 ||| DROPPING +1 pair of boots.
 16794 | D:9      | Reached XP level 15. HP: 96/96 MP: 22/22
 16795 | D:9      | 16795 ||| Stepping ~*~*~tactically~*~*~ (stealth).
 16841 | D:9      | 16841 ||| Stepping ~*~*~tactically~*~*~ (stealth).
 16867 | D:9      | 16867 ||| Stepping ~*~*~tactically~*~*~ (hiding).
 16874 | D:9      | 16874 ||| INVOKING Heroism.
 16884 | D:9      | 16884 ||| Stepping ~*~*~tactically~*~*~ (stealth).
 16889 | D:9      | 16889 ||| Stepping ~*~*~tactically~*~*~ (stealth).
 16891 | D:9      | 16891 ||| Stepping ~*~*~tactically~*~*~ (stealth).
 16940 | D:9      | 16940 ||| Stepping ~*~*~tactically~*~*~ (hiding).
 16941 | D:9      | 16941 ||| Stepping ~*~*~tactically~*~*~ (hiding).
 17081 | D:9      | Found a glowing golden altar of the Shining One.
 17147 | D:9      | Found Lapung's Magic Scroll Shoppe.
 17155 | D:9      | 17155 ||| BUYING scroll of brand weapon (142 gold).
 17155 | D:9      | Bought a scroll of brand weapon for 142 gold pieces
 17155 | D:9      | 17155 ||| Stepping ~*~*~tactically~*~*~ (stealth).
 17156 | D:9      | 17156 ||| Stepping ~*~*~tactically~*~*~ (stealth).
 17158 | D:9      | 17158 ||| INVOKING Heroism.
 17203 | D:9      | Found a blossoming altar of Fedhas.
 17220 | D:9      | Found a shimmering blue altar of Sif Muna.
 17502 | D:9      | 17502 ||| Stepping ~*~*~tactically~*~*~ (stealth).
 17708 | D:9      | 17708 ||| DRINKING 8 potions of curing.
 17708 | D:9      | 17708 ||| (to cure confusion)
 17842 | D:9      | 17842 ||| READING 10 scrolls of identify.
 17842 | D:9      | 17842 ||| IDENTIFYING amethyst potion
 17843 | D:9      | 17843 ||| DROPPING potion of flight.
 17864 | D:10     | Entered Level 10 of the Dungeon
 17980 | D:10     | 17980 ||| Stepping ~*~*~tactically~*~*~ (stealth).
 17981 | D:10     | 17981 ||| Stepping ~*~*~tactically~*~*~ (stealth).
 18010 | D:10     | 18010 ||| INVOKING Heroism.
 18129 | D:10     | 18129 ||| Stepping ~*~*~tactically~*~*~ (stealth).
 18155 | D:10     | 18155 ||| INVOKING Heroism.
 18209 | D:10     | Found a staircase to the Orcish Mines.
 18281 | D:10     | Found a shimmering altar of Xom.
 18411 | D:10     | 18411 ||| INVOKING Heroism.
 18760 | D:10     | 18760 ||| UPGRADING to amulet of the acrobat.
 18844 | D:11     | 18844 ||| INVOKING Heroism.
 18890 | D:11     | You are sucked into a shaft and drop 3 floors!
 18921 | D:14     | 18921 ||| Stepping ~*~*~tactically~*~*~ (stealth).
 18922 | D:14     | 18922 ||| Stepping ~*~*~tactically~*~*~ (stealth).
 18944 | D:14     | 18944 ||| Stepping ~*~*~tactically~*~*~ (stealth).
 18953 | D:14     | 18953 ||| INVOKING Heroism.
 18954 | D:14     | 18954 ||| INVOKING Finesse.
 18957 | D:14     | 18957 ||| Stepping ~*~*~tactically~*~*~ (stealth).
 18958 | D:14     | 18958 ||| Stepping ~*~*~tactically~*~*~ (stealth).
 18981 | D:14     | 18981 ||| Stepping ~*~*~tactically~*~*~ (stealth).
 18982 | D:14     | 18982 ||| Stepping ~*~*~tactically~*~*~ (stealth).
 18996 | D:14     | 18996 ||| Stepping ~*~*~tactically~*~*~ (stealth).
 19008 | D:14     | 19008 ||| Stepping ~*~*~tactically~*~*~ (hiding).
 19012 | D:14     | 19012 ||| INVOKING Heroism.
 19018 | D:14     | 19018 ||| Stepping ~*~*~tactically~*~*~ (stealth).
 19036 | D:14     | 19036 ||| Stepping ~*~*~tactically~*~*~ (hiding).
 19038 | D:14     | 19038 ||| Stepping ~*~*~tactically~*~*~ (hiding).
 19052 | D:14     | Identified the +0 kite shield of Juga {rF- rC+ MP+9 Str+4
                  | Slay+2} (Okawaru gifted it to you on level 14 of the
                  | Dungeon)
 19052 | D:14     | Received a gift from Okawaru
 19113 | D:14     | 19113 ||| Stepping ~*~*~tactically~*~*~ (hiding).
 19116 | Abyss:2  | Cast into level 2 of the Abyss (a wizard)
 19197 | Abyss:2  | 19197 ||| READING scroll labelled QAWNEU CIYBOFF.
 19206 | Abyss:2  | Paralysed by you for 4 turns
 19250 | Abyss:3  | 19250 ||| Stepping ~*~*~tactically~*~*~ (stealth).
 19291 | Abyss:3  | 19291 ||| Stepping ~*~*~tactically~*~*~ (hiding).
 19298 | Abyss:3  | 19298 ||| INVOKING Heroism.
 19359 | Abyss:3  | 19359 ||| Stepping ~*~*~tactically~*~*~ (stealth).
 19360 | Abyss:3  | 19360 ||| Stepping ~*~*~tactically~*~*~ (stealth).
 19363 | Abyss:3  | 19363 ||| Stepping ~*~*~tactically~*~*~ (hiding).
 19368 | Abyss:3  | 19368 ||| INVOKING Heroism.
 19385 | Abyss:3  | 19385 ||| Stepping randomly (cloudy).
 19404 | Abyss:3  | 19404 ||| Stepping ~*~*~tactically~*~*~ (stealth).
 19405 | Abyss:3  | 19405 ||| Stepping ~*~*~tactically~*~*~ (stealth).
 19406 | Abyss:3  | 19406 ||| Stepping ~*~*~tactically~*~*~ (stealth).
 19429 | Abyss:3  | 19429 ||| Stepping ~*~*~tactically~*~*~ (stealth).
 19451 | Abyss:3  | 19451 ||| Stepping ~*~*~tactically~*~*~ (hiding).
 19455 | Abyss:3  | 19455 ||| INVOKING Heroism.
 19456 | Abyss:3  | Gained mutation: Your body sometimes deteriorates upon
                  | taking damage. [a neqoxec]
 19476 | Abyss:3  | 19476 ||| Stepping ~*~*~tactically~*~*~ (stealth).
 19477 | Abyss:3  | 19477 ||| Stepping ~*~*~tactically~*~*~ (stealth).
 19491 | Abyss:3  | 19491 ||| Stepping ~*~*~tactically~*~*~ (stealth).
 19512 | Abyss:3  | 19512 ||| Stepping ~*~*~tactically~*~*~ (stealth).
 19530 | Abyss:3  | Paralysed by a great orb of eyes for 2 turns
 19536 | Abyss:3  | 19536 ||| INVOKING Heroism.
 19542 | Abyss:3  | Noticed a tentacled starspawn
 19551 | D:14     | Escaped the Abyss
 19552 | D:14     | 19552 ||| Stepping ~*~*~tactically~*~*~ (hiding).
 19554 | D:14     | 19554 ||| Stepping ~*~*~tactically~*~*~ (hiding).
 19618 | D:14     | 19618 ||| DROPPING +0 morningstar.
 19637 | D:14     | 19637 ||| UPGRADING to +0 kite shield of Juga {rF- rC+ MP+9
                  | Str+4 Slay+2}.
 19647 | D:14     | 19647 ||| DROPPING +0 buckler.
 19690 | D:13     | 19690 ||| INVOKING Heroism.
 19927 | D:11     | 19927 ||| INVOKING Heroism.
 19934 | D:11     | Reached skill level 9 in Shields
 19942 | D:11     | Received a gift from Okawaru
 20093 | D:11     | 20093 ||| INVOKING Heroism.
 20109 | D:11     | 20109 ||| PLANNING D
 20109 | D:11     | 20109 ||| DROPPING amulet of magic regeneration.
 20132 | D:12     | 20132 ||| Stepping ~*~*~tactically~*~*~ (hiding).
 20154 | D:12     | 20154 ||| Stepping ~*~*~tactically~*~*~ (stealth).
 20159 | D:12     | 20159 ||| INVOKING Heroism.
 20164 | D:12     | 20164 ||| Stepping ~*~*~tactically~*~*~ (stealth).
 20178 | D:12     | 20178 ||| Stepping ~*~*~tactically~*~*~ (hiding).
 20179 | D:12     | 20179 ||| Stepping ~*~*~tactically~*~*~ (hiding).
 20180 | D:12     | 20180 ||| Stepping ~*~*~tactically~*~*~ (hiding).
 20216 | D:12     | 20216 ||| READING scroll of enchant armour.
 20216 | D:12     | 20216 ||| ENCHANTING +2 pearl dragon scales.
 20473 | D:12     | Reached XP level 16. HP: 104/104 MP: 23/23
 20650 | D:12     | 20650 ||| READING 11 scrolls of identify.
 20650 | D:12     | 20650 ||| IDENTIFYING pink potion
 20651 | D:12     | 20651 ||| DROPPING potion of brilliance.
 20695 | D:13     | 20695 ||| Stepping ~*~*~tactically~*~*~ (hiding).
 20696 | D:13     | 20696 ||| Stepping ~*~*~tactically~*~*~ (hiding).
 20703 | D:13     | 20703 ||| INVOKING Heroism.
 20755 | D:13     | Noticed Nessos
 20756 | D:13     | 20756 ||| INVOKING Finesse.
 20761 | D:13     | Killed Nessos
 20803 | D:13     | 20803 ||| Stepping ~*~*~tactically~*~*~ (stealth).
 20810 | D:13     | 20810 ||| Stepping ~*~*~tactically~*~*~ (stealth).
 20820 | D:13     | 20820 ||| Stepping ~*~*~tactically~*~*~ (hiding).
 21046 | D:13     | Found Hyitzaph's Jewellery Boutique.
 21082 | D:13     | 21082 ||| BUYING amulet of reflection (480 gold).
 21082 | D:13     | Bought an amulet of reflection for 480 gold pieces
 21082 | D:13     | 21082 ||| SHOPLISTING ring of Soinuhou {rC+ rCorr Str+2}
                  | (668 gold, have 536).
 21145 | D:13     | Found a gate to the Vaults.
 21146 | D:13     | 21146 ||| Stepping ~*~*~tactically~*~*~ (hiding).
 21150 | D:13     | 21150 ||| INVOKING Heroism.
 21195 | D:13     | Received a gift from Okawaru
 21196 | D:13     | Reached skill level 12 in Shields
 21386 | D:13     | 21386 ||| Stepping ~*~*~tactically~*~*~ (hiding).
 21387 | D:13     | 21387 ||| Stepping ~*~*~tactically~*~*~ (hiding).
 21389 | D:13     | 21389 ||| Stepping ~*~*~tactically~*~*~ (hiding).
 21440 | D:13     | Received a gift from Okawaru
 21586 | D:13     | 21586 ||| READING scroll of enchant armour.
 21586 | D:13     | 21586 ||| ENCHANTING +3 pearl dragon scales.
 21745 | D:13     | 21745 ||| Stepping ~*~*~tactically~*~*~ (hiding).
 21756 | D:13     | 21756 ||| INVOKING Heroism.
 21768 | D:13     | 21768 ||| Stepping ~*~*~tactically~*~*~ (hiding).
 21833 | D:13     | 21833 ||| UPGRADING to amulet of reflection.
 21843 | D:13     | 21843 ||| DROPPING amulet of the acrobat.
 21892 | D:14     | 21892 ||| INVOKING Heroism.
 21893 | D:14     | Received a gift from Okawaru
 21955 | D:14     | 21955 ||| Stepping ~*~*~tactically~*~*~ (hiding).
 21981 | D:14     | 21981 ||| Stepping ~*~*~tactically~*~*~ (hiding).
 22000 | D:14     | 22000 ||| INVOKING Heroism.
 22156 | D:14     | 22156 ||| Stepping ~*~*~tactically~*~*~ (stealth).
 22157 | D:14     | 22157 ||| INVOKING Heroism.
 22161 | D:14     | 22161 ||| Stepping ~*~*~tactically~*~*~ (stealth).
 22168 | D:14     | Reached skill level 12 in Armour
 22168 | D:14     | Identified the +12 war axe of Bodily Humours {holy, Str+7}
                  | (Okawaru gifted it to you on level 14 of the Dungeon)
 22168 | D:14     | Received a gift from Okawaru
 22208 | D:14     | 22208 ||| SWAPPING to +12 war axe of Bodily Humours {holy,
                  | Str+7}.
 22209 | D:14     | 22209 ||| DROPPING +0 spectral broad axe.
 22213 | D:14     | 22213 ||| INVOKING Heroism.
 22248 | D:14     | 22248 ||| INVOKING Finesse.
 22251 | D:14     | 22251 ||| SWAPPING to +1 morningstar of draining.
 22253 | D:14     | 22253 ||| SWAPPING to +12 war axe of Bodily Humours {holy,
                  | Str+7}.
 22308 | D:14     | Found a bloodstained altar of Trog.
 22309 | D:14     | 22309 ||| INVOKING Heroism.
 22496 | D:14     | Found a broken altar of Ashenzari.
 22551 | D:14     | 22551 ||| Stepping ~*~*~tactically~*~*~ (hiding).
 22872 | D:14     | 22872 ||| DROPPING +6 ring of strength.
 22873 | D:14     | 22873 ||| READING scroll labelled BAQEHAJUMOI.
 22876 | D:15     | Entered Level 15 of the Dungeon
 22932 | D:15     | 22932 ||| Stepping ~*~*~tactically~*~*~ (stealth).
 23007 | D:15     | 23007 ||| Stepping ~*~*~tactically~*~*~ (stealth).
 23010 | D:15     | 23010 ||| INVOKING Heroism.
 23043 | D:15     | 23043 ||| Stepping ~*~*~tactically~*~*~ (hiding).
 23195 | D:15     | 23195 ||| Stepping ~*~*~tactically~*~*~ (hiding).
 23196 | D:15     | 23196 ||| Stepping ~*~*~tactically~*~*~ (hiding).
 23251 | D:15     | Noticed Louise
 23252 | D:15     | 23252 ||| INVOKING Heroism.
 23254 | D:15     | 23254 ||| INVOKING Finesse.
 23256 | D:15     | 23256 ||| Stepping ~*~*~tactically~*~*~ (hiding).
 23276 | D:15     | Killed Louise
 23337 | D:15     | 23337 ||| INVOKING Heroism.
 23338 | D:15     | 23338 ||| INVOKING Finesse.
 23341 | D:15     | 23341 ||| SWAPPING to +1 morningstar of draining.
 23345 | D:15     | 23345 ||| SWAPPING to +12 war axe of Bodily Humours {holy,
                  | Str+7}.
 23401 | D:15     | 23401 ||| INVOKING Heroism.
 23437 | D:15     | Found a staircase to the Depths.
 23438 | D:15     | 23438 ||| Stepping ~*~*~tactically~*~*~ (hiding).
 23449 | D:15     | 23449 ||| INVOKING Heroism.
 23554 | D:15     | 23554 ||| Stepping ~*~*~tactically~*~*~ (stealth).
 23649 | D:15     | 23649 ||| INVOKING Heroism.
 23765 | D:15     | 23765 ||| PLANNING ORC
 23765 | D:15     | 23765 ||| UPGRADING to +2 tower shield.
 23775 | D:15     | 23775 ||| DROPPING +0 kite shield of Juga {rF- rC+ MP+9
                  | Str+4 Slay+2}.
 23776 | D:15     | 23776 ||| READING scroll labelled ECHONE DUBBE.
 23921 | Orc:1    | Entered Level 1 of the Orcish Mines
 23937 | Orc:1    | 23937 ||| INVOKING Heroism.
 23978 | Orc:1    | 23978 ||| Stepping ~*~*~tactically~*~*~ (hiding).
 23979 | Orc:1    | 23979 ||| Stepping ~*~*~tactically~*~*~ (hiding).
 24018 | Orc:1    | 24018 ||| Stepping ~*~*~tactically~*~*~ (stealth).
 24055 | Orc:1    | 24055 ||| Stepping ~*~*~tactically~*~*~ (stealth).
 24057 | Orc:1    | 24057 ||| Stepping ~*~*~tactically~*~*~ (stealth).
 24058 | Orc:1    | 24058 ||| Stepping ~*~*~tactically~*~*~ (stealth).
 24068 | Orc:1    | 24068 ||| Stepping ~*~*~tactically~*~*~ (stealth).
 24069 | Orc:1    | 24069 ||| Stepping ~*~*~tactically~*~*~ (stealth).
 24120 | Orc:1    | 24120 ||| Stepping ~*~*~tactically~*~*~ (hiding).
 24122 | Orc:1    | 24122 ||| INVOKING Heroism.
 24125 | Orc:1    | Received a gift from Okawaru
 24173 | Orc:1    | 24173 ||| Stepping ~*~*~tactically~*~*~ (stealth).
 24174 | Orc:1    | 24174 ||| Stepping ~*~*~tactically~*~*~ (stealth).
 24199 | Orc:1    | Found Hemivugu's Antique Weapon Emporium.
 24366 | Orc:1    | 24366 ||| Stepping ~*~*~tactically~*~*~ (stealth).
 24367 | Orc:1    | 24367 ||| Stepping ~*~*~tactically~*~*~ (stealth).
 24373 | Orc:1    | 24373 ||| Stepping ~*~*~tactically~*~*~ (stealth).
 24375 | Orc:1    | 24375 ||| Stepping ~*~*~tactically~*~*~ (hiding).
 24576 | Orc:2    | Entered Level 2 of the Orcish Mines
 24593 | Orc:2    | 24593 ||| Stepping ~*~*~tactically~*~*~ (hiding).
 24594 | Orc:2    | 24594 ||| Stepping ~*~*~tactically~*~*~ (hiding).
 24597 | Orc:2    | Reached XP level 17. HP: 111/111 MP: 24/24
 24627 | Orc:2    | 24627 ||| Stepping ~*~*~tactically~*~*~ (hiding).
 24651 | Orc:2    | 24651 ||| Stepping ~*~*~tactically~*~*~ (hiding).
 24659 | Orc:2    | 24659 ||| INVOKING Heroism.
 24727 | Orc:2    | 24727 ||| Stepping ~*~*~tactically~*~*~ (hiding).
 24779 | Orc:2    | 24779 ||| Stepping ~*~*~tactically~*~*~ (stealth).
 24803 | Orc:2    | 24803 ||| Stepping ~*~*~tactically~*~*~ (stealth).
 24804 | Orc:2    | 24804 ||| Stepping ~*~*~tactically~*~*~ (stealth).
 24907 | Orc:2    | 24907 ||| Stepping ~*~*~tactically~*~*~ (stealth).
 24953 | Orc:2    | Found a staircase to the Elven Halls.
 24966 | Orc:2    | 24966 ||| Stepping ~*~*~tactically~*~*~ (stealth).
 24967 | Orc:2    | 24967 ||| Stepping ~*~*~tactically~*~*~ (stealth).
 24975 | Orc:2    | Paralysed by an orc sorcerer for 3 turns
 24978 | Orc:2    | 24978 ||| Stepping ~*~*~tactically~*~*~ (hiding).
 24986 | Orc:2    | 24986 ||| FLEEEEING.
 24996 | Orc:2    | 24996 ||| INVOKING Heroism.
 25008 | Orc:2    | 25008 ||| Stepping ~*~*~tactically~*~*~ (hiding).
 25132 | Orc:2    | Found Goubyv's General Store.
 25140 | Orc:2    | 25140 ||| BUYING scroll of enchant armour (105 gold).
 25140 | Orc:2    | Bought a scroll of enchant armour for 105 gold pieces
 25140 | Orc:2    | 25140 ||| READING scroll of enchant armour.
 25140 | Orc:2    | 25140 ||| ENCHANTING +4 pearl dragon scales.
 25180 | Orc:2    | 25180 ||| Stepping ~*~*~tactically~*~*~ (hiding).
 25193 | Orc:2    | Found Waawack's Book Shop.
 25279 | Orc:2    | 25279 ||| INVOKING Heroism.
 25375 | Orc:2    | 25375 ||| INVOKING Heroism.
 25482 | Orc:2    | 25482 ||| INVOKING Heroism.
 25583 | Orc:2    | 25583 ||| INVOKING Heroism.
 25597 | Orc:2    | 25597 ||| Stepping ~*~*~tactically~*~*~ (stealth).
 25616 | Orc:2    | 25616 ||| INVOKING Finesse.
 25636 | Orc:2    | 25636 ||| INVOKING Heroism.
 25640 | Orc:2    | Reached skill level 15 in Shields
 25654 | Orc:2    | Found Itwy's Antique Weapon Boutique.
 25692 | Orc:2    | Found Yhofadext's Antique Armour Shop.
 25736 | Orc:2    | 25736 ||| DROPPING +0 plate armour of fire resistance.
 25797 | Orc:1    | 25797 ||| Stepping ~*~*~tactically~*~*~ (hiding).
 25853 | Orc:1    | 25853 ||| PLANNING SWAMP:1-3
 25973 | D:9      | 25973 ||| Stepping ~*~*~tactically~*~*~ (hiding).
 26190 | Swamp:1  | Entered Level 1 of the Swamp
 26191 | Swamp:1  | 26191 ||| INVOKING Heroism.
 26243 | Swamp:1  | 26243 ||| INVOKING Heroism.
 26324 | Swamp:1  | 26324 ||| INVOKING Heroism.
 26327 | Swamp:1  | 26327 ||| SWAPPING to +1 morningstar of draining.
 26332 | Swamp:1  | 26332 ||| SWAPPING to +12 war axe of Bodily Humours {holy,
                  | Str+7}.
 26351 | Swamp:1  | 26351 ||| Stepping ~*~*~tactically~*~*~ (hiding).
 26377 | Swamp:1  | 26377 ||| Stepping ~*~*~tactically~*~*~ (stealth).
 26401 | Swamp:1  | 26401 ||| Stepping ~*~*~tactically~*~*~ (hiding).
 26402 | Swamp:1  | 26402 ||| Stepping ~*~*~tactically~*~*~ (stealth).
 26439 | Swamp:1  | 26439 ||| INVOKING Heroism.
 26441 | Swamp:1  | 26441 ||| SWAPPING to +1 morningstar of draining.
 26447 | Swamp:1  | 26447 ||| SWAPPING to +12 war axe of Bodily Humours {holy,
                  | Str+7}.
 26458 | Swamp:1  | 26458 ||| Stepping ~*~*~tactically~*~*~ (hiding).
 26583 | Swamp:1  | 26583 ||| INVOKING Heroism.
 26585 | Swamp:1  | 26585 ||| SWAPPING to +1 morningstar of draining.
 26590 | Swamp:1  | 26590 ||| SWAPPING to +12 war axe of Bodily Humours {holy,
                  | Str+7}.
 26645 | Swamp:1  | 26645 ||| INVOKING Heroism.
 26647 | Swamp:1  | 26647 ||| SWAPPING to +1 morningstar of draining.
 26649 | Swamp:1  | 26649 ||| SWAPPING to +12 war axe of Bodily Humours {holy,
                  | Str+7}.
 27097 | Swamp:2  | 27097 ||| Stepping ~*~*~tactically~*~*~ (hiding).
 27098 | Swamp:2  | 27098 ||| Stepping ~*~*~tactically~*~*~ (stealth).
 27100 | Swamp:2  | 27100 ||| Stepping ~*~*~tactically~*~*~ (stealth).
 27103 | Swamp:2  | 27103 ||| INVOKING Heroism.
 27105 | Swamp:2  | 27105 ||| SWAPPING to +1 morningstar of draining.
 27110 | Swamp:2  | 27110 ||| SWAPPING to +12 war axe of Bodily Humours {holy,
                  | Str+7}.
 27145 | Swamp:2  | 27145 ||| Stepping ~*~*~tactically~*~*~ (hiding).
 27270 | Swamp:2  | You are sucked into a shaft and drop 1 floor!
 27279 | Swamp:3  | 27279 ||| READING scroll labelled HAEGAA LAEL.
 27280 | Swamp:3  | 27280 ||| INVOKING Heroism.
 27304 | Swamp:3  | 27304 ||| Stepping ~*~*~tactically~*~*~ (stealth).
 27306 | Swamp:3  | 27306 ||| Stepping ~*~*~tactically~*~*~ (hiding).
 27400 | Swamp:3  | 27400 ||| INVOKING Heroism.
 27426 | Swamp:3  | Identified the +7 broad axe of Inflation {drain, rF+}
 27427 | Swamp:3  | 27427 ||| Stepping ~*~*~tactically~*~*~ (hiding).
 27466 | Swamp:3  | 27466 ||| INVOKING Heroism.
 27482 | Swamp:3  | 27482 ||| SWAPPING to +7 broad axe of Inflation {drain,
                  | rF+}.
 27490 | Swamp:3  | 27490 ||| DROPPING ring of fire.
 27513 | Swamp:2  | 27513 ||| INVOKING Heroism.
 27516 | Swamp:2  | 27516 ||| SWAPPING to +1 morningstar of draining.
 27521 | Swamp:2  | 27521 ||| SWAPPING to +7 broad axe of Inflation {drain,
                  | rF+}.
 27832 | Swamp:2  | 27832 ||| Stepping ~*~*~tactically~*~*~ (hiding).
 28077 | Swamp:2  | 28077 ||| READING scroll labelled NUNEUCRAGO.
 28128 | Swamp:3  | 28128 ||| Stepping ~*~*~tactically~*~*~ (stealth).
 28130 | Swamp:3  | 28130 ||| Stepping ~*~*~tactically~*~*~ (hiding).
 28153 | Swamp:3  | 28153 ||| INVOKING Heroism.
 28155 | Swamp:3  | 28155 ||| SWAPPING to +1 morningstar of draining.
 28158 | Swamp:3  | 28158 ||| SWAPPING to +7 broad axe of Inflation {drain,
                  | rF+}.
 28358 | Swamp:3  | 28358 ||| Stepping ~*~*~tactically~*~*~ (stealth).
 28360 | Swamp:3  | 28360 ||| INVOKING Heroism.
 28365 | Swamp:3  | Received a gift from Okawaru
 28435 | Swamp:3  | 28435 ||| PLANNING SNAKE:1-3
 28536 | Snake:1  | Entered Level 1 of the Snake Pit
 28614 | Snake:1  | 28614 ||| Stepping ~*~*~tactically~*~*~ (hiding).
 28615 | Snake:1  | 28615 ||| Stepping ~*~*~tactically~*~*~ (hiding).
 28617 | Snake:1  | 28617 ||| Stepping ~*~*~tactically~*~*~ (hiding).
 28699 | Snake:1  | 28699 ||| INVOKING Heroism.
 28748 | Snake:1  | 28748 ||| Stepping ~*~*~tactically~*~*~ (hiding).
 28749 | Snake:1  | 28749 ||| Stepping ~*~*~tactically~*~*~ (hiding).
 28816 | Snake:1  | 28816 ||| Stepping ~*~*~tactically~*~*~ (hiding).
 28938 | Snake:1  | 28938 ||| Stepping ~*~*~tactically~*~*~ (hiding).
 28959 | Snake:1  | 28959 ||| Stepping ~*~*~tactically~*~*~ (hiding).
 29075 | Snake:1  | 29075 ||| Stepping ~*~*~tactically~*~*~ (hiding).
 29111 | Snake:1  | 29111 ||| INVOKING Heroism.
 29187 | Snake:1  | 29187 ||| Stepping ~*~*~tactically~*~*~ (hiding).
 29192 | Snake:1  | Received a gift from Okawaru
 29193 | Snake:1  | 29193 ||| Stepping ~*~*~tactically~*~*~ (hiding).
 29270 | Snake:1  | 29270 ||| Stepping ~*~*~tactically~*~*~ (stealth).
 29272 | Snake:1  | 29272 ||| Stepping ~*~*~tactically~*~*~ (hiding).
 29460 | Snake:1  | 29460 ||| UPGRADING to +2 tower shield of resistance.
 29470 | Snake:1  | 29470 ||| DROPPING +2 tower shield.
 29525 | Snake:2  | 29525 ||| INVOKING Heroism.
 29545 | Snake:2  | Found Ehoihat's Armour Shop.
 29584 | Snake:2  | Found Sisika's Superlative Supplies.
 29592 | Snake:2  | 29592 ||| Stepping ~*~*~tactically~*~*~ (hiding).
 29593 | Snake:2  | 29593 ||| Stepping ~*~*~tactically~*~*~ (hiding).
 29810 | Snake:2  | 29810 ||| Stepping ~*~*~tactically~*~*~ (hiding).
 29811 | Snake:2  | 29811 ||| Stepping ~*~*~tactically~*~*~ (hiding).
 30174 | Snake:2  | Reached skill level 18 in Axes
 30174 | Snake:2  | Reached XP level 18. HP: 116/116 MP: 25/25
 30174 | Snake:2  | 30174 ||| DROPPING +1 morningstar of draining.
 30198 | Snake:2  | 30198 ||| Stepping ~*~*~tactically~*~*~ (hiding).
 30495 | Snake:2  | Found Homeb's Book Emporium.
 30496 | Snake:2  | Found Penooq's Jewellery Shop.
 30496 | Snake:2  | Found Pemnanli's Jewellery Shop.
 30505 | Snake:2  | 30505 ||| BUYING ring of Ru's Benevolence {rF+ SInv} (724
                  | gold).
 30505 | Snake:2  | Bought the ring of Ru's Benevolence {rF+ SInv} for 724 gold
                  | pieces
 30505 | Snake:2  | 30505 ||| BUYING ring of Ruor Cucw {*Slow rC+ rCorr Int+3}
                  | (766 gold).
 30505 | Snake:2  | Bought the ring of Ruor Cucw {*Slow rC+ rCorr Int+3} for
                  | 766 gold pieces
 30505 | Snake:2  | 30505 ||| BUYING ring of resist corrosion (400 gold).
 30505 | Snake:2  | Bought a ring of resist corrosion for 400 gold pieces
 30509 | Snake:2  | 30509 ||| SHOPLISTING ring of protection from cold (350
                  | gold, have 55).
 30571 | Snake:2  | 30571 ||| DROPPING ring of protection from fire.
 30591 | Snake:3  | 30591 ||| STAIRDANCE
 30612 | Snake:3  | 30612 ||| STAIRDANCE
 30653 | Snake:3  | 30653 ||| INVOKING Heroism.
 30680 | Snake:3  | Reached skill level 18 in Shields
 30696 | Snake:3  | 30696 ||| Stepping ~*~*~tactically~*~*~ (hiding).
 30697 | Snake:3  | 30697 ||| Stepping ~*~*~tactically~*~*~ (hiding).
 30725 | Snake:3  | 30725 ||| INVOKING Heroism.
 30729 | Snake:3  | Received a gift from Okawaru
 30766 | Snake:3  | 30766 ||| Stepping ~*~*~tactically~*~*~ (stealth).
 30808 | Snake:3  | 30808 ||| INVOKING Heroism.
 30834 | Snake:3  | 30834 ||| Stepping ~*~*~tactically~*~*~ (stealth).
 30843 | Snake:3  | 30843 ||| INVOKING Heroism.
 31032 | Snake:3  | 31032 ||| Stepping ~*~*~tactically~*~*~ (hiding).
 31043 | Snake:3  | Received a gift from Okawaru
 31047 | Snake:3  | 31047 ||| Stepping ~*~*~tactically~*~*~ (stealth).
 31048 | Snake:3  | 31048 ||| Stepping ~*~*~tactically~*~*~ (stealth).
 31053 | Snake:3  | 31053 ||| Stepping ~*~*~tactically~*~*~ (stealth).
 31057 | Snake:3  | 31057 ||| Stepping ~*~*~tactically~*~*~ (stealth).
 31058 | Snake:3  | 31058 ||| Stepping ~*~*~tactically~*~*~ (stealth).
 31062 | Snake:3  | 31062 ||| Stepping ~*~*~tactically~*~*~ (hiding).
 31063 | Snake:3  | 31063 ||| Stepping ~*~*~tactically~*~*~ (hiding).
 31066 | Snake:3  | 31066 ||| Stepping ~*~*~tactically~*~*~ (hiding).
 31174 | Snake:3  | 31174 ||| Stepping ~*~*~tactically~*~*~ (hiding).
 31177 | Snake:3  | 31177 ||| Stepping ~*~*~tactically~*~*~ (hiding).
 31301 | Snake:3  | 31301 ||| DROPPING scarf of harm.
 31331 | Snake:2  | 31331 ||| PLANNING SWAMP:4
 31498 | Swamp:4  | Entered Level 4 of the Swamp
 31499 | Swamp:4  | 31499 ||| INVOKING Heroism.
 31627 | Swamp:4  | 31627 ||| INVOKING Heroism.
 31665 | Swamp:4  | 31665 ||| Stepping ~*~*~tactically~*~*~ (hiding).
 31712 | Swamp:4  | 31712 ||| INVOKING Heroism.
 31725 | Swamp:4  | Reached skill level 15 in Fighting
 31764 | Swamp:4  | 31764 ||| Stepping ~*~*~tactically~*~*~ (stealth).
 31766 | Swamp:4  | 31766 ||| Stepping ~*~*~tactically~*~*~ (stealth).
 31770 | Swamp:4  | 31770 ||| INVOKING Heroism.
 31847 | Swamp:4  | 31847 ||| Stepping ~*~*~tactically~*~*~ (hiding).
 31850 | Swamp:4  | 31850 ||| Stepping ~*~*~tactically~*~*~ (hiding).
 31853 | Swamp:4  | 31853 ||| Stepping ~*~*~tactically~*~*~ (hiding).
 31854 | Swamp:4  | 31854 ||| Stepping ~*~*~tactically~*~*~ (hiding).
 31857 | Swamp:4  | 31857 ||| INVOKING Heroism.
 31994 | Swamp:4  | 31994 ||| Stepping ~*~*~tactically~*~*~ (hiding).
 32104 | Swamp:4  | 32104 ||| INVOKING Heroism.
 32117 | Swamp:4  | Noticed the 27-headed Lernaean hydra
 32131 | Swamp:4  | Killed the 27-headed Lernaean hydra
 32150 | Swamp:4  | 32150 ||| FLEEEEING.
 32151 | Swamp:4  | 32151 ||| FLEEEEING.
 32152 | Swamp:4  | 32152 ||| FLEEEEING.
 32153 | Swamp:4  | 32153 ||| FLEEEEING.
 32154 | Swamp:4  | 32154 ||| FLEEEEING.
 32158 | Swamp:4  | 32158 ||| FLEEEEING.
 32159 | Swamp:4  | 32159 ||| FLEEEEING.
 32168 | Swamp:4  | 32168 ||| FLEEEEING.
 32169 | Swamp:4  | 32169 ||| FLEEEEING.
 32170 | Swamp:4  | 32170 ||| FLEEEEING.
 32177 | Swamp:4  | 32177 ||| FLEEEEING.
 32178 | Swamp:4  | 32178 ||| FLEEEEING.
 32188 | Swamp:4  | 32188 ||| FLEEEEING.
 32189 | Swamp:4  | 32189 ||| FLEEEEING.
 32190 | Swamp:4  | 32190 ||| FLEEEEING.
 32191 | Swamp:4  | 32191 ||| FLEEEEING.
 32192 | Swamp:4  | 32192 ||| FLEEEEING.
 32193 | Swamp:4  | 32193 ||| FLEEEEING.
 32197 | Swamp:4  | 32197 ||| FLEEEEING.
 32198 | Swamp:4  | 32198 ||| FLEEEEING.
 32199 | Swamp:4  | 32199 ||| FLEEEEING.
 32200 | Swamp:4  | 32200 ||| FLEEEEING.
 32201 | Swamp:4  | 32201 ||| FLEEEEING.
 32202 | Swamp:4  | 32202 ||| FLEEEEING.
 32203 | Swamp:4  | 32203 ||| FLEEEEING.
 32204 | Swamp:4  | 32204 ||| FLEEEEING.
 32206 | Swamp:4  | 32206 ||| STAIRDANCE
 32222 | Swamp:3  | 32222 ||| DROPPING +6 ring of dexterity.
 32288 | Swamp:4  | 32288 ||| Stepping ~*~*~tactically~*~*~ (hiding).
 32348 | Swamp:4  | 32348 ||| Stepping ~*~*~tactically~*~*~ (stealth).
 32350 | Swamp:4  | 32350 ||| Stepping ~*~*~tactically~*~*~ (hiding).
 32414 | Swamp:4  | Got a decaying rune of Zot
 32469 | Swamp:4  | 32469 ||| PLANNING VAULTS:1-4
 32764 | Vaults:1 | Entered Level 1 of the Vaults
 32789 | Vaults:1 | Noticed Zenata
 32790 | Vaults:1 | 32790 ||| INVOKING Heroism.
 32791 | Vaults:1 | 32791 ||| INVOKING Finesse.
 32821 | Vaults:1 | Killed Zenata
 32891 | Vaults:1 | 32891 ||| Stepping ~*~*~tactically~*~*~ (hiding).
 32898 | Vaults:1 | 32898 ||| Stepping ~*~*~tactically~*~*~ (hiding).
 33006 | Vaults:1 | 33006 ||| READING scroll of enchant armour.
 33006 | Vaults:1 | 33006 ||| ENCHANTING +5 pearl dragon scales.
 33041 | Vaults:1 | 33041 ||| INVOKING Heroism.
 33045 | Vaults:1 | Received a gift from Okawaru
 33045 | Vaults:1 | Found the +2 hat of the Bear Spirit {Spirit, *Rage Will++}
 33108 | Vaults:1 | 33108 ||| INVOKING Heroism.
 33128 | Vaults:1 | Reached XP level 19. HP: 99/125 MP: 26/26
 33205 | Vaults:1 | 33205 ||| INVOKING Heroism.
 33274 | Vaults:1 | 33274 ||| INVOKING Heroism.
 33275 | Vaults:1 | 33275 ||| INVOKING Finesse.
 33335 | Vaults:1 | 33335 ||| Stepping ~*~*~tactically~*~*~ (hiding).
 33336 | Vaults:1 | 33336 ||| INVOKING Finesse.
 33390 | Vaults:1 | 33390 ||| INVOKING Heroism.
 33426 | Vaults:1 | 33426 ||| INVOKING Heroism.
 33555 | Vaults:1 | 33555 ||| READING scroll of enchant armour.
 33555 | Vaults:1 | 33555 ||| ENCHANTING +6 pearl dragon scales.
 33586 | Vaults:1 | 33586 ||| Stepping ~*~*~tactically~*~*~ (stealth).
 33587 | Vaults:1 | 33587 ||| Stepping ~*~*~tactically~*~*~ (stealth).
 33588 | Vaults:1 | 33588 ||| Stepping ~*~*~tactically~*~*~ (stealth).
 33590 | Vaults:1 | 33590 ||| Stepping ~*~*~tactically~*~*~ (stealth).
 33592 | Vaults:1 | 33592 ||| Stepping ~*~*~tactically~*~*~ (stealth).
 33603 | Vaults:1 | Reached skill level 15 in Armour
 33765 | Vaults:1 | 33765 ||| INVOKING Heroism.
 33871 | Vaults:1 | 33871 ||| Stepping ~*~*~tactically~*~*~ (hiding).
 33876 | Vaults:1 | 33876 ||| INVOKING Heroism.
 33882 | Vaults:1 | Received a gift from Okawaru
 33917 | Vaults:1 | 33917 ||| Stepping ~*~*~tactically~*~*~ (stealth).
 33925 | Vaults:1 | 33925 ||| Stepping ~*~*~tactically~*~*~ (hiding).
 33981 | Vaults:1 | 33981 ||| Stepping ~*~*~tactically~*~*~ (hiding).
 33987 | Vaults:1 | Received a gift from Okawaru
 34133 | Vaults:1 | 34133 ||| Stepping ~*~*~tactically~*~*~ (hiding).
 34285 | Vaults:1 | 34285 ||| INVOKING Heroism.
 34468 | Vaults:2 | 34468 ||| READING 6 scrolls of teleportation.
 34515 | Vaults:2 | 34515 ||| Stepping ~*~*~tactically~*~*~ (hiding).
 34526 | Vaults:2 | 34526 ||| Stepping ~*~*~tactically~*~*~ (hiding).
 34527 | Vaults:2 | 34527 ||| Stepping ~*~*~tactically~*~*~ (hiding).
 34546 | Vaults:2 | Received a gift from Okawaru
 34832 | Vaults:2 | 34832 ||| Stepping ~*~*~tactically~*~*~ (hiding).
 34893 | Vaults:2 | 34893 ||| Stepping ~*~*~tactically~*~*~ (stealth).
 34894 | Vaults:2 | 34894 ||| INVOKING Heroism.
 34903 | Vaults:2 | Identified the +10 crystal plate armour "Riptoh" {rPois}
                  | (Okawaru gifted it to you on level 2 of the Vaults)
 34903 | Vaults:2 | Received a gift from Okawaru
 34924 | Vaults:2 | Reached skill level 9 in Throwing
 35033 | Vaults:2 | 35033 ||| INVOKING Heroism.
 35069 | Vaults:2 | Identified a scroll of acquirement
 35078 | Vaults:2 | 35078 ||| READING scroll of acquirement.
 35078 | Vaults:2 | 35078 ||| ACQUIRING 584 gold pieces
 35078 | Vaults:2 | Acquired 584 gold pieces
 35150 | Vaults:2 | 35150 ||| Stepping ~*~*~tactically~*~*~ (stealth).
 35197 | Vaults:2 | Found Bivyomoam's Armour Shop.
 35311 | Vaults:2 | Found a staircase to the Crypt.
 35311 | Vaults:2 | Found an ancient bone altar of Kikubaaqudgha.
 35312 | Vaults:2 | Found a basalt altar of Yredelemnul.
 35457 | Vaults:2 | 35457 ||| INVOKING Heroism.
 35722 | Vaults:2 | 35722 ||| DROPPING +0 acid dragon scales.
 35723 | Vaults:2 | 35723 ||| UPGRADING to +10 crystal plate armour "Riptoh"
                  | {rPois}.
 35733 | Vaults:2 | 35733 ||| DROPPING +7 pearl dragon scales.
 35780 | Vaults:3 | 35780 ||| Stepping ~*~*~tactically~*~*~ (hiding).
 35781 | Vaults:3 | 35781 ||| INVOKING Heroism.
 35908 | Vaults:3 | 35908 ||| FLEEEEING.
 35909 | Vaults:3 | 35909 ||| FLEEEEING.
 35910 | Vaults:3 | 35910 ||| FLEEEEING.
 35911 | Vaults:3 | 35911 ||| FLEEEEING.
 35912 | Vaults:3 | 35912 ||| FLEEEEING.
 35913 | Vaults:3 | 35913 ||| FLEEEEING.
 35914 | Vaults:3 | 35914 ||| FLEEEEING.
 35918 | Vaults:3 | 35918 ||| STAIRDANCE
 36022 | Vaults:3 | 36022 ||| Stepping ~*~*~tactically~*~*~ (hiding).
 36031 | Vaults:3 | 36031 ||| INVOKING Heroism.
 36032 | Vaults:3 | 36032 ||| INVOKING Finesse.
 36035 | Vaults:3 | 36035 ||| Stepping ~*~*~tactically~*~*~ (hiding).
 36047 | Vaults:3 | Reached XP level 20. HP: 113/134 MP: 20/27
 36195 | Vaults:3 | 36195 ||| Stepping ~*~*~tactically~*~*~ (hiding).
 36200 | Vaults:3 | 36200 ||| Stepping ~*~*~tactically~*~*~ (hiding).
 36305 | Vaults:3 | 36305 ||| Stepping ~*~*~tactically~*~*~ (hiding).
 36309 | Vaults:3 | 36309 ||| INVOKING Heroism.
 36506 | Vaults:3 | 36506 ||| INVOKING Heroism.
 36531 | Vaults:3 | Received a gift from Okawaru
 36586 | Vaults:3 | 36586 ||| INVOKING Heroism.
 36603 | Vaults:3 | Found Vaziprul's Antique Armour Boutique.
 36722 | Vaults:3 | 36722 ||| Stepping ~*~*~tactically~*~*~ (hiding).
 36723 | Vaults:3 | 36723 ||| Stepping ~*~*~tactically~*~*~ (hiding).
 36968 | Vaults:3 | 36968 ||| Stepping ~*~*~tactically~*~*~ (hiding).
 36970 | Vaults:3 | 36970 ||| Stepping ~*~*~tactically~*~*~ (hiding).
 37218 | Vaults:3 | 37218 ||| Stepping ~*~*~tactically~*~*~ (stealth).
 37226 | Vaults:3 | 37226 ||| Stepping ~*~*~tactically~*~*~ (stealth).
 37244 | Vaults:3 | 37244 ||| FLEEEEING.
 37245 | Vaults:3 | 37245 ||| FLEEEEING.
 37246 | Vaults:3 | 37246 ||| FLEEEEING.
 37247 | Vaults:3 | 37247 ||| FLEEEEING.
 37248 | Vaults:3 | 37248 ||| FLEEEEING.
 37265 | Vaults:3 | 37265 ||| FLEEEEING.
 37266 | Vaults:3 | 37266 ||| FLEEEEING.
 37267 | Vaults:3 | 37267 ||| FLEEEEING.
 37268 | Vaults:3 | 37268 ||| FLEEEEING.
 37269 | Vaults:3 | 37269 ||| FLEEEEING.
 37271 | Vaults:3 | 37271 ||| FLEEEEING.
 37274 | Vaults:3 | 37274 ||| FLEEEEING.
 37275 | Vaults:3 | 37275 ||| FLEEEEING.
 37276 | Vaults:3 | 37276 ||| FLEEEEING.
 37277 | Vaults:3 | 37277 ||| FLEEEEING.
 37278 | Vaults:3 | 37278 ||| FLEEEEING.
 37279 | Vaults:3 | 37279 ||| FLEEEEING.
 37280 | Vaults:3 | 37280 ||| FLEEEEING.
 37281 | Vaults:3 | 37281 ||| FLEEEEING.
 37282 | Vaults:3 | 37282 ||| FLEEEEING.
 37283 | Vaults:3 | 37283 ||| FLEEEEING.
 37284 | Vaults:3 | 37284 ||| FLEEEEING.
 37285 | Vaults:3 | 37285 ||| FLEEEEING.
 37289 | Vaults:3 | 37289 ||| INVOKING Heroism.
 37305 | Vaults:3 | Received a gift from Okawaru
 37453 | Vaults:3 | You are sucked into a shaft and drop 1 floor!
 37456 | Vaults:4 | 37456 ||| PLANNING WIZLAB
 37524 | Vaults:4 | 37524 ||| Stepping ~*~*~tactically~*~*~ (hiding).
 37525 | Vaults:4 | 37525 ||| Stepping ~*~*~tactically~*~*~ (hiding).
 37548 | Vaults:4 | 37548 ||| INVOKING Heroism.
 37565 | Vaults:4 | Reached skill level 18 in Armour
 37566 | Vaults:4 | Identified the +0 helmet of the Pits of Slime {Rampage
                  | Int-2 Dex+6 SInv} (Okawaru gifted it to you on level 4 of
                  | the Vaults)
 37566 | Vaults:4 | Received a gift from Okawaru
 37573 | Vaults:4 | 37573 ||| Stepping ~*~*~tactically~*~*~ (hiding).
 37574 | Vaults:4 | 37574 ||| Stepping ~*~*~tactically~*~*~ (hiding).
 37824 | Vaults:4 | 37824 ||| Stepping ~*~*~tactically~*~*~ (hiding).
 37825 | Vaults:4 | 37825 ||| Stepping ~*~*~tactically~*~*~ (hiding).
 37964 | Vaults:4 | 37964 ||| Stepping ~*~*~tactically~*~*~ (stealth).
 37966 | Vaults:4 | 37966 ||| Stepping ~*~*~tactically~*~*~ (hiding).
 37973 | Vaults:4 | 37973 ||| Stepping ~*~*~tactically~*~*~ (hiding).
 37983 | Vaults:4 | 37983 ||| INVOKING Heroism.
 37985 | Vaults:4 | 37985 ||| Stepping ~*~*~tactically~*~*~ (hiding).
 38026 | Vaults:4 | 38026 ||| INVOKING Heroism.
 38030 | Vaults:4 | Paralysed by a sphinx for 2 turns
 38033 | Vaults:4 | 38033 ||| DRINKING 14 potions of curing.
 38033 | Vaults:4 | 38033 ||| (to cure confusion)
 38047 | Vaults:4 | Reached ****** piety under Okawaru
 38238 | Vaults:4 | 38238 ||| RIP WIZLAB
 38315 | Vaults:4 | 38315 ||| PLANNING VAULTS:1-4
 38461 | Vaults:4 | 38461 ||| Stepping ~*~*~tactically~*~*~ (hiding).
 38488 | Vaults:4 | 38488 ||| Stepping ~*~*~tactically~*~*~ (hiding).
 38489 | Vaults:4 | 38489 ||| Stepping ~*~*~tactically~*~*~ (hiding).
 38490 | Vaults:4 | 38490 ||| Stepping ~*~*~tactically~*~*~ (hiding).
 38495 | Vaults:4 | 38495 ||| INVOKING Heroism.
 38530 | Vaults:4 | 38530 ||| Stepping ~*~*~tactically~*~*~ (hiding).
 38531 | Vaults:4 | 38531 ||| Stepping ~*~*~tactically~*~*~ (hiding).
 38682 | Vaults:4 | 38682 ||| UPGRADING to +0 helmet of the Pits of Slime
                  | {Rampage Int-2 Dex+6 SInv}.
 38692 | Vaults:4 | 38692 ||| DROPPING +2 helmet.
 38693 | Vaults:4 | 38693 ||| DROPPING ring of wizardry.
 38706 | Vaults:3 | 38706 ||| Stepping ~*~*~tactically~*~*~ (stealth).
 38707 | Vaults:3 | 38707 ||| Stepping ~*~*~tactically~*~*~ (stealth).
 39008 | Vaults:4 | 39008 ||| Stepping ~*~*~tactically~*~*~ (hiding).
 39009 | Vaults:4 | 39009 ||| Stepping ~*~*~tactically~*~*~ (hiding).
 39010 | Vaults:4 | 39010 ||| Stepping ~*~*~tactically~*~*~ (stealth).
 39203 | Vaults:4 | 39203 ||| Stepping ~*~*~tactically~*~*~ (hiding).
 39210 | Vaults:4 | 39210 ||| Stepping ~*~*~tactically~*~*~ (hiding).
 39220 | Vaults:4 | 39220 ||| Stepping ~*~*~tactically~*~*~ (hiding).
 39238 | Vaults:4 | 39238 ||| Stepping ~*~*~tactically~*~*~ (stealth).
 39239 | Vaults:4 | 39239 ||| Stepping ~*~*~tactically~*~*~ (stealth).
 39244 | Vaults:4 | 39244 ||| INVOKING Heroism.
 39255 | Vaults:4 | Reached XP level 21. HP: 139/139 MP: 26/28
 39277 | Vaults:4 | Identified the +3 longbow "Voov" {freeze, Drain rN+++ rCorr
                  | MP+9}
 39291 | Vaults:4 | Noticed a golden dragon
 39292 | Vaults:4 | 39292 ||| Stepping ~*~*~tactically~*~*~ (hiding).
 39293 | Vaults:4 | 39293 ||| Stepping ~*~*~tactically~*~*~ (stealth).
 39294 | Vaults:4 | 39294 ||| INVOKING Heroism.
 39295 | Vaults:4 | 39295 ||| INVOKING Finesse.
 39307 | Vaults:4 | Killed a golden dragon
 39371 | Vaults:4 | 39371 ||| Stepping ~*~*~tactically~*~*~ (hiding).
 39457 | Vaults:4 | Reached skill level 6 in Dodging
 39515 | Vaults:4 | 39515 ||| PLANNING SNAKE:4
 39909 | Snake:4  | Entered Level 4 of the Snake Pit
 39972 | Snake:4  | 39972 ||| INVOKING Heroism.
 40084 | Snake:4  | 40084 ||| Stepping ~*~*~tactically~*~*~ (hiding).
 40085 | Snake:4  | 40085 ||| Stepping ~*~*~tactically~*~*~ (hiding).
 40087 | Snake:4  | 40087 ||| Stepping ~*~*~tactically~*~*~ (hiding).
 40199 | Snake:4  | 40199 ||| Stepping ~*~*~tactically~*~*~ (hiding).
 40200 | Snake:4  | 40200 ||| Stepping ~*~*~tactically~*~*~ (hiding).
 40201 | Snake:4  | 40201 ||| Stepping ~*~*~tactically~*~*~ (hiding).
 40203 | Snake:4  | 40203 ||| Stepping ~*~*~tactically~*~*~ (hiding).
 40211 | Snake:4  | 40211 ||| Stepping ~*~*~tactically~*~*~ (hiding).
 40366 | Snake:4  | 40366 ||| Stepping ~*~*~tactically~*~*~ (hiding).
 40375 | Snake:4  | 40375 ||| INVOKING Heroism.
 40495 | Snake:4  | 40495 ||| Stepping ~*~*~tactically~*~*~ (hiding).
 40499 | Snake:4  | 40499 ||| INVOKING Heroism.
 40521 | Snake:4  | Identified the +0 crystal plate armour of the Lair of
                  | Beasts {rC++ Str+5 Dex-3} (Okawaru gifted it to you on
                  | level 4 of the Snake Pit)
 40521 | Snake:4  | Received a gift from Okawaru
 40585 | Snake:4  | 40585 ||| Stepping ~*~*~tactically~*~*~ (stealth).
 40627 | Snake:4  | 40627 ||| Stepping ~*~*~tactically~*~*~ (stealth).
 40699 | Snake:4  | 40699 ||| Stepping ~*~*~tactically~*~*~ (hiding).
 40707 | Snake:4  | 40707 ||| INVOKING Heroism.
 40763 | Snake:4  | 40763 ||| Stepping ~*~*~tactically~*~*~ (hiding).
 40764 | Snake:4  | 40764 ||| Stepping ~*~*~tactically~*~*~ (hiding).
 40781 | Snake:4  | 40781 ||| Stepping ~*~*~tactically~*~*~ (hiding).
 40782 | Snake:4  | 40782 ||| Stepping ~*~*~tactically~*~*~ (hiding).
 40784 | Snake:4  | 40784 ||| INVOKING Heroism.
 40794 | Snake:4  | Reached skill level 18 in Fighting
 40907 | Snake:4  | 40907 ||| Stepping ~*~*~tactically~*~*~ (hiding).
 40908 | Snake:4  | 40908 ||| Stepping ~*~*~tactically~*~*~ (hiding).
 40966 | Snake:4  | 40966 ||| INVOKING Heroism.
 41028 | Snake:4  | Got a serpentine rune of Zot
 41060 | Snake:4  | 41060 ||| Stepping ~*~*~tactically~*~*~ (hiding).
 41104 | Snake:4  | 41104 ||| INVOKING Heroism.
 41226 | Snake:4  | 41226 ||| PLANNING DEPTHS
 41226 | Snake:4  | 41226 ||| DROPPING +1 helmet.
 41537 | Depths:1 | Entered Level 1 of the Depths
 41614 | Depths:1 | 41614 ||| Stepping ~*~*~tactically~*~*~ (hiding).
 41698 | Depths:1 | 41698 ||| Stepping ~*~*~tactically~*~*~ (hiding).
 41716 | Depths:1 | 41716 ||| INVOKING Heroism.
 41719 | Depths:1 | 41719 ||| INVOKING Finesse.
 41746 | Depths:1 | 41746 ||| INVOKING Heroism.
 41846 | Depths:1 | 41846 ||| Stepping ~*~*~tactically~*~*~ (stealth).
 41872 | Depths:1 | Reached skill level 21 in Armour
 41887 | Depths:1 | 41887 ||| INVOKING Heroism.
 41919 | Depths:1 | Found a gateway to Hell.
 41942 | Depths:1 | 41942 ||| INVOKING Heroism.
 42030 | Depths:1 | 42030 ||| Stepping ~*~*~tactically~*~*~ (stealth).
 42032 | Depths:1 | 42032 ||| INVOKING Heroism.
 42178 | Depths:1 | 42178 ||| Stepping ~*~*~tactically~*~*~ (stealth).
 42180 | Depths:1 | 42180 ||| Stepping ~*~*~tactically~*~*~ (hiding).
 42454 | Depths:1 | 42454 ||| INVOKING Heroism.
 42455 | Depths:1 | 42455 ||| INVOKING Finesse.
 42733 | Depths:2 | Identified the +5 ring mail of Irom {rN+ SInv} (Okawaru
                  | gifted it to you on level 2 of the Depths)
 42733 | Depths:2 | Received a gift from Okawaru
 42747 | Depths:2 | 42747 ||| Stepping ~*~*~tactically~*~*~ (hiding).
 42759 | Depths:2 | 42759 ||| INVOKING Heroism.
 42760 | Depths:2 | 42760 ||| INVOKING Finesse.
 42811 | Depths:2 | Found Ruhas's Book Boutique.
 42931 | Depths:2 | an iron dragon changed into a caustic shrike
 42931 | Depths:2 | Noticed a caustic shrike (glowing shapeshifter)
 42935 | Depths:2 | a caustic shrike changed into an iron giant
 42945 | Depths:2 | 42945 ||| INVOKING Heroism.
 42949 | Depths:2 | 42949 ||| INVOKING Finesse.
 43016 | Depths:2 | 43016 ||| DRINKING 13 potions of curing.
 43016 | Depths:2 | 43016 ||| (to cure confusion)
 43020 | Depths:2 | 43020 ||| Stepping ~*~*~tactically~*~*~ (hiding).
 43078 | Depths:2 | Found Caipie's Jewellery Boutique.
 43190 | Depths:2 | Found a stormy altar of Qazlal.
 43239 | Depths:2 | Found a one-way gate leading to the halls of Pandemonium.
 43240 | Depths:2 | 43240 ||| Stepping ~*~*~tactically~*~*~ (hiding).
 43251 | Depths:2 | 43251 ||| Stepping ~*~*~tactically~*~*~ (hiding).
 43252 | Depths:2 | 43252 ||| INVOKING Heroism.
 43253 | Depths:2 | 43253 ||| INVOKING Finesse.
 43262 | Depths:2 | Reached XP level 22. HP: 137/147 MP: 22/29
 43333 | Depths:2 | 43333 ||| Stepping ~*~*~tactically~*~*~ (hiding).
 43334 | Depths:2 | 43334 ||| Stepping ~*~*~tactically~*~*~ (hiding).
 43452 | Depths:2 | 43452 ||| Stepping ~*~*~tactically~*~*~ (hiding).
 43487 | Depths:2 | 43487 ||| Stepping ~*~*~tactically~*~*~ (hiding).
 43778 | Depths:3 | 43778 ||| STAIRDANCE
 43789 | Depths:3 | 43789 ||| STAIRDANCE
 43792 | Depths:2 | 43792 ||| INVOKING Heroism.
 43808 | Depths:3 | 43808 ||| STAIRDANCE
 43846 | Depths:3 | 43846 ||| INVOKING Heroism.
 43909 | Depths:3 | 43909 ||| FLEEEEING.
 43910 | Depths:3 | 43910 ||| STAIRDANCE
 43911 | Depths:2 | Found the +7 lajatang of Order {silver, rMut}
 43955 | Depths:3 | 43955 ||| STAIRDANCE
 43970 | Depths:3 | 43970 ||| INVOKING Heroism.
 43996 | Depths:3 | Identified the +1 leather armour of Action {rC- Dex+8}
 43997 | Depths:3 | 43997 ||| Stepping ~*~*~tactically~*~*~ (hiding).
 44000 | Depths:3 | 44000 ||| INVOKING Heroism.
 44007 | Depths:3 | 44007 ||| Stepping ~*~*~tactically~*~*~ (stealth).
 44008 | Depths:3 | 44008 ||| Stepping ~*~*~tactically~*~*~ (stealth).
 44022 | Depths:3 | 44022 ||| INVOKING Heroism.
 44027 | Depths:3 | 44027 ||| ZAPPING wand of digging (21).
 44056 | Depths:3 | 44056 ||| READING 8 scrolls of teleportation.
 44100 | Depths:3 | 44100 ||| INVOKING Heroism.
 44101 | Depths:3 | 44101 ||| INVOKING Finesse.
 44157 | Depths:3 | Noticed Saint Roka
 44174 | Depths:3 | 44174 ||| INVOKING Heroism.
 44178 | Depths:3 | Killed Saint Roka
 44242 | Depths:3 | Found a runed translucent door.
 44291 | Depths:3 | Found a runed translucent door.
 44387 | Depths:3 | 44387 ||| INVOKING Heroism.
 44419 | Depths:3 | 44419 ||| Stepping ~*~*~tactically~*~*~ (hiding).
 44530 | Depths:3 | Found a one-way gate to the infinite horrors of the Abyss.
 44569 | Depths:3 | You are sucked into a shaft and drop 1 floor!
 44569 | Depths:4 | Entered Level 4 of the Depths
 44574 | Depths:4 | 44574 ||| INVOKING Heroism.
 44602 | Depths:4 | 44602 ||| INVOKING Heroism.
 44687 | Depths:4 | 44687 ||| Stepping ~*~*~tactically~*~*~ (hiding).
 44690 | Depths:4 | 44690 ||| INVOKING Heroism.
 44726 | Depths:4 | Received a gift from Okawaru
 44744 | Depths:4 | 44744 ||| Stepping ~*~*~tactically~*~*~ (hiding).
 44752 | Depths:4 | 44752 ||| INVOKING Heroism.
 44753 | Depths:4 | 44753 ||| INVOKING Finesse.
 44803 | Depths:4 | 44803 ||| Stepping ~*~*~tactically~*~*~ (hiding).
 44811 | Depths:4 | 44811 ||| INVOKING Finesse.
 44814 | Depths:4 | 44814 ||| INVOKING Heroism.
 44857 | Depths:4 | 44857 ||| Stepping ~*~*~tactically~*~*~ (hiding).
 44863 | Depths:4 | 44863 ||| INVOKING Heroism.
 44895 | Depths:4 | 44895 ||| Stepping ~*~*~tactically~*~*~ (hiding).
 44902 | Depths:4 | 44902 ||| INVOKING Finesse.
 44920 | Depths:4 | Received a gift from Okawaru
 44958 | Depths:4 | 44958 ||| INVOKING Heroism.
 44959 | Depths:4 | 44959 ||| INVOKING Finesse.
 44998 | Depths:4 | 44998 ||| Stepping ~*~*~tactically~*~*~ (hiding).
 45002 | Depths:4 | 45002 ||| INVOKING Finesse.
 45039 | Depths:4 | 45039 ||| Stepping ~*~*~tactically~*~*~ (hiding).
 45044 | Depths:4 | 45044 ||| INVOKING Heroism.
 45100 | Depths:4 | Noticed a juggernaut
 45101 | Depths:4 | 45101 ||| INVOKING Heroism.
 45103 | Depths:4 | 45103 ||| Stepping ~*~*~tactically~*~*~ (hiding).
 45116 | Depths:4 | Killed a juggernaut
 45180 | Depths:4 | 45180 ||| Stepping ~*~*~tactically~*~*~ (hiding).
 45232 | Depths:4 | 45232 ||| Stepping ~*~*~tactically~*~*~ (stealth).
 45243 | Depths:4 | 45243 ||| Stepping ~*~*~tactically~*~*~ (hiding).
 45267 | Depths:4 | 45267 ||| Stepping ~*~*~tactically~*~*~ (hiding).
 45273 | Depths:4 | Received a gift from Okawaru
 45274 | Depths:4 | 45274 ||| INVOKING Heroism.
 45360 | Depths:4 | Found a radiant altar of Vehumet.
 45360 | Depths:4 | Found an ornate altar of the Wu Jian Council.
 45364 | Depths:4 | Found a sparkling altar of Nemelex Xobeh.
 45375 | Depths:4 | Found a one-way gateway to a ziggurat.
 45398 | Depths:4 | Noticed a juggernaut
 45399 | Depths:4 | 45399 ||| Stepping ~*~*~tactically~*~*~ (hiding).
 45400 | Depths:4 | 45400 ||| INVOKING Heroism.
 45418 | Depths:4 | Killed a juggernaut
 45418 | Depths:4 | Received a gift from Okawaru
 45492 | Depths:4 | 45492 ||| Stepping ~*~*~tactically~*~*~ (hiding).
 45494 | Depths:4 | 45494 ||| INVOKING Heroism.
 45503 | Depths:4 | Reached XP level 23. HP: 137/156 MP: 28/30
 45530 | Depths:4 | 45530 ||| Stepping ~*~*~tactically~*~*~ (stealth).
 45531 | Depths:4 | 45531 ||| Stepping ~*~*~tactically~*~*~ (stealth).
 45536 | Depths:4 | 45536 ||| Stepping ~*~*~tactically~*~*~ (stealth).
 45541 | Depths:4 | 45541 ||| Stepping ~*~*~tactically~*~*~ (stealth).
 45559 | Depths:4 | 45559 ||| Stepping ~*~*~tactically~*~*~ (stealth).
 45561 | Depths:4 | 45561 ||| Stepping ~*~*~tactically~*~*~ (hiding).
 45585 | Depths:3 | 45585 ||| INVOKING Heroism.
 45890 | Depths:3 | 45890 ||| DROPPING +1 pair of gloves.
 46001 | Depths:4 | 46001 ||| INVOKING Heroism.
 46035 | Depths:4 | Received a gift from Okawaru
 46123 | Depths:4 | Noticed a caustic shrike
 46123 | Depths:4 | Noticed a caustic shrike
 46123 | Depths:4 | Noticed a caustic shrike
 46123 | Depths:4 | Noticed a caustic shrike
 46124 | Depths:4 | 46124 ||| Stepping ~*~*~tactically~*~*~ (stealth).
 46124 | Depths:4 | Noticed a caustic shrike
 46125 | Depths:4 | 46125 ||| INVOKING Heroism.
 46126 | Depths:4 | 46126 ||| INVOKING Finesse.
 46132 | Depths:4 | Killed a caustic shrike
 46134 | Depths:4 | Killed a caustic shrike
 46137 | Depths:4 | Killed a caustic shrike
 46144 | Depths:4 | Killed a caustic shrike
 46150 | Depths:4 | Killed a caustic shrike
 46151 | Depths:4 | Reached skill level 21 in Shields
 46185 | Depths:4 | Found a gate to the Realm of Zot.
 46186 | Depths:4 | 46186 ||| Stepping ~*~*~tactically~*~*~ (hiding).
 46199 | Depths:4 | Received a gift from Okawaru
 46230 | Depths:4 | 46230 ||| Stepping ~*~*~tactically~*~*~ (hiding).
 46231 | Depths:4 | 46231 ||| Stepping ~*~*~tactically~*~*~ (hiding).
 46327 | Depths:4 | 46327 ||| INVOKING Heroism.
 46328 | Depths:4 | 46328 ||| INVOKING Finesse.
 46429 | Depths:4 | 46429 ||| Stepping ~*~*~tactically~*~*~ (stealth).
 46437 | Depths:4 | 46437 ||| Stepping ~*~*~tactically~*~*~ (stealth).
 46445 | Depths:4 | 46445 ||| INVOKING Heroism.
 46450 | Depths:4 | 46450 ||| Stepping ~*~*~tactically~*~*~ (hiding).
 46459 | Depths:4 | 46459 ||| INVOKING Finesse.
 46468 | Depths:4 | Noticed a golden dragon
 46481 | Depths:4 | Killed a golden dragon
 46481 | Depths:4 | Received a gift from Okawaru
 46496 | Depths:4 | 46496 ||| Stepping ~*~*~tactically~*~*~ (stealth).
 46524 | Depths:4 | 46524 ||| Stepping ~*~*~tactically~*~*~ (stealth).
 46526 | Depths:4 | 46526 ||| Stepping ~*~*~tactically~*~*~ (hiding).
 46547 | Depths:4 | Identified the +2 rapier "Uptib" {protect, rF+}
 46599 | Depths:4 | 46599 ||| PLANNING VAULTS:5
 46599 | Depths:4 | 46599 ||| DROPPING ring of magical power.
 46926 | Vaults:5 | Entered Level 5 of the Vaults
 46927 | Vaults:5 | 46927 ||| INVOKING Heroism.
 46928 | Vaults:5 | 46928 ||| STAIRDANCE
 46946 | Vaults:4 | Reached skill level 21 in Fighting
 46952 | Vaults:5 | 46952 ||| STAIRDANCE
 46977 | Vaults:5 | 46977 ||| STAIRDANCE
 46983 | Vaults:4 | Identified the +0 cloak "Bumem" {Will+ Slay+3} (Okawaru
                  | gifted it to you on level 4 of the Vaults)
 46983 | Vaults:4 | Received a gift from Okawaru
 47020 | Vaults:4 | 47020 ||| UPGRADING to +0 cloak "Bumem" {Will+ Slay+3}.
 47030 | Vaults:4 | 47030 ||| DROPPING +2 cloak.
 47034 | Vaults:5 | 47034 ||| STAIRDANCE
 47055 | Vaults:5 | 47055 ||| STAIRDANCE
 47076 | Vaults:5 | 47076 ||| INVOKING Heroism.
 47078 | Vaults:5 | 47078 ||| INVOKING Finesse.
 47107 | Vaults:5 | 47107 ||| Stepping ~*~*~tactically~*~*~ (hiding).
 47120 | Vaults:5 | 47120 ||| Stepping ~*~*~tactically~*~*~ (hiding).
 47168 | Vaults:5 | Noticed an ancient lich
 47169 | Vaults:5 | 47169 ||| Stepping ~*~*~tactically~*~*~ (hiding).
 47178 | Vaults:5 | 47178 ||| INVOKING Finesse.
 47179 | Vaults:5 | 47179 ||| INVOKING Heroism.
 47181 | Vaults:5 | Killed an ancient lich
 47301 | Vaults:5 | Identified the +2 plate armour of Ymehuil {+Blink Str+4}
 47348 | Vaults:5 | 47348 ||| Stepping ~*~*~tactically~*~*~ (hiding).
 47352 | Vaults:5 | 47352 ||| INVOKING Heroism.
 47447 | Vaults:5 | 47447 ||| INVOKING Heroism.
 47494 | Vaults:5 | Reached XP level 24. HP: 168/168 MP: 30/30
 47517 | Vaults:5 | 47517 ||| Stepping ~*~*~tactically~*~*~ (hiding).
 47539 | Vaults:5 | Reached skill level 9 in Dodging
 47555 | Vaults:5 | 47555 ||| Stepping ~*~*~tactically~*~*~ (hiding).
 47577 | Vaults:5 | 47577 ||| INVOKING Heroism.
 47609 | Vaults:5 | 47609 ||| Stepping ~*~*~tactically~*~*~ (hiding).
 47612 | Vaults:5 | Received a gift from Okawaru
 47649 | Vaults:5 | 47649 ||| Stepping ~*~*~tactically~*~*~ (stealth).
 47690 | Vaults:5 | Found Sumeat's Magic Scroll Boutique.
 47697 | Vaults:5 | 47697 ||| BUYING scroll of teleportation (57 gold).
 47697 | Vaults:5 | Bought a scroll of teleportation for 57 gold pieces
 47739 | Vaults:5 | Found the +1 cloak of Starlight {*Dazzle EV+4 Stlth--}
 47862 | Vaults:5 | Got a silver rune of Zot
 47893 | Vaults:5 | Noticed a dread lich
 47894 | Vaults:5 | 47894 ||| INVOKING Heroism.
 47895 | Vaults:5 | 47895 ||| INVOKING Finesse.
 47903 | Vaults:5 | Noticed a dread lich
 47914 | Vaults:5 | Killed a dread lich
 47924 | Vaults:5 | Killed a dread lich
 47959 | Vaults:5 | 47959 ||| Stepping ~*~*~tactically~*~*~ (hiding).
 47978 | Vaults:5 | 47978 ||| Stepping ~*~*~tactically~*~*~ (hiding).
 48004 | Vaults:5 | 48004 ||| INVOKING Heroism.
 48063 | Vaults:5 | 48063 ||| INVOKING Heroism.
 48092 | Vaults:5 | Identified the ring of Fanaticism {Drain rCorr AC+4 Dex+10
                  | Stlth+}
 48113 | Vaults:5 | Noticed an ancient lich
 48114 | Vaults:5 | 48114 ||| Stepping ~*~*~tactically~*~*~ (hiding).
 48115 | Vaults:5 | 48115 ||| INVOKING Heroism.
 48117 | Vaults:5 | 48117 ||| INVOKING Finesse.
 48119 | Vaults:5 | Found Iremofor's Jewellery Shoppe.
 48119 | Vaults:5 | Noticed a dread lich
 48119 | Vaults:5 | Noticed a dread lich
 48127 | Vaults:5 | 48127 ||| DRINKING 7 potions of resistance.
 48129 | Vaults:5 | Killed a dread lich
 48133 | Vaults:5 | Killed an ancient lich
 48162 | Vaults:5 | Killed a dread lich
 48188 | Vaults:5 | Received a gift from Okawaru
 48232 | Vaults:5 | 48232 ||| Stepping ~*~*~tactically~*~*~ (stealth).
 48275 | Vaults:5 | 48275 ||| Stepping ~*~*~tactically~*~*~ (hiding).
 48290 | Vaults:5 | 48290 ||| FLEEEEING.
 48291 | Vaults:5 | 48291 ||| FLEEEEING.
 48292 | Vaults:5 | 48292 ||| FLEEEEING.
 48293 | Vaults:5 | 48293 ||| FLEEEEING.
 48294 | Vaults:5 | 48294 ||| FLEEEEING.
 48295 | Vaults:5 | 48295 ||| FLEEEEING.
 48296 | Vaults:5 | 48296 ||| FLEEEEING.
 48297 | Vaults:5 | 48297 ||| FLEEEEING.
 48298 | Vaults:5 | 48298 ||| FLEEEEING.
 48340 | Vaults:5 | Found Taqiezet's Distillery.
 48344 | Vaults:5 | 48344 ||| BUYING 2 potions of might (120 gold).
 48344 | Vaults:5 | Bought 2 potions of might for 120 gold pieces
 48344 | Vaults:5 | 48344 ||| BUYING potion of attraction (45 gold).
 48344 | Vaults:5 | Bought a potion of attraction for 45 gold pieces
 48344 | Vaults:5 | 48344 ||| BUYING potion of curing (45 gold).
 48344 | Vaults:5 | Bought a potion of curing for 45 gold pieces
 48344 | Vaults:5 | 48344 ||| BUYING potion of curing (45 gold).
 48344 | Vaults:5 | Bought a potion of curing for 45 gold pieces
 48344 | Vaults:5 | 48344 ||| BUYING potion of heal wounds (75 gold).
 48344 | Vaults:5 | Bought a potion of heal wounds for 75 gold pieces
 48344 | Vaults:5 | 48344 ||| BUYING potion of lignification (45 gold).
 48344 | Vaults:5 | Bought a potion of lignification for 45 gold pieces
 48594 | Vaults:5 | 48594 ||| PLANNING SHOPPING SPREE
 48594 | Vaults:5 | 48594 ||| DROPPING +4 ring of protection.
 48595 | Vaults:5 | 48595 ||| DROPPING ring of ice.
 48596 | Vaults:5 | 48596 ||| DROPPING ring of resist corrosion.
 48597 | Vaults:5 | 48597 ||| UPGRADING to ring of Fanaticism {Drain rCorr AC+4
                  | Dex+10 Stlth+}.
 48982 | D:1      | 48982 ||| BUYING 2 scrolls of teleportation (78 gold).
 48982 | D:1      | Bought 2 scrolls of teleportation for 78 gold pieces
 48982 | D:1      | 48982 ||| BUYING scroll of enchant weapon (97 gold).
 48982 | D:1      | Bought a scroll of enchant weapon for 97 gold pieces
 49342 | Snake:2  | 49342 ||| BUYING ring of protection from cold (350 gold).
 49342 | Snake:2  | Bought a ring of protection from cold for 350 gold pieces
 49342 | Snake:2  | 49342 ||| DROPPING ring of ice.
 49605 | D:13     | 49605 ||| BUYING ring of Soinuhou {rC+ rCorr Str+2} (668
                  | gold).
 49605 | D:13     | Bought the ring of Soinuhou {rC+ rCorr Str+2} for 668 gold
                  | pieces
 49605 | D:13     | 49605 ||| DROPPING ring of protection from cold.
 49606 | D:13     | 49606 ||| DROPPING ring of Ruor Cucw {*Slow rC+ rCorr
                  | Int+3}.
 49607 | D:13     | 49607 ||| DROPPING ring of resist corrosion.
 49608 | D:13     | 49608 ||| PLANNING ZOT:1-4
 49839 | Zot:1    | Entered Level 1 of the Realm of Zot
 49843 | Zot:1    | 49843 ||| INVOKING Heroism.
 49845 | Zot:1    | Noticed an orb of fire
 49846 | Zot:1    | 49846 ||| DRINKING 6 potions of resistance.
 49847 | Zot:1    | 49847 ||| INVOKING Finesse.
 49854 | Zot:1    | Gained mutation: Your muscles are strong. (Str +4, Int/Dex
                  | -1) [an orb of fire]
 49859 | Zot:1    | Gained mutation: You occasionally shout uncontrollably at
                  | your foes. [an orb of fire]
 49869 | Zot:1    | Killed an orb of fire
 49869 | Zot:1    | Received a gift from Okawaru
 49888 | Zot:1    | Noticed an orb of fire
 49889 | Zot:1    | 49889 ||| INVOKING Heroism.
 49900 | Zot:1    | Gained mutation: Your magical capacity is low. (-10% MP)
                  | [an orb of fire]
 49901 | Zot:1    | Gained mutation: Your spells are a little easier to cast,
                  | but a little less powerful. [an orb of fire]
 49914 | Zot:1    | Killed an orb of fire
 49960 | Zot:1    | 49960 ||| Stepping ~*~*~tactically~*~*~ (stealth).
 49962 | Zot:1    | 49962 ||| Stepping ~*~*~tactically~*~*~ (hiding).
 50070 | Zot:1    | 50070 ||| INVOKING Heroism.
 50077 | Zot:1    | Received a gift from Okawaru
 50126 | Zot:1    | 50126 ||| DROPPING +4 vorpal broad axe.
 50248 | Zot:1    | 50248 ||| INVOKING Heroism.
 50299 | Zot:1    | 50299 ||| Stepping ~*~*~tactically~*~*~ (hiding).
 50300 | Zot:1    | 50300 ||| Stepping ~*~*~tactically~*~*~ (hiding).
 50305 | Zot:1    | 50305 ||| INVOKING Heroism.
 50329 | Zot:1    | Reached XP level 25. HP: 176/176 MP: 27/27
 50341 | Zot:1    | 50341 ||| Stepping ~*~*~tactically~*~*~ (stealth).
 50344 | Zot:1    | 50344 ||| Stepping ~*~*~tactically~*~*~ (stealth).
 51018 | Zot:1    | 51018 ||| UPGRADING to ring "Enoupeag" {rF+ Str+5 SInv}.
 51056 | Zot:2    | Found the +4 dragonskin cloak
 51056 | Zot:2    | Noticed Tiamat
 51057 | Zot:2    | 51057 ||| STAIRDANCE
 51061 | Zot:1    | Received a gift from Okawaru
 51068 | Zot:2    | 51068 ||| INVOKING Heroism.
 51069 | Zot:2    | 51069 ||| STAIRDANCE
 51084 | Zot:2    | 51084 ||| STAIRDANCE
 51095 | Zot:2    | 51095 ||| STAIRDANCE
 51128 | Zot:2    | 51128 ||| INVOKING Heroism.
 51129 | Zot:2    | 51129 ||| INVOKING Finesse.
 51130 | Zot:2    | 51130 ||| STAIRDANCE
 51171 | Zot:2    | 51171 ||| STAIRDANCE
 51182 | Zot:2    | 51182 ||| INVOKING Heroism.
 51183 | Zot:2    | 51183 ||| INVOKING Finesse.
 51190 | Zot:2    | Reached skill level 12 in Dodging
 51223 | Zot:2    | Killed Tiamat
 51223 | Zot:2    | Received a gift from Okawaru
 51265 | Zot:2    | 51265 ||| Stepping ~*~*~tactically~*~*~ (hiding).
 51267 | Zot:2    | 51267 ||| INVOKING Heroism.
 51309 | Zot:2    | 51309 ||| Stepping ~*~*~tactically~*~*~ (hiding).
 51312 | Zot:2    | 51312 ||| INVOKING Heroism.
 51380 | Zot:2    | 51380 ||| Stepping ~*~*~tactically~*~*~ (hiding).
 51426 | Zot:2    | 51426 ||| INVOKING Heroism.
 51523 | Zot:2    | Reached skill level 24 in Fighting
 51618 | Zot:2    | 51618 ||| Stepping ~*~*~tactically~*~*~ (hiding).
 51619 | Zot:2    | 51619 ||| Stepping ~*~*~tactically~*~*~ (hiding).
 51663 | Zot:2    | 51663 ||| Stepping ~*~*~tactically~*~*~ (hiding).
 51669 | Zot:2    | 51669 ||| INVOKING Heroism.
 51801 | Zot:2    | 51801 ||| Stepping ~*~*~tactically~*~*~ (hiding).
 51843 | Zot:2    | Received a gift from Okawaru
 52008 | Zot:2    | 52008 ||| Stepping ~*~*~tactically~*~*~ (stealth).
 52009 | Zot:2    | 52009 ||| Stepping ~*~*~tactically~*~*~ (stealth).
 52010 | Zot:2    | 52010 ||| Stepping ~*~*~tactically~*~*~ (stealth).
 52042 | Zot:2    | 52042 ||| INVOKING Heroism.
 52129 | Zot:2    | 52129 ||| READING 43 scrolls of identify.
 52129 | Zot:2    | 52129 ||| IDENTIFYING inky potion
 52162 | Zot:3    | 52162 ||| Stepping ~*~*~tactically~*~*~ (hiding).
 52238 | Zot:3    | 52238 ||| Stepping ~*~*~tactically~*~*~ (hiding).
 52249 | Zot:3    | Received a gift from Okawaru
 52394 | Zot:3    | 52394 ||| Stepping ~*~*~tactically~*~*~ (hiding).
 52396 | Zot:3    | 52396 ||| INVOKING Heroism.
 52404 | Zot:3    | 52404 ||| Stepping ~*~*~tactically~*~*~ (stealth).
 52492 | Zot:3    | Noticed an orb of fire
 52493 | Zot:3    | 52493 ||| Stepping ~*~*~tactically~*~*~ (hiding).
 52495 | Zot:3    | 52495 ||| Stepping ~*~*~tactically~*~*~ (hiding).
 52496 | Zot:3    | 52496 ||| INVOKING Heroism.
 52497 | Zot:3    | 52497 ||| INVOKING Finesse.
 52499 | Zot:3    | Gained mutation: You are vulnerable to heat. (rF-) [an orb
                  | of fire]
 52500 | Zot:3    | 52500 ||| DRINKING 5 potions of resistance.
 52511 | Zot:3    | Killed an orb of fire
 52549 | Zot:3    | 52549 ||| Stepping ~*~*~tactically~*~*~ (stealth).
 52551 | Zot:3    | 52551 ||| Stepping ~*~*~tactically~*~*~ (stealth).
 52552 | Zot:3    | 52552 ||| DRINKING 8 potions of mutation.
 52552 | Zot:3    | Lost mutation: You have sharp toenails. [potion of
                  | mutation]
 52552 | Zot:3    | Lost mutation: You are vulnerable to heat. (rF-) [potion of
                  | mutation]
 52552 | Zot:3    | Gained mutation: You expend magic power (3 MP) to
                  | strengthen your wands. [potion of mutation]
 52552 | Zot:3    | Gained mutation: You are robust. (+10% HP) [potion of
                  | mutation]
 52568 | Zot:3    | 52568 ||| INVOKING Heroism.
 52681 | Zot:3    | 52681 ||| INVOKING Heroism.
 52689 | Zot:3    | Received a gift from Okawaru
 52705 | Zot:3    | Reached skill level 12 in Throwing
 52779 | Zot:3    | Received a gift from Okawaru
 52888 | Zot:3    | 52888 ||| Stepping ~*~*~tactically~*~*~ (hiding).
 52890 | Zot:3    | 52890 ||| INVOKING Heroism.
 53104 | Zot:4    | 53104 ||| INVOKING Heroism.
 53210 | Zot:4    | Identified the +6 demon trident "Sacifest" {freeze, rN+}
                  | (Okawaru gifted it to you on level 4 of the Realm of Zot)
 53210 | Zot:4    | Received a gift from Okawaru
 53289 | Zot:4    | 53289 ||| INVOKING Heroism.
 53627 | Zot:4    | 53627 ||| INVOKING Heroism.
 53689 | Zot:4    | 53689 ||| INVOKING Heroism.
 53712 | Zot:4    | Reached XP level 26. HP: 197/202 MP: 27/27
 53717 | Zot:4    | Received a gift from Okawaru
 53932 | Zot:4    | 53932 ||| PLANNING THE SHINING ONE WORSHIP
 54302 | D:9      | Fell from the grace of Okawaru
 54302 | D:9      | Became a worshipper of the Shining One
 54303 | D:9      | 54303 ||| PLANNING CRYPT
 54303 | D:9      | 54303 ||| SWAPPING to +12 war axe of Bodily Humours {holy,
                  | Str+7}.
 54304 | D:9      | 54304 ||| DROPPING +7 broad axe of Inflation {drain, rF+}.
 54472 | Crypt:1  | Entered Level 1 of the Crypt
 54551 | Crypt:1  | Reached * piety under the Shining One
 54626 | Crypt:1  | 54626 ||| Stepping ~*~*~tactically~*~*~ (hiding).
 54643 | Crypt:1  | 54643 ||| Stepping ~*~*~tactically~*~*~ (hiding).
 54650 | Crypt:1  | 54650 ||| Stepping ~*~*~tactically~*~*~ (hiding).
 54763 | Crypt:1  | Reached ** piety under the Shining One
 54852 | Crypt:1  | 54852 ||| Stepping ~*~*~tactically~*~*~ (stealth).
 54958 | Crypt:1  | Reached *** piety under the Shining One
 54977 | Crypt:1  | Reached skill level 12 in Invocations
 54984 | Crypt:1  | Reached **** piety under the Shining One
 55366 | Crypt:1  | 55366 ||| DROPPING ring of Ru's Benevolence {rF+ SInv}.
 55406 | Crypt:2  | 55406 ||| Stepping ~*~*~tactically~*~*~ (hiding).
 55418 | Crypt:2  | Reached ***** piety under the Shining One
 55429 | Crypt:2  | 55429 ||| DROPPING +0 hand axe.
 55469 | Crypt:2  | 55469 ||| INVOKING Summon Divine Warrior.
 55470 | Crypt:2  | 55470 ||| INVOKING Summon Divine Warrior.
 55471 | Crypt:2  | 55471 ||| INVOKING Summon Divine Warrior.
 55622 | Crypt:2  | 55622 ||| Stepping ~*~*~tactically~*~*~ (hiding).
 55642 | Crypt:2  | 55642 ||| Stepping ~*~*~tactically~*~*~ (hiding).
 55643 | Crypt:2  | 55643 ||| Stepping ~*~*~tactically~*~*~ (hiding).
 55698 | Crypt:2  | 55698 ||| DROPPING +0 war axe.
 55814 | Crypt:2  | 55814 ||| Stepping ~*~*~tactically~*~*~ (stealth).
 56003 | Crypt:3  | Entered Level 3 of the Crypt
 56029 | Crypt:3  | Identified the +9 plate armour of the Invisible Hand
                  | {rElec}
 56034 | Crypt:3  | 56034 ||| Stepping ~*~*~tactically~*~*~ (hiding).
 56035 | Crypt:3  | 56035 ||| Stepping ~*~*~tactically~*~*~ (hiding).
 56036 | Crypt:3  | 56036 ||| Stepping ~*~*~tactically~*~*~ (hiding).
 56192 | Crypt:3  | 56192 ||| Stepping ~*~*~tactically~*~*~ (hiding).
 56197 | Crypt:3  | Reached ****** piety under the Shining One
 56205 | Crypt:3  | 56205 ||| Stepping ~*~*~tactically~*~*~ (hiding).
 56216 | Crypt:3  | 56216 ||| INVOKING Brand Weapon With Holy Wrath.
 56216 | Crypt:3  | Identified a +4 broad axe of holy wrath (a +2 broad axe of
                  | electrocution blessed by the Shining One)
 56216 | Crypt:3  | Received a gift from the Shining One
 56217 | Crypt:3  | 56217 ||| DROPPING +4 broad axe of holy wrath.
 56264 | Crypt:3  | 56264 ||| Stepping ~*~*~tactically~*~*~ (stealth).
 56322 | Crypt:3  | Noticed an ancient lich
 56323 | Crypt:3  | 56323 ||| INVOKING Summon Divine Warrior.
 56328 | Crypt:3  | Killed an ancient lich
 56334 | Crypt:3  | Noticed Grunn
 56335 | Crypt:3  | 56335 ||| INVOKING Cleansing Flame.
 56336 | Crypt:3  | 56336 ||| INVOKING Cleansing Flame.
 56340 | Crypt:3  | Killed Grunn
 56343 | Crypt:3  | 56343 ||| INVOKING Cleansing Flame.
 56344 | Crypt:3  | 56344 ||| INVOKING Cleansing Flame.
 56413 | Crypt:3  | 56413 ||| INVOKING Cleansing Flame.
 56465 | Crypt:3  | Found a staircase to the Tomb.
 56718 | Crypt:3  | Noticed a royal mummy
 56720 | Crypt:3  | Reached skill level 15 in Invocations
 56726 | Crypt:3  | Killed a royal mummy
 57135 | Crypt:3  | 57135 ||| DROPPING +1 broad axe of flaming.
 57150 | Crypt:3  | Identified the +10 glaive "Xugune" {freeze, +Blink rF+ rC-
                  | Str+6}
 57552 | Crypt:3  | 57552 ||| PLANNING TOMB
 57552 | Crypt:3  | 57552 ||| DROPPING +1 hat of willpower.
 57603 | Tomb:1   | Entered Level 1 of the Tomb of the Ancients
 57685 | Tomb:1   | 57685 ||| INVOKING Cleansing Flame.
 57686 | Tomb:1   | 57686 ||| INVOKING Cleansing Flame.
 57689 | Tomb:1   | Paralysed by a sphinx for 4 turns
 57694 | Tomb:1   | 57694 ||| INVOKING Summon Divine Warrior.
 57694 | Tomb:1   | HP: 41/202 [mummy priest/divine providence (15)]
 57695 | Tomb:1   | 57695 ||| READING 17 scrolls of teleportation.
 57696 | Tomb:1   | 57696 ||| DRINKING 12 potions of heal wounds.
 57697 | Tomb:1   | 57697 ||| DRINKING 11 potions of heal wounds.
 57891 | Tomb:1   | 57891 ||| INVOKING Cleansing Flame.
 57892 | Tomb:1   | 57892 ||| INVOKING Cleansing Flame.
 57899 | Tomb:1   | 57899 ||| INVOKING Cleansing Flame.
 58000 | Tomb:1   | Identified the ring "Cojewk" {rCorr Str+4 Int+5}
 58090 | Tomb:1   | Noticed a royal mummy
 58091 | Tomb:1   | 58091 ||| INVOKING Summon Divine Warrior.
 58097 | Tomb:1   | Killed a royal mummy
 58099 | Tomb:1   | 58099 ||| INVOKING Cleansing Flame.
 58104 | Tomb:1   | 58104 ||| INVOKING Cleansing Flame.
 58120 | Tomb:1   | 58120 ||| INVOKING Cleansing Flame.
 58135 | Tomb:1   | 58135 ||| INVOKING Cleansing Flame.
 58136 | Tomb:1   | 58136 ||| INVOKING Cleansing Flame.
 58137 | Tomb:1   | Reached XP level 27. HP: 195/209 MP: 22/31
 58137 | Tomb:1   | 58137 ||| INVOKING Summon Divine Warrior.
 58141 | Tomb:1   | 58141 ||| INVOKING Cleansing Flame.
 58145 | Tomb:1   | 58145 ||| INVOKING Cleansing Flame.
 58146 | Tomb:1   | 58146 ||| INVOKING Cleansing Flame.
 58343 | Tomb:1   | Noticed a royal mummy
 58344 | Tomb:1   | 58344 ||| INVOKING Cleansing Flame.
 58345 | Tomb:1   | 58345 ||| INVOKING Cleansing Flame.
 58346 | Tomb:1   | 58346 ||| INVOKING Cleansing Flame.
 58347 | Tomb:1   | 58347 ||| INVOKING Cleansing Flame.
 58348 | Tomb:1   | 58348 ||| INVOKING Cleansing Flame.
 58348 | Tomb:1   | Killed a royal mummy
 58353 | Tomb:1   | 58353 ||| INVOKING Cleansing Flame.
 58471 | Tomb:1   | 58471 ||| INVOKING Cleansing Flame.
 58905 | Tomb:2   | 58905 ||| DRINKING 8 potions of haste.
 58905 | Tomb:2   | Noticed a royal mummy
 58905 | Tomb:2   | Noticed a royal mummy
 58906 | Tomb:2   | 58906 ||| DRINKING 12 potions of attraction.
 58907 | Tomb:2   | 58907 ||| INVOKING Cleansing Flame.
 58907 | Tomb:2   | Noticed a royal mummy
 58908 | Tomb:2   | 58908 ||| INVOKING Cleansing Flame.
 58909 | Tomb:2   | 58909 ||| INVOKING Cleansing Flame.
 58910 | Tomb:2   | 58910 ||| INVOKING Summon Divine Warrior.
 58910 | Tomb:2   | Noticed a royal mummy
 58915 | Tomb:2   | Killed a royal mummy
 58916 | Tomb:2   | Killed a royal mummy
 58917 | Tomb:2   | Killed a royal mummy
 58919 | Tomb:2   | Killed a royal mummy
 58920 | Tomb:2   | Reached skill level 18 in Invocations
 58921 | Tomb:2   | 58921 ||| INVOKING Cleansing Flame.
 58922 | Tomb:2   | 58922 ||| INVOKING Cleansing Flame.
 58941 | Tomb:2   | 58941 ||| INVOKING Cleansing Flame.
 58944 | Tomb:2   | 58944 ||| INVOKING Cleansing Flame.
 59038 | Tomb:2   | 59038 ||| Stepping ~*~*~tactically~*~*~ (hiding).
 59311 | Tomb:1   | Noticed a royal mummy
 59312 | Tomb:1   | 59312 ||| INVOKING Summon Divine Warrior.
 59312 | Tomb:1   | Noticed a royal mummy
 59312 | Tomb:1   | Noticed a royal mummy
 59313 | Tomb:1   | 59313 ||| INVOKING Cleansing Flame.
 59313 | Tomb:1   | Noticed a royal mummy
 59316 | Tomb:1   | Killed a royal mummy
 59317 | Tomb:1   | 59317 ||| INVOKING Cleansing Flame.
 59318 | Tomb:1   | 59318 ||| INVOKING Cleansing Flame.
 59318 | Tomb:1   | Noticed a royal mummy
 59319 | Tomb:1   | 59319 ||| INVOKING Cleansing Flame.
 59320 | Tomb:1   | 59320 ||| INVOKING Cleansing Flame.
 59320 | Tomb:1   | Killed a royal mummy
 59321 | Tomb:1   | 59321 ||| DRINKING 3 potions of magic.
 59321 | Tomb:1   | Noticed a royal mummy
 59322 | Tomb:1   | 59322 ||| INVOKING Cleansing Flame.
 59323 | Tomb:1   | 59323 ||| INVOKING Cleansing Flame.
 59323 | Tomb:1   | Killed a royal mummy
 59325 | Tomb:1   | 59325 ||| INVOKING Cleansing Flame.
 59326 | Tomb:1   | 59326 ||| INVOKING Cleansing Flame.
 59327 | Tomb:1   | 59327 ||| INVOKING Cleansing Flame.
 59327 | Tomb:1   | Noticed a royal mummy
 59328 | Tomb:1   | 59328 ||| INVOKING Cleansing Flame.
 59329 | Tomb:1   | 59329 ||| DRINKING 2 potions of magic.
 59329 | Tomb:1   | HP: 48/209 [??? (9)]
 59330 | Tomb:1   | 59330 ||| READING 16 scrolls of teleportation.
 59331 | Tomb:1   | 59331 ||| DRINKING 10 potions of heal wounds.
 59331 | Tomb:1   | Noticed a royal mummy
 59332 | Tomb:1   | 59332 ||| INVOKING Cleansing Flame.
 59336 | Tomb:1   | Was forgiven by Okawaru
 59337 | Tomb:1   | 59337 ||| DRINKING 22 potions of curing.
 59337 | Tomb:1   | 59337 ||| (to cure confusion)
 59338 | Tomb:1   | 59338 ||| INVOKING Summon Divine Warrior.
 59539 | Tomb:1   | 59539 ||| INVOKING Summon Divine Warrior.
 59540 | Tomb:1   | Noticed Khufu
 59541 | Tomb:1   | 59541 ||| INVOKING Cleansing Flame.
 59544 | Tomb:1   | 59544 ||| INVOKING Cleansing Flame.
 59546 | Tomb:1   | 59546 ||| INVOKING Cleansing Flame.
 59547 | Tomb:1   | 59547 ||| INVOKING Cleansing Flame.
 59547 | Tomb:1   | Killed a royal mummy
 59547 | Tomb:1   | Killed a royal mummy
 59547 | Tomb:1   | HP: 49/209 [torment (9)]
 59548 | Tomb:1   | 59548 ||| READING 15 scrolls of teleportation.
 59549 | Tomb:1   | 59549 ||| DRINKING 9 potions of heal wounds.
 59550 | Tomb:1   | 59550 ||| DRINKING 8 potions of heal wounds.
 59765 | Tomb:1   | 59765 ||| Stepping ~*~*~tactically~*~*~ (stealth).
 59767 | Tomb:1   | 59767 ||| Stepping ~*~*~tactically~*~*~ (hiding).
 59768 | Tomb:1   | Noticed a royal mummy
 59769 | Tomb:1   | 59769 ||| INVOKING Summon Divine Warrior.
 59778 | Tomb:1   | Killed a royal mummy
 59779 | Tomb:1   | 59779 ||| INVOKING Cleansing Flame.
 59780 | Tomb:1   | 59780 ||| INVOKING Cleansing Flame.
 59781 | Tomb:1   | 59781 ||| INVOKING Cleansing Flame.
 59782 | Tomb:1   | 59782 ||| INVOKING Cleansing Flame.
 59783 | Tomb:1   | 59783 ||| INVOKING Cleansing Flame.
 59784 | Tomb:1   | 59784 ||| INVOKING Cleansing Flame.
 59784 | Tomb:1   | Killed a royal mummy
 59784 | Tomb:1   | HP: 34/209 [something (27)]
 59785 | Tomb:1   | 59785 ||| READING 14 scrolls of teleportation.
 59786 | Tomb:1   | 59786 ||| DRINKING 7 potions of heal wounds.
 60074 | Tomb:1   | 60074 ||| INVOKING Cleansing Flame.
 60075 | Tomb:1   | 60075 ||| INVOKING Summon Divine Warrior.
 60078 | Tomb:1   | Killed a royal mummy
 60079 | Tomb:1   | 60079 ||| INVOKING Cleansing Flame.
 60080 | Tomb:1   | 60080 ||| INVOKING Cleansing Flame.
 60081 | Tomb:1   | 60081 ||| INVOKING Cleansing Flame.
 60082 | Tomb:1   | 60082 ||| INVOKING Cleansing Flame.
 60082 | Tomb:1   | Killed Khufu
 60096 | Tomb:1   | 60096 ||| INVOKING Cleansing Flame.
 60100 | Tomb:1   | Killed a royal mummy
 60229 | Tomb:1   | Noticed a royal mummy
 60232 | Tomb:1   | 60232 ||| INVOKING Cleansing Flame.
 60237 | Tomb:1   | Killed a royal mummy
 60371 | Tomb:1   | Noticed a royal mummy
 60379 | Tomb:1   | Killed a royal mummy
 60384 | Tomb:1   | Noticed a royal mummy
 60385 | Tomb:1   | Noticed a royal mummy
 60386 | Tomb:1   | Noticed a royal mummy
 60386 | Tomb:1   | Noticed a royal mummy
 60389 | Tomb:1   | Noticed a royal mummy
 60390 | Tomb:1   | Noticed a royal mummy
 60392 | Tomb:1   | Killed a royal mummy
 60394 | Tomb:1   | 60394 ||| INVOKING Cleansing Flame.
 60394 | Tomb:1   | Noticed a royal mummy
 60398 | Tomb:1   | Killed a royal mummy
 60398 | Tomb:1   | HP: 45/209 [royal mummy/divine providence (12)]
 60399 | Tomb:1   | 60399 ||| READING 13 scrolls of teleportation.
 60400 | Tomb:1   | 60400 ||| DRINKING 6 potions of heal wounds.
 60642 | Tomb:1   | 60642 ||| INVOKING Cleansing Flame.
 60647 | Tomb:1   | Killed a royal mummy
 60759 | Tomb:1   | 60759 ||| Stepping ~*~*~tactically~*~*~ (stealth).
 60761 | Tomb:1   | 60761 ||| Stepping ~*~*~tactically~*~*~ (hiding).
 60768 | Tomb:1   | Killed a royal mummy
 60772 | Tomb:1   | Killed a royal mummy
 60772 | Tomb:1   | HP: 49/209 [royal mummy/divine providence (12)]
 60773 | Tomb:1   | 60773 ||| READING 12 scrolls of teleportation.
 60774 | Tomb:1   | 60774 ||| DRINKING 5 potions of heal wounds.
 61125 | Tomb:1   | 61125 ||| Stepping ~*~*~tactically~*~*~ (hiding).
 61133 | Tomb:1   | Killed a royal mummy
 61143 | Tomb:1   | Killed a royal mummy
 61417 | Tomb:2   | 61417 ||| INVOKING Cleansing Flame.
 61426 | Tomb:2   | 61426 ||| INVOKING Cleansing Flame.
 61439 | Tomb:2   | 61439 ||| INVOKING Cleansing Flame.
 61457 | Tomb:2   | 61457 ||| Stepping ~*~*~tactically~*~*~ (hiding).
 61652 | Tomb:3   | Entered Level 3 of the Tomb of the Ancients
 61653 | Tomb:3   | 61653 ||| DRINKING 7 potions of haste.
 61654 | Tomb:3   | 61654 ||| DRINKING 12 potions of attraction.
 61655 | Tomb:3   | 61655 ||| DRINKING 2 potions of magic.
 61656 | Tomb:3   | 61656 ||| INVOKING Cleansing Flame.
 61657 | Tomb:3   | Reached skill level 21 in Invocations
 61657 | Tomb:3   | 61657 ||| INVOKING Cleansing Flame.
 61658 | Tomb:3   | 61658 ||| INVOKING Cleansing Flame.
 61662 | Tomb:3   | Noticed a royal mummy
 61662 | Tomb:3   | Noticed a royal mummy
 61663 | Tomb:3   | 61663 ||| INVOKING Summon Divine Warrior.
 61665 | Tomb:3   | 61665 ||| INVOKING Cleansing Flame.
 61666 | Tomb:3   | 61666 ||| INVOKING Cleansing Flame.
 61668 | Tomb:3   | 61668 ||| INVOKING Cleansing Flame.
 61669 | Tomb:3   | 61669 ||| INVOKING Cleansing Flame.
 61670 | Tomb:3   | 61670 ||| INVOKING Cleansing Flame.
 61670 | Tomb:3   | Killed a royal mummy
 61670 | Tomb:3   | Killed a royal mummy
 61670 | Tomb:3   | Noticed a royal mummy
 61670 | Tomb:3   | Gained mutation: You occasionally lose the ability to drink
                  | potions when taking damage. [mutagenic glow]
 61671 | Tomb:3   | Noticed a royal mummy
 61671 | Tomb:3   | Noticed a royal mummy
 61671 | Tomb:3   | 61671 ||| INVOKING Summon Divine Warrior.
 61672 | Tomb:3   | 61672 ||| INVOKING Cleansing Flame.
 61673 | Tomb:3   | 61673 ||| INVOKING Cleansing Flame.
 61674 | Tomb:3   | 61674 ||| INVOKING Cleansing Flame.
 61675 | Tomb:3   | 61675 ||| INVOKING Cleansing Flame.
 61675 | Tomb:3   | Killed a royal mummy
 61675 | Tomb:3   | Killed a royal mummy
 61676 | Tomb:3   | Killed a royal mummy
 61680 | Tomb:3   | Noticed a royal mummy
 61680 | Tomb:3   | Gained mutation: You frequently scream uncontrollably at
                  | your foes. [mutagenic glow]
 61681 | Tomb:3   | Noticed a royal mummy
 61683 | Tomb:3   | Noticed a royal mummy
 61686 | Tomb:3   | 61686 ||| INVOKING Cleansing Flame.
 61689 | Tomb:3   | Killed a royal mummy
 61690 | Tomb:3   | 61690 ||| INVOKING Cleansing Flame.
 61691 | Tomb:3   | 61691 ||| INVOKING Cleansing Flame.
 61692 | Tomb:3   | 61692 ||| INVOKING Cleansing Flame.
 61692 | Tomb:3   | Killed a royal mummy
 61693 | Tomb:3   | 61693 ||| INVOKING Cleansing Flame.
 61694 | Tomb:3   | 61694 ||| INVOKING Cleansing Flame.
 61695 | Tomb:3   | 61695 ||| INVOKING Cleansing Flame.
 61695 | Tomb:3   | Killed a royal mummy
 61761 | Tomb:3   | 61761 ||| DRINKING 12 potions of mutation.
 61761 | Tomb:3   | Lost mutation: Your spells are a little easier to cast, but
                  | a little less powerful. [potion of mutation]
 61761 | Tomb:3   | Lost mutation: You frequently scream uncontrollably at your
                  | foes. [potion of mutation]
 61761 | Tomb:3   | Lost mutation: You occasionally lose the ability to drink
                  | potions when taking damage. [potion of mutation]
 61761 | Tomb:3   | Gained mutation: Your magical capacity is very low. (-20%
                  | MP) [potion of mutation]
 61761 | Tomb:3   | Gained mutation: Your spells are a little harder to cast,
                  | but a little more powerful. [potion of mutation]
 61761 | Tomb:3   | Gained mutation: You possess an exceptional clarity of
                  | mind. [potion of mutation]
 62184 | Tomb:3   | Found the +8 mithril axe "Arga" {speed, Will+}
 62189 | Tomb:3   | Identified the +0 robe "Sypriqer" {Fly Will+ Str+2}
 62189 | Tomb:3   | Found the +18 shield of the Gong {rElec rN+ Will+ EV-5}
 62200 | Tomb:3   | Found the +3 Mad Mage's Maulers {Infuse+∞ RegenMP Int-3}
 62203 | Tomb:3   | Identified the +8 arbalest "Rauwywih" {penet, rPois Dex+2}
 62219 | Tomb:3   | Identified the ring "Usuo" {Will- rCorr Str+6 Dex+3}
 62249 | Tomb:3   | Identified the +8 shortbow of the Festooned God {freeze,
                  | rF+ Will+ Dex+3}
 62313 | Tomb:3   | Got a golden rune of Zot
 62318 | Tomb:3   | 62318 ||| PLANNING PAN
 62318 | Tomb:3   | 62318 ||| DROPPING ring "Cojewk" {rCorr Str+4 Int+5}.
 62766 | Pan      | Entered Pandemonium
 62812 | Pan      | Found a huge runed translucent gate.
 62849 | Pan      | 62849 ||| INVOKING Cleansing Flame.
 62879 | Pan      | Found an exit through the horrors of the Abyss.
 62912 | Pan      | 62912 ||| Stepping ~*~*~tactically~*~*~ (stealth).
 62956 | Pan      | 62956 ||| Stepping ~*~*~tactically~*~*~ (hiding).
 63015 | Pan      | 63015 ||| Stepping ~*~*~tactically~*~*~ (stealth).
 63018 | Pan      | 63018 ||| Stepping ~*~*~tactically~*~*~ (hiding).
 63019 | Pan      | 63019 ||| Stepping ~*~*~tactically~*~*~ (hiding).
 63169 | Pan      | 63169 ||| Stepping ~*~*~tactically~*~*~ (hiding).
 63171 | Pan      | 63171 ||| Stepping ~*~*~tactically~*~*~ (hiding).
 63396 | Pan      | 63396 ||| Stepping ~*~*~tactically~*~*~ (stealth).
 63398 | Pan      | 63398 ||| Stepping ~*~*~tactically~*~*~ (hiding).
 63399 | Pan      | 63399 ||| Stepping ~*~*~tactically~*~*~ (hiding).
 63516 | Pan      | 63516 ||| Stepping ~*~*~tactically~*~*~ (hiding).
 63560 | Pan      | 63560 ||| Stepping ~*~*~tactically~*~*~ (stealth).
 63665 | Pan      | 63665 ||| Stepping ~*~*~tactically~*~*~ (hiding).
 63700 | Pan      | 63700 ||| Stepping ~*~*~tactically~*~*~ (stealth).
 63709 | Pan      | 63709 ||| Stepping ~*~*~tactically~*~*~ (stealth).
 63725 | Pan      | 63725 ||| Stepping ~*~*~tactically~*~*~ (stealth).
 63727 | Pan      | 63727 ||| Stepping ~*~*~tactically~*~*~ (hiding).
 63888 | Pan      | Found a huge runed translucent gate.
 63889 | Pan      | Found a huge runed translucent gate.
 63889 | Pan      | Found a huge runed translucent gate.
 63889 | Pan      | Found a huge runed translucent gate.
 63889 | Pan      | Found a huge runed translucent gate.
 63889 | Pan      | Found a huge runed translucent gate.
 63917 | Pan      | 63917 ||| Stepping ~*~*~tactically~*~*~ (stealth).
 63925 | Pan      | 63925 ||| Stepping ~*~*~tactically~*~*~ (stealth).
 64004 | Pan      | 64004 ||| Stepping ~*~*~tactically~*~*~ (hiding).
 64138 | Pan      | 64138 ||| DROPPING +18 shield of the Gong {rElec rN+ Will+
                  | EV-5}.
 64153 | Pan      | Noticed Affuizyp the pandemonium lord
 64153 | Pan      | 64153 ||| INVOKING Summon Divine Warrior.
 64173 | Pan      | Killed Affuizyp the pandemonium lord
 64174 | Pan      | Reached skill level 24 in Invocations
 64269 | Pan      | 64269 ||| Stepping ~*~*~tactically~*~*~ (stealth).
 64295 | Pan      | 64295 ||| DRINKING 4 potions of resistance.
 64296 | Pan      | 64296 ||| INVOKING Summon Divine Warrior.
 64340 | Pan      | 64340 ||| INVOKING Cleansing Flame.
 64384 | Pan      | Gained mutation: Your body often deteriorates upon taking
                  | damage. [a neqoxec]
 64387 | Pan      | 64387 ||| DRINKING 11 potions of mutation.
 64387 | Pan      | Lost mutation: You expend magic power (3 MP) to strengthen
                  | your wands. [potion of mutation]
 64387 | Pan      | Lost mutation: You possess an exceptional clarity of mind.
                  | [potion of mutation]
 64387 | Pan      | Lost mutation: Your spells are a little harder to cast, but
                  | a little more powerful. [potion of mutation]
 64387 | Pan      | Gained mutation: Your magical capacity is extremely low.
                  | (-30% MP) [potion of mutation]
 64387 | Pan      | Lost mutation: You are robust. (+10% HP) [potion of
                  | mutation]
 64387 | Pan      | Gained mutation: Your flesh is cold resistant. (rC+)
                  | [potion of mutation]
 64388 | Pan      | 64388 ||| DRINKING 10 potions of mutation.
 64388 | Pan      | Lost mutation: Your mind is acute. (Int +4, Str/Dex -1)
                  | [potion of mutation]
 64388 | Pan      | Lost mutation: Your body often deteriorates upon taking
                  | damage. [potion of mutation]
 64388 | Pan      | Gained mutation: You are robust. (+10% HP) [potion of
                  | mutation]
 64388 | Pan      | Gained mutation: You expend magic power (3 MP) to
                  | strengthen your wands. [potion of mutation]
 64388 | Pan      | Gained mutation: You possess an exceptional clarity of
                  | mind. [potion of mutation]
 64430 | Pan      | Gained mutation: Your spells are a little easier to cast,
                  | but a little less powerful. [a neqoxec]
 64500 | Pan      | Gained mutation: You occasionally lose the ability to read
                  | scrolls when taking damage. [a neqoxec]
 64502 | Pan      | 64502 ||| Stepping ~*~*~tactically~*~*~ (hiding).
 64520 | Pan      | 64520 ||| Stepping ~*~*~tactically~*~*~ (stealth).
 64521 | Pan      | 64521 ||| Stepping ~*~*~tactically~*~*~ (stealth).
 64522 | Pan      | 64522 ||| Stepping ~*~*~tactically~*~*~ (stealth).
 64523 | Pan      | 64523 ||| DRINKING 9 potions of mutation.
 64523 | Pan      | Lost mutation: You occasionally shout uncontrollably at
                  | your foes. [potion of mutation]
 64523 | Pan      | Lost mutation: You possess an exceptional clarity of mind.
                  | [potion of mutation]
 64523 | Pan      | Lost mutation: Your muscles are strong. (Str +4, Int/Dex
                  | -1) [potion of mutation]
 64523 | Pan      | Gained mutation: You are occasionally teleported next to
                  | monsters. [potion of mutation]
 64523 | Pan      | Lost mutation: You occasionally lose the ability to read
                  | scrolls when taking damage. [potion of mutation]
 64523 | Pan      | Lost mutation: Your body sometimes deteriorates upon taking
                  | damage. [potion of mutation]
 64524 | Pan      | 64524 ||| DRINKING 8 potions of mutation.
 64524 | Pan      | Lost mutation: Your spells are a little easier to cast, but
                  | a little less powerful. [potion of mutation]
 64524 | Pan      | Lost mutation: You are occasionally teleported next to
                  | monsters. [potion of mutation]
 64524 | Pan      | Gained mutation: Your flesh is very cold resistant. (rC++)
                  | [potion of mutation]
 64524 | Pan      | Gained mutation: You have hidden genetic defects. [potion
                  | of mutation]
 64524 | Pan      | Gained mutation: You have large cloven feet. [potion of
                  | mutation]
 64525 | Pan      | 64525 ||| Stepping ~*~*~tactically~*~*~ (stealth).
 64531 | Pan      | 64531 ||| Stepping ~*~*~tactically~*~*~ (stealth).
 64532 | Pan      | 64532 ||| Stepping ~*~*~tactically~*~*~ (stealth).
 64555 | Pan      | Noticed Daex the pandemonium lord
 64556 | Pan      | 64556 ||| INVOKING Cleansing Flame.
 64557 | Pan      | 64557 ||| INVOKING Summon Divine Warrior.
 64560 | Pan      | Killed Daex the pandemonium lord
 64562 | Pan      | Gained mutation: Your body sometimes deteriorates upon
                  | taking damage. [a neqoxec]
 64565 | Pan      | 64565 ||| INVOKING Cleansing Flame.
 64643 | Pan      | Identified the +5 swamp dragon scales of the Ornamental God
                  | {*Corrode rPois MP-9 Int+8 SInv}
 64779 | Pan      | Gained mutation: You occasionally lose the ability to drink
                  | potions when taking damage. [a neqoxec]
 64784 | Pan      | 64784 ||| DRINKING 7 potions of mutation.
 64784 | Pan      | Lost mutation: You have hidden genetic defects. [potion of
                  | mutation]
 64784 | Pan      | Lost mutation: You are robust. (+10% HP) [potion of
                  | mutation]
 64784 | Pan      | Lost mutation: Your body sometimes deteriorates upon taking
                  | damage. [potion of mutation]
 64784 | Pan      | Lost mutation: You occasionally lose the ability to drink
                  | potions when taking damage. [potion of mutation]
 64784 | Pan      | Gained mutation: Your body sometimes deteriorates upon
                  | taking damage. [potion of mutation]
 65206 | Pan      | 65206 ||| UPGRADING to +2 tower shield of protection.
 65278 | Pan      | Noticed Adair the pandemonium lord
 65279 | Pan      | 65279 ||| INVOKING Summon Divine Warrior.
 65285 | Pan      | 65285 ||| INVOKING Cleansing Flame.
 65289 | Pan      | Killed Adair the pandemonium lord
 65354 | Pan      | 65354 ||| DRINKING 3 potions of resistance.
 65416 | Pan      | HP: 47/190 [Brimstone Fiend/damnation (39)]
 65417 | Pan      | 65417 ||| READING 14 scrolls of teleportation.
 65419 | Pan      | 65419 ||| DRINKING 7 potions of heal wounds.
 65472 | Pan      | Noticed Ignacio
 65478 | Pan      | 65478 ||| INVOKING Summon Divine Warrior.
 65478 | Pan      | Identified the +4 tower shield of Darkness {Will+ Regen+
                  | Str+2 Int-5}
 65484 | Pan      | Killed Ignacio
 65570 | Pan      | 65570 ||| Stepping ~*~*~tactically~*~*~ (hiding).
 65573 | Pan      | Gained mutation: You do not regenerate when monsters are
                  | visible. [a neqoxec]
 65580 | Pan      | Gained mutation: Potions are less effective at restoring
                  | your health. [a neqoxec]
 65582 | Pan      | 65582 ||| DRINKING 7 potions of mutation.
 65582 | Pan      | Lost mutation: Your magical capacity is extremely low.
                  | (-30% MP) [potion of mutation]
 65582 | Pan      | Lost mutation: Your body sometimes deteriorates upon taking
                  | damage. [potion of mutation]
 65582 | Pan      | Lost mutation: Potions are less effective at restoring your
                  | health. [potion of mutation]
 65583 | Pan      | 65583 ||| DRINKING 6 potions of mutation.
 65583 | Pan      | Lost mutation: You have large cloven feet. [potion of
                  | mutation]
 65583 | Pan      | Lost mutation: Your flesh is very cold resistant. (rC++)
                  | [potion of mutation]
 65583 | Pan      | Gained mutation: You are somewhat resistant to further
                  | mutation. [potion of mutation]
 65584 | Pan      | 65584 ||| DRINKING 5 potions of mutation.
 65584 | Pan      | Lost mutation: You are somewhat resistant to further
                  | mutation. [potion of mutation]
 65584 | Pan      | Lost mutation: Your flesh is cold resistant. (rC+) [potion
                  | of mutation]
 65584 | Pan      | Lost mutation: Your magical capacity is very low. (-20% MP)
                  | [potion of mutation]
 65584 | Pan      | Gained mutation: Your spells are a little harder to cast,
                  | but a little more powerful. [potion of mutation]
 65584 | Pan      | Gained mutation: Your mind is acute. (Int +4, Str/Dex -1)
                  | [potion of mutation]
 65585 | Pan      | 65585 ||| DRINKING 4 potions of mutation.
 65585 | Pan      | Lost mutation: You expend magic power (3 MP) to strengthen
                  | your wands. [potion of mutation]
 65585 | Pan      | Lost mutation: Your mind is acute. (Int +4, Str/Dex -1)
                  | [potion of mutation]
 65585 | Pan      | Gained mutation: You occasionally lose the ability to read
                  | scrolls when taking damage. [potion of mutation]
 65593 | Pan      | 65593 ||| DRINKING 3 potions of mutation.
 65593 | Pan      | Lost mutation: You do not regenerate when monsters are
                  | visible. [potion of mutation]
 65593 | Pan      | Lost mutation: Your spells are a little harder to cast, but
                  | a little more powerful. [potion of mutation]
 65593 | Pan      | Gained mutation: Your flesh is cold resistant. (rC+)
                  | [potion of mutation]
 65593 | Pan      | Lost mutation: Your magical capacity is low. (-10% MP)
                  | [potion of mutation]
 65594 | Pan      | 65594 ||| DRINKING 2 potions of mutation.
 65594 | Pan      | Lost mutation: Your flesh is cold resistant. (rC+) [potion
                  | of mutation]
 65594 | Pan      | Lost mutation: You occasionally lose the ability to read
                  | scrolls when taking damage. [potion of mutation]
 65594 | Pan      | Gained mutation: Your spells are a little easier to cast,
                  | but a little less powerful. [potion of mutation]
 65594 | Pan      | Gained mutation: You have a pair of small antennae on your
                  | head. [potion of mutation]
 65594 | Pan      | Gained mutation: You have large cloven feet. [potion of
                  | mutation]
 65613 | Pan      | 65613 ||| INVOKING Summon Divine Warrior.
 65621 | Pan      | 65621 ||| Stepping randomly (cloudy).
 65622 | Pan      | 65622 ||| Stepping ~*~*~tactically~*~*~ (cloud).
 66011 | Pan      | 66011 ||| DROPPING +1 helmet "Qodur" {Harm Will+}.
 66012 | Pan      | 66012 ||| DROPPING +0 helmet of the Pits of Slime {Rampage
                  | Int-2 Dex+6 SInv}.
 66013 | Pan      | 66013 ||| UPGRADING to +2 tower shield of resistance.
 66218 | Pan      | Noticed Ylaicek the pandemonium lord
 66218 | Pan      | 66218 ||| INVOKING Summon Divine Warrior.
 66220 | Pan      | 66220 ||| INVOKING Cleansing Flame.
 66222 | Pan      | 66222 ||| INVOKING Cleansing Flame.
 66223 | Pan      | 66223 ||| INVOKING Cleansing Flame.
 66224 | Pan      | 66224 ||| INVOKING Cleansing Flame.
 66225 | Pan      | Killed Ylaicek the pandemonium lord
 66233 | Pan      | 66233 ||| INVOKING Cleansing Flame.
 66234 | Pan      | 66234 ||| INVOKING Cleansing Flame.
 66236 | Pan      | 66236 ||| INVOKING Cleansing Flame.
 66237 | Pan      | 66237 ||| INVOKING Cleansing Flame.
 66246 | Pan      | Gained mutation: Your body sometimes deteriorates upon
                  | taking damage. [a neqoxec]
 66620 | Pan      | 66620 ||| INVOKING Cleansing Flame.
 66909 | Pan      | 66909 ||| Stepping ~*~*~tactically~*~*~ (hiding).
 66917 | Pan      | 66917 ||| READING 14 scrolls of teleportation.
 66921 | Pan      | 66921 ||| INVOKING Cleansing Flame.
 66957 | Pan      | 66957 ||| Stepping ~*~*~tactically~*~*~ (hiding).
 66964 | Pan      | Gained mutation: You sometimes lose your temper in combat.
                  | [a cacodemon]
 66971 | Pan      | 66971 ||| DRINKING potion of mutation.
 66971 | Pan      | Lost mutation: Your spells are a little easier to cast, but
                  | a little less powerful. [potion of mutation]
 66971 | Pan      | Lost mutation: You sometimes lose your temper in combat.
                  | [potion of mutation]
 66971 | Pan      | Lost mutation: You have large cloven feet. [potion of
                  | mutation]
 66971 | Pan      | Gained mutation: You expend magic power (3 MP) to
                  | strengthen your wands. [potion of mutation]
 66976 | Pan      | Entered the realm of Mnoleg.
 67046 | Pan      | Gained mutation: You occasionally lose the ability to read
                  | scrolls when taking damage. [a neqoxec]
 67105 | Pan      | 67105 ||| Stepping ~*~*~tactically~*~*~ (hiding).
 67108 | Pan      | 67108 ||| Stepping ~*~*~tactically~*~*~ (stealth).
 67109 | Pan      | 67109 ||| Stepping ~*~*~tactically~*~*~ (hiding).
 67118 | Pan      | Gained mutation: Your spells are a little easier to cast,
                  | but a little less powerful. [a neqoxec]
 67300 | Pan      | 67300 ||| Stepping ~*~*~tactically~*~*~ (stealth).
 67405 | Pan      | 67405 ||| READING scroll of acquirement.
 67405 | Pan      | 67405 ||| ACQUIRING 446 gold pieces
 67405 | Pan      | Acquired 446 gold pieces
 67510 | Pan      | 67510 ||| Stepping ~*~*~tactically~*~*~ (stealth).
 67517 | Pan      | 67517 ||| Stepping ~*~*~tactically~*~*~ (hiding).
 67518 | Pan      | 67518 ||| Stepping ~*~*~tactically~*~*~ (stealth).
 67521 | Pan      | Gained mutation: You occasionally lose the ability to drink
                  | potions when taking damage. [a neqoxec]
 67527 | Pan      | 67527 ||| Stepping ~*~*~tactically~*~*~ (stealth).
 67529 | Pan      | Gained mutation: You are weak. (Str -2) [a cacodemon]
 67531 | Pan      | Gained mutation: Your magical capacity is low. (-10% MP) [a
                  | cacodemon]
 67539 | Pan      | 67539 ||| Stepping ~*~*~tactically~*~*~ (hiding).
 67558 | Pan      | 67558 ||| Stepping ~*~*~tactically~*~*~ (stealth).
 67604 | Pan      | 67604 ||| Stepping ~*~*~tactically~*~*~ (hiding).
 67628 | Pan      | 67628 ||| Stepping ~*~*~tactically~*~*~ (stealth).
 67663 | Pan      | Gained mutation: Your body often deteriorates upon taking
                  | damage. [a neqoxec]
 67664 | Pan      | 67664 ||| Stepping ~*~*~tactically~*~*~ (hiding).
 67679 | Pan      | 67679 ||| INVOKING Cleansing Flame.
 67682 | Pan      | 67682 ||| Stepping ~*~*~tactically~*~*~ (stealth).
 67738 | Pan      | 67738 ||| Stepping ~*~*~tactically~*~*~ (hiding).
 67741 | Pan      | Noticed Mnoleg
 67742 | Pan      | 67742 ||| INVOKING Summon Divine Warrior.
 67743 | Pan      | 67743 ||| INVOKING Cleansing Flame.
 67744 | Pan      | 67744 ||| INVOKING Cleansing Flame.
 67752 | Pan      | Killed Mnoleg
 67756 | Pan      | Reached skill level 27 in Invocations
 67905 | Pan      | Got a glowing rune of Zot
 68067 | Pan      | 68067 ||| Stepping ~*~*~tactically~*~*~ (stealth).
 68069 | Pan      | 68069 ||| Stepping ~*~*~tactically~*~*~ (stealth).
 68071 | Pan      | 68071 ||| Stepping ~*~*~tactically~*~*~ (stealth).
 68072 | Pan      | 68072 ||| Stepping ~*~*~tactically~*~*~ (stealth).
 68129 | Pan      | 68129 ||| Stepping ~*~*~tactically~*~*~ (hiding).
 68130 | Pan      | 68130 ||| Stepping ~*~*~tactically~*~*~ (stealth).
 68148 | Pan      | Found a huge runed translucent gate.
 68198 | Pan      | 68198 ||| Stepping ~*~*~tactically~*~*~ (stealth).
 68199 | Pan      | 68199 ||| Stepping ~*~*~tactically~*~*~ (stealth).
 68203 | Pan      | 68203 ||| Stepping ~*~*~tactically~*~*~ (stealth).
 68208 | Pan      | 68208 ||| Stepping ~*~*~tactically~*~*~ (hiding).
 68220 | Pan      | 68220 ||| Stepping ~*~*~tactically~*~*~ (stealth).
 68224 | Pan      | 68224 ||| Stepping ~*~*~tactically~*~*~ (stealth).
 68230 | Pan      | 68230 ||| Stepping ~*~*~tactically~*~*~ (hiding).
 68231 | Pan      | 68231 ||| Stepping ~*~*~tactically~*~*~ (hiding).
 68241 | Pan      | Reached skill level 24 in Armour
 68265 | Pan      | 68265 ||| Stepping ~*~*~tactically~*~*~ (hiding).
 68349 | Pan      | Identified the +2 ring mail of the Comet {rF+ Dex+2 Stlth+}
 68350 | Pan      | 68350 ||| Stepping ~*~*~tactically~*~*~ (stealth).
 68354 | Pan      | 68354 ||| Stepping ~*~*~tactically~*~*~ (stealth).
 68372 | Pan      | Found a huge runed translucent gate.
 68385 | Pan      | Found a huge runed translucent gate.
 68385 | Pan      | Found a huge runed translucent gate.
 68385 | Pan      | Found a huge runed translucent gate.
 68385 | Pan      | Found a huge runed translucent gate.
 68389 | Pan      | 68389 ||| Stepping ~*~*~tactically~*~*~ (hiding).
 68389 | Pan      | Found a huge runed translucent gate.
 68391 | Pan      | 68391 ||| Stepping ~*~*~tactically~*~*~ (hiding).
 68446 | Pan      | 68446 ||| Stepping ~*~*~tactically~*~*~ (stealth).
 68474 | Pan      | 68474 ||| Stepping ~*~*~tactically~*~*~ (stealth).
 68476 | Pan      | 68476 ||| Stepping ~*~*~tactically~*~*~ (hiding).
 68477 | Pan      | 68477 ||| Stepping ~*~*~tactically~*~*~ (hiding).
 68486 | Pan      | 68486 ||| Stepping ~*~*~tactically~*~*~ (hiding).
 68488 | Pan      | 68488 ||| Stepping ~*~*~tactically~*~*~ (hiding).
 68505 | Pan      | 68505 ||| Stepping ~*~*~tactically~*~*~ (stealth).
 68529 | Pan      | 68529 ||| Stepping ~*~*~tactically~*~*~ (stealth).
 68531 | Pan      | 68531 ||| Stepping ~*~*~tactically~*~*~ (hiding).
 68611 | Pan      | 68611 ||| Stepping ~*~*~tactically~*~*~ (stealth).
 68619 | Pan      | Identified the +6 battleaxe of the Curious Youths {venom,
                  | Fly rC+ rN+ SInv}
 68654 | Pan      | 68654 ||| Stepping ~*~*~tactically~*~*~ (hiding).
 68657 | Pan      | 68657 ||| Stepping ~*~*~tactically~*~*~ (stealth).
 68658 | Pan      | 68658 ||| Stepping ~*~*~tactically~*~*~ (stealth).
 68726 | Pan      | 68726 ||| Stepping ~*~*~tactically~*~*~ (stealth).
 68749 | Pan      | 68749 ||| Stepping ~*~*~tactically~*~*~ (stealth).
 68827 | Pan      | 68827 ||| INVOKING Cleansing Flame.
 68940 | Pan      | 68940 ||| Stepping ~*~*~tactically~*~*~ (hiding).
 69091 | Pan      | 69091 ||| INVOKING Cleansing Flame.
 69092 | Pan      | Noticed Ijiysch the pandemonium lord
 69093 | Pan      | 69093 ||| INVOKING Summon Divine Warrior.
 69097 | Pan      | 69097 ||| INVOKING Cleansing Flame.
 69103 | Pan      | Killed Ijiysch the pandemonium lord
 69117 | Pan      | Entered the realm of Gloorx Vloq.
 69131 | Pan      | Noticed Gloorx Vloq
 69133 | Pan      | 69133 ||| INVOKING Cleansing Flame.
 69134 | Pan      | 69134 ||| INVOKING Summon Divine Warrior.
 69143 | Pan      | 69143 ||| INVOKING Summon Divine Warrior.
 69145 | Pan      | Killed Gloorx Vloq
 69146 | Pan      | 69146 ||| INVOKING Cleansing Flame.
 69148 | Pan      | 69148 ||| INVOKING Cleansing Flame.
 69150 | Pan      | 69150 ||| INVOKING Cleansing Flame.
 69212 | Pan      | Got a dark rune of Zot
 70154 | Pan      | 70154 ||| Stepping ~*~*~tactically~*~*~ (hiding).
 70178 | Pan      | Noticed Xabbasm the pandemonium lord
 70179 | Pan      | 70179 ||| INVOKING Summon Divine Warrior.
 70183 | Pan      | 70183 ||| INVOKING Cleansing Flame.
 70184 | Pan      | 70184 ||| INVOKING Cleansing Flame.
 70185 | Pan      | 70185 ||| INVOKING Cleansing Flame.
 70185 | Pan      | Killed Xabbasm the pandemonium lord
 70370 | Pan      | 70370 ||| INVOKING Cleansing Flame.
 70371 | Pan      | 70371 ||| INVOKING Cleansing Flame.
 70372 | Pan      | 70372 ||| INVOKING Cleansing Flame.
 70434 | Pan      | 70434 ||| Stepping ~*~*~tactically~*~*~ (stealth).
 70454 | Pan      | 70454 ||| Stepping ~*~*~tactically~*~*~ (stealth).
 70652 | Pan      | 70652 ||| Stepping ~*~*~tactically~*~*~ (stealth).
 70790 | Pan      | 70790 ||| Stepping ~*~*~tactically~*~*~ (stealth).
 70792 | Pan      | 70792 ||| Stepping ~*~*~tactically~*~*~ (hiding).
 70795 | Pan      | 70795 ||| Stepping ~*~*~tactically~*~*~ (hiding).
 70894 | Pan      | Entered the realm of Lom Lobon.
 70950 | Pan      | 70950 ||| Stepping ~*~*~tactically~*~*~ (stealth).
 70956 | Pan      | 70956 ||| Stepping ~*~*~tactically~*~*~ (hiding).
 70957 | Pan      | 70957 ||| Stepping ~*~*~tactically~*~*~ (hiding).
 70959 | Pan      | 70959 ||| Stepping ~*~*~tactically~*~*~ (hiding).
 71178 | Pan      | 71178 ||| INVOKING Summon Divine Warrior.
 71180 | Pan      | 71180 ||| INVOKING Cleansing Flame.
 71191 | Pan      | 71191 ||| INVOKING Summon Divine Warrior.
 71337 | Pan      | 71337 ||| Stepping ~*~*~tactically~*~*~ (cloud).
 71371 | Pan      | Reached skill level 27 in Armour
 71569 | Pan      | Noticed Lom Lobon
 71570 | Pan      | 71570 ||| DRINKING 6 potions of haste.
 71571 | Pan      | 71571 ||| DRINKING 17 potions of might.
 71575 | Pan      | 71575 ||| Stepping randomly (cloudy).
 71578 | Pan      | 71578 ||| INVOKING Summon Divine Warrior.
 71581 | Pan      | 71581 ||| INVOKING Summon Divine Warrior.
 71582 | Pan      | HP: 35/193 [Lom Lobon/great icy blast (43)]
 71583 | Pan      | 71583 ||| READING 16 scrolls of teleportation.
 71584 | Pan      | 71584 ||| INVOKING Cleansing Flame.
 71585 | Pan      | Killed from afar by Lom Lobon

Levels and vault maps discovered:
D:1:      dpeg_arrival_oval, layout_rooms, dilly_ecumenical_altar_fadedgnrine,
          serial_shops, nicolae_shop_competitors_out_of_business
D:2:      minmay_razor_zed, layout_basic
D:3:      layout_basic, mainiacjoe_overflow_cross_hatched, uniq_robin
D:4:      layout_loops_ring, mainiacjoe_overflow_boulevard, serial_shops,
          nicolae_shop_hallway_stairs, chequers_big_river
D:5:      layout_basic, minmay_temple_entry_mist, ebering_ghost_disaster_area,
          uniq_blork_the_orc, uniq_sigmund, uniq_menkaure
D:6:      dreamdust_elfheim, layout_loops_cross, general_overflow_altar,
          serial_shops, shop_fountains, uniq_edmund
D:7:      layout_rooms, nicolae_gozag_cash_rules_everything_around_me,
          old_standard_altar, mainiacjoe_overflow_divided_tiny, uniq_pikel
D:8:      layout_gridville, erik_lair_island, uniq_maggie
D:9:      layout_basic, amcnicky_altar_gilded,
          mainiacjoe_overflow_catch_the_wave, serial_shops,
          nicolae_shop_crystal, interstate_on_off
D:10:     layout_basic, led_xom_imps, david_orc_4
D:11:     layout_cross
D:12:     layout_gridville
D:13:     minmay_s_stair_smasher, layout_basic, erik_vaults_2, serial_shops,
          shop_coins, uniq_nessos
D:14:     minmay_the_grid_square_5x5_3x3 [minmay_the_grid_square_5x5_plus,
          minmay_the_grid_square_5x5_corner, minmay_the_grid_square_5x5_bite,
          minmay_the_grid_square_5x5_slash,
          minmay_the_grid_square_5x5_megaprize_open,
          minmay_the_grid_square_5x5_one_wall, minmay_the_grid_square_5x5_comb,
          minmay_the_grid_square_5x5_percent,
          minmay_the_grid_square_5x5_two_walls_a], layout_grid_maze,
          lemuel_coloured_pillars_altar, trog_hazing_becter
D:15:     gammafunk_depths_entry_grave, layout_basic, uniq_louise
Temple:   hellmonk_temple_divided_pantheon
Lair:1:   beast_lair_carwin_large_2, layout_gridlike, grunt_megastairs_5
Lair:2:   layout_gridlike, minmay_swamp_entry_reptiles,
          chequers_serial_rivers_micro_d, serial_bayou_shore_b,
          lemuel_fruit_fields
Lair:3:   layout_cave_pods, minmay_snake_entry_guardpost_medium,
          enter_volcano_2, portal_ice_cave_entry_pillars_1,
          gauntlet_entry_generic, uniq_josephine, uniq_fannar
Lair:4:   layout_cave_pods, slime_entry_1, lemuel_fruit_fields,
          lemuel_fruit_fields
Lair:5:   cheibrodos_lair_end_hotspot, layout_regular_city, tgw_fedhas
Swamp:1:  layout_basic_swamp, nicolae_swamp_round_clearing
Swamp:2:  layout_basic_swamp, evilmike_swamp_ruin_house_5
Swamp:3:  layout_basic_swamp, evilmike_swamp_ruin_rubble_1
Swamp:4:  swamp_old_school, layout_basic_swamp
Snake:1:  layout_concentric_octagons, nicolae_snake_guarding_the_ruins
Snake:2:  layout_gridlike, nicolae_alphabet_shops, nicolae_take_the_stairs,
          serial_bayou_shore_b, minmay_shop_grove
Snake:3:  layout_cave_shapes, grunt_megastairs_1, serial_bayou_shore_a
Snake:4:  johnstein_snake_rune_scales, layout_cave_town
Orc:1:    layout_diamond_mine, serial_shops, nicolae_shop_overgrown_old_shop
Orc:2:    grunt_orc_community_town_hall, layout_diamond_mine,
          grunt_orc_community_big_house_1, grunt_orc_community_big_house_2,
          grunt_orc_community_house_2, grunt_orc_community_house_1,
          grunt_orc_community_house_2, grunt_orc_community_house_1,
          grunt_orc_community_house_2, minmay_orc_temple_b
Vaults:1: nicolae_vaults_stairing_the_circle, hangedman_vaults_nodes,
          st_octagons_2, v_misc_2, nicolae_vaults_little_squares_4, v_misc_1,
          v_misc_10, v_misc_16, ontoclasm_vaults_decontamination,
          ontoclasm_vaults_twist, v_misc_30, layout_vaults_big_room, uniq_zenata
Vaults:2: minmay_crypt_entry_necro_gods, hangedman_vaults_slice,
          hangedman_vaults_nails, vaults_dpeg_ring,
          nicolae_vaults_diagonal_hallway_7, hangedman_vaults_locks,
          v_pattern_1, ontoclasm_vaults_ligature,
          nicolae_vaults_windows_and_doors_thing, special_room_vaults
          [special_room_orc], grunt_vaults_hallway_short,
          nicolae_vaults_little_squares_2, hangedman_vaults_maws,
          vaults_dpeg_encased_lava, layout_vaults_omnibox, serial_glass,
          serial_shops, nicolae_shop_hallway_stairs
Vaults:3: vaults_room_stairs_pillars, grunt_vaults_swirl, vaults_mumra_hexcomb,
          hangedman_vaults_variations, hangedman_vaults_stagger,
          ontoclasm_vaults_spin, vaults_dpeg_emergency_exit,
          nicolae_vaults_rhombus_6, layout_vaults_quadrants, serial_shops,
          nicolae_shop_behind_doors
Vaults:4: infiniplex_enter_wizlab_glasses, v_misc_17, hangedman_vaults_snaps,
          hangedman_vaults_corner, v_misc_14, nicolae_vaults_little_squares_6,
          nicolae_vaults_big_ls, grunt_vaults_hallway_short, st_cross,
          nicolae_vaults_network_quinsquares
          [nicolae_vaults_network_quincunx_subvault,
          nicolae_vaults_network_quincunx_subvault,
          nicolae_vaults_network_quincunx_subvault,
          nicolae_vaults_network_quincunx_subvault], nicolae_vaults_network_s,
          vaults_standard_mumra_enter_the_diamond, vaults_room_hallway,
          layout_vaults_ring
Vaults:5: serial_shops
Crypt:1:  layout_regular_city, minivault_23, st_stairs_1, grunt_megastairs_4,
          grunt_crypt_arrival_webbed
Crypt:2:  layout_rooms, st_stairs_9
Crypt:3:  due_elkab, layout_chaotic_city, uniq_grunn
Tomb:1:   uniq_khufu
Tomb:2
Tomb:3
Depths:1: layout_basic, minmay_misc_feat_ornament, pf_hell_entry_tar_river,
          minmay_guarded_unrand_curses
Depths:2: kennysheep_spiral_hall, layout_gridlike, hell_entry, serial_curves,
          eino_curves_04, eino_curves_02, rand_demon_pan_entry_5, serial_shops,
          nicolae_shop_crystal, shop, nicolae_qazlal_scattered_showers,
          infiniplex_staircase_pool_1, firewood_loft, uniq_josephina
Depths:3: cheibrodos_witchhunters_guild, layout_cave_pools, serial_column_ruins,
          column_ruins_pillar_2, column_ruins_pillar_6, column_ruins_pillar_3,
          column_ruins_pillar_1, column_ruins_pillar_3, column_ruins_pillar_1,
          column_ruins_pillar_2, column_ruins_pillar_2, column_ruins_pillar_1,
          column_ruins_pillar_1, column_ruins_pillar_5, column_ruins_pillar_1,
          column_ruins_pillar_10, column_ruins_pillar_8,
          column_ruins_portal_squares, abyss_entry_glasseish,
          chequers_serial_rivers_room_b, rand_demon_pan_entry_8, hell_entry,
          uniq_saint_roka
Depths:4: hangedman_slaughterboxes, serial_shops, hell_entry
Zot:1:    kennysheep_room_grid, layout_gridlike, bh_zot_ikea_curve
Zot:2:    layout_cellular_growth, drop_trap, uniq_tiamat
Zot:3:    layout_twisted_circle
Zot:4:    layout_misc_corridors, skrybe_zot_glass_1, grunt_megastairs_2
Pan:      nicolae_pan_giant_door, layout_irregular_city,
          evilmike_mini_pan_doors_b, layout_stronghold,
          nicolae_pan_door_chamber, layout_grid_shapes, uniq_ignacio,
          nicolae_pan_door_chamber, layout_basic,
          evilmike_mini_pan_possible_glass, layout_chambers, special_room
          [special_room_demon_pit], pan_blood_fountain, mnoleg_st,
          layout_gridville, pan_blood_fountain_small, nicolae_pan_giant_door,
          layout_pan_divisions_a [pan_division_quadrant_a2,
          pan_division_quadrant_a6, pan_division_quadrant_a4,
          pan_division_quadrant_a1, pan_division_octagon_box], gloorx_vloq,
          layout_gridville, nicolae_pan_lom_lobonic_2, rand_demon_2,
          layout_basic, nicolae_pan_sigil_uleosi, lom_lobon_grunt_wind_tunnels,
          layout_gridlike, nicolae_pan_mnolegish_2

Skill      XL: |  1  2  3  4  5  6  7  8  9 10 11 12 13 14 15 16 17 18 19 20 21 22 23 24 25 26 27 |
---------------+----------------------------------------------------------------------------------+-----
Axes           | 2 3 4 5 7 8 9 10 11 12 14 16 17 18 | 18.0
Throwing       | 1 2 3 5 6 7 9 10 11 13 | 13.9
Dodging        | 1 2 3 4 5 6 7 8 11 13 | 13.0
Fighting       | 4 5 6 7 8 9 10 11 12 13 14 15 17 18 20 22 23 24 25 | 25.1
Invocations    | 4 7 10 15 27 | 27.0
Armour         | 4 6 7 8 9 10 11 12 14 15 19 21 22 23 27 | 27.0
Shields        | 4 5 6 7 8 10 14 17 18 19 20 21 22 | 22.4

Action                   |  1- 3 |  4- 6 |  7- 9 | 10-12 | 13-15 | 16-18 | 19-21 | 22-24 | 25-27 || total
-------------------------+-------+-------+-------+-------+-------+-------+-------+-------+-------++-------
Melee: War axe           |   119 |   154 |    28 |       |       |   501 |       |       |  1620 ||  2422
       Kick              |       |     4 |    35 |    97 |       |       |       |       |       ||   136
       Broad axe         |       |       |    99 |   444 |   883 |   840 |  1508 |  1406 |   507 ||  5687
       Unarmed           |       |       |    14 |       |       |       |       |       |       ||    14
       Flail             |       |       |       |       |    32 |       |       |       |       ||    32
       Morningstar       |       |       |       |       |       |    16 |       |       |       ||    16
Throw: Boomerang         |       |    15 |    15 |    77 |    24 |     9 |     5 |    28 |       ||   173
       Javelin           |       |       |       |     9 |   160 |   147 |   101 |    83 |   243 ||   743
Invok: Heroism           |       |       |     5 |    27 |    35 |    52 |    38 |    40 |    17 ||   214
       Finesse           |       |       |       |     4 |     7 |     6 |     9 |    14 |     3 ||    43
       Cleansing Flame   |       |       |       |       |       |       |       |       |   118 ||   118
       Summon Divine War |       |       |       |       |       |       |       |       |    29 ||    29
       Brand Weapon With |       |       |       |       |       |       |       |       |     1 ||     1
Evoke: Wand              |       |       |       |       |       |       |       |     1 |       ||     1
  Use: Scroll            |     3 |     9 |     7 |     4 |     6 |     8 |     3 |     1 |    11 ||    52
       Potion            |     1 |     3 |     1 |     2 |     1 |       |     2 |     2 |    36 ||    48
 Stab: Confused          |       |       |     1 |       |       |     1 |       |       |       ||     2
       Invisible         |       |       |       |     1 |     1 |       |       |       |       ||     2
       Distracted        |       |       |       |       |     6 |     4 |       |     1 |       ||    11
Armor: Scale mail        |    53 |    81 |    25 |       |       |       |       |       |       ||   159
       Chain mail        |       |       |    27 |       |       |       |       |       |       ||    27
       Skin              |       |       |     2 |       |       |       |       |       |       ||     2
       Plate armour      |       |       |    22 |   327 |       |       |       |       |       ||   349
       Pearl dragon scal |       |       |       |     4 |   344 |   498 |    89 |       |       ||   935
       Crystal plate arm |       |       |       |       |       |       |   280 |   376 |   865 ||  1521
Dodge: Dodged            |    45 |    57 |    61 |   158 |   382 |   412 |   294 |   319 |   619 ||  2347
Block: Buckler           |    17 |    19 |    25 |   101 |   169 |       |       |       |       ||   331
       Kite shield       |       |       |       |       |    36 |   157 |       |       |       ||   193
       Tower shield      |       |       |       |       |       |  1077 |  1405 |  1246 |  2304 ||  6032
       Reflection        |       |       |       |       |       |    74 |   108 |    22 |    95 ||   299

Table legend:
 A = Non-vault XP
 B = Vault XP
 C = Vault XP percentage of total XP
 D = Non-vault monster count
 E = Vault monster count
 F = Vault count percentage of total count
                 A         B        C        D         E       F
            +---------+---------+-------+---------+---------+-------
      Total |  910149 |  945385 |  50.9 |    1699 |    1219 |  41.8
            +---------+---------+-------+---------+---------+-------
        D:1 |      43 |       0 |   0.0 |      26 |       0 |   0.0
        D:2 |      40 |      44 |  52.4 |      14 |      11 |  44.0
        D:3 |      14 |      27 |  65.9 |       8 |       7 |  46.7
        D:4 |     346 |       0 |   0.0 |      20 |       0 |   0.0
        D:5 |     653 |     500 |  43.4 |       8 |       3 |  27.3
        D:6 |     265 |     166 |  38.5 |       9 |       1 |  10.0
        D:7 |     548 |     685 |  55.6 |      11 |       1 |   8.3
        D:8 |    2249 |    1098 |  32.8 |      20 |       8 |  28.6
        D:9 |    3415 |       0 |   0.0 |      34 |       0 |   0.0
       D:10 |    3537 |     897 |  20.2 |      18 |      17 |  48.6
       D:11 |    4105 |       0 |   0.0 |      31 |       0 |   0.0
       D:12 |    6781 |       0 |   0.0 |      20 |       0 |   0.0
       D:13 |    7338 |   15183 |  67.4 |      15 |      25 |  62.5
       D:14 |   10322 |    7984 |  43.6 |      23 |      23 |  50.0
       D:15 |   11979 |    6145 |  33.9 |      20 |       9 |  31.0
     Lair:1 |    1957 |    2479 |  55.9 |      11 |      11 |  50.0
     Lair:2 |   14524 |     803 |   5.2 |      43 |       4 |   8.5
     Lair:3 |   12032 |    3596 |  23.0 |      39 |      12 |  23.5
     Lair:4 |    9761 |       0 |   0.0 |      27 |       0 |   0.0
     Lair:5 |   21520 |    9087 |  29.7 |      67 |      29 |  30.2
    Swamp:1 |   13452 |       0 |   0.0 |      23 |       0 |   0.0
    Swamp:2 |    6573 |       0 |   0.0 |      15 |       0 |   0.0
    Swamp:3 |   12893 |       0 |   0.0 |      30 |       0 |   0.0
    Swamp:4 |   13530 |   17234 |  56.0 |      27 |      25 |  48.1
    Snake:1 |    9015 |    2867 |  24.1 |      20 |       8 |  28.6
    Snake:2 |   12231 |       0 |   0.0 |      24 |       0 |   0.0
    Snake:3 |   18648 |    4894 |  20.8 |      35 |       9 |  20.5
    Snake:4 |   26859 |   18154 |  40.3 |      54 |      32 |  37.2
      Orc:1 |    2057 |       0 |   0.0 |      30 |       0 |   0.0
      Orc:2 |    4495 |    5721 |  56.0 |      27 |      83 |  75.5
   Vaults:1 |   29185 |   33475 |  53.4 |      44 |      46 |  51.1
   Vaults:2 |    7612 |   17818 |  70.1 |      11 |      49 |  81.7
   Vaults:3 |   32615 |   18246 |  35.9 |      49 |      22 |  31.0
   Vaults:4 |   20511 |   59052 |  74.2 |      38 |      74 |  66.1
   Vaults:5 |   25900 |  102286 |  79.8 |      32 |      71 |  68.9
    Crypt:1 |   30391 |    8440 |  21.7 |      46 |      11 |  19.3
    Crypt:2 |   28989 |    4577 |  13.6 |      38 |       4 |   9.5
    Crypt:3 |   27602 |   31980 |  53.7 |      34 |      61 |  64.2
     Tomb:1 |    4719 |  107097 |  95.8 |      12 |      70 |  85.4
     Tomb:2 |    9802 |   35340 |  78.3 |      23 |      68 |  74.7
     Tomb:3 |   20551 |   56514 |  73.3 |      38 |      52 |  57.8
   Depths:1 |   22918 |    4884 |  17.6 |      25 |      11 |  30.6
   Depths:2 |   26420 |    4858 |  15.5 |      32 |       7 |  17.9
   Depths:3 |   17441 |   29986 |  63.2 |      23 |      51 |  68.9
   Depths:4 |       0 |  114497 | 100.0 |       0 |      92 | 100.0
      Zot:1 |   33159 |   31824 |  49.0 |      32 |      22 |  40.7
      Zot:2 |   35231 |    9739 |  21.7 |      25 |       5 |  16.7
      Zot:3 |   39972 |       0 |   0.0 |      28 |       0 |   0.0
      Zot:4 |   32677 |   10644 |  24.6 |      29 |       9 |  23.7
    Abyss:2 |    1672 |       0 |   0.0 |       7 |       0 |   0.0
    Abyss:3 |   13423 |     200 |   1.5 |      41 |       1 |   2.4
        Pan |  218177 |  162300 |  42.7 |     343 |     165 |  32.5
   Gauntlet |       0 |    4064 | 100.0 |       0 |      10 | 100.0
            +---------+---------+-------+---------+---------+-------
